 Dungeon Crawl Stone Soup version 0.17.1-2-g5865329 (webtiles) character file.

1694999 Musteatbrain the End of an Era (level 27, -1/249 HPs)
             Began as a Demonspawn Fighter on Jan 12, 2016.
             Was the Champion of Qazlal.
             Slain by a reaper
             ... wielding a +5 scythe of flaming
             ... summoned by a shadow demon
              (21 damage)
             ... on level 27 of a ziggurat on Jan 14, 2016.
             The game lasted 16:31:22 (165146 turns).

Musteatbrain the End of an Era (DsFi)             Turns: 165146, Time: 16:31:22

Health: -1/249     AC: 65    Str: 33    XL:     27
Magic:  68/68      EV: 41    Int: 14    God:    Qazlal [******]
Gold:   15683      SH:  8    Dex: 28    Spells: 9 memorised, 44 levels left

rFire  + . .     SeeInvis .     p - +5 battleaxe "Soliruin" {pain, rC+ Str+7}
rCold  + + +     Clarity  .     N - +15 crystal plate armour of the Eternal Fruit {rN+++ MR+ rCorr Str-2}
rNeg   + + +     SustAt   +     (shield currently unavailable)
rPois  +         Gourm    .     (helmet unavailable)
rElec  +         Spirit   .     a - +2 cloak of Starlight {rElec rC+ EV+4 Stlth--}
rCorr  +         Warding  .     Q - +2 pair of gloves "Ubbora Qoej" {+Blink MP+9 Dex+3 Slay+2}
rMut   .         Stasis   .     f - +2 pair of boots {Fly}
MR     +++..                    t - amulet of faith
Stlth  +.........               w - ring "Tus Jaec" {SustAt rElec Str+4 Stlth+}
                                c - ring "Niaconam" {+Inv Str+4 Slay+2}

@: agile, lethally poisoned (-1 -> -1), resistant, flayed, protected from
physical damage, flying, very slightly contaminated, silenced, repel missiles,
extremely resistant to hostile enchantments, very unstealthy
A: claws 1, horns 3, thin metallic scales 3, high mp 1, mutation resistance 1,
negative energy resistance 1, poison resistance, powered by death 3,
regeneration 1, spiny 3, 50% torment resistance, strong 1, black mark
a: Renounce Religion, Evoke Blink, Evoke Invisibility, Stop Flying
}: 10/15 runes: decaying, serpentine, slimy, silver, abyssal, demonic, glowing,
magical, fiery, dark


You were on level 27 of a ziggurat.
You worshipped Qazlal.
Qazlal was exalted by your worship.
You were not hungry.

You visited 10 branches of the dungeon, and saw 57 of its levels.
You visited Pandemonium 10 times, and saw 70 of its levels.
You visited the Abyss 7 times.
You visited 1 bazaar.
You visited 5 ziggurats (completing 4), and saw 135 of their levels.
You also visited: Labyrinth, Volcano and Wizlab.

You collected 23593 gold pieces.
You spent 7910 gold pieces at shops.

Inventory:

Hand Weapons
 p - the +5 battleaxe "Soliruin" (weapon) {pain, rC+ Str+7}
   (You bought it in a shop on level 8 of the Dungeon)

   In the hands of one skilled in necromantic magic, it inflicts extra damage on
   living creatures.
   It affects your strength (+7).
   It protects you from cold.
 B - the +12 Sword of Power
   (You found it on level 25 of a ziggurat)
 C - the +7 Sceptre of Torment
   (You found it on level 14 of a ziggurat)
 O - the +10 dark maul {crush}
   (You found it on level 25 of a ziggurat)

   It inflicts extra damage upon your enemies.
 P - the +6 broad axe "Joeraj" {freeze, rPois rC++ Str+2}
   (You found it on level 19 of a ziggurat)

   It has been specially enchanted to freeze those struck by it, causing extra
   injury to most foes and up to half again as much damage against particularly
   susceptible opponents.
   It can also slow down cold-blooded creatures.
   It affects your strength (+2).
   It greatly protects you from cold.
   It protects you from poison.
Armour
 a - the +2 cloak of Starlight (worn) {rElec rC+ EV+4 Stlth--}
   (You found it on level 27 of a ziggurat)

   It affects your evasion (+4).
   It protects you from cold.
   It insulates you from electricity.
   It makes you much less stealthy.
 f - a +2 pair of boots of flying (worn)
 u - the +18 shield of the gong {rElec rN+ MR+ EV-5}
   (You found it on level 24 of a ziggurat)

   It affects your evasion (-5).
   It insulates you from electricity.
   It protects you from negative energy.
   It affects your resistance to hostile enchantments.
 N - the +15 crystal plate armour of the Eternal Fruit (worn) {rN+++ MR+ rCorr Str-2}
   (You found it on level 26 of a ziggurat)

   It affects your strength (-2).
   It renders you almost immune to negative energy.
   It affects your resistance to hostile enchantments.
   It protects you from acid and corrosion.
 Q - the +2 pair of gloves "Ubbora Qoej" (worn) {+Blink MP+9 Dex+3 Slay+2}
   (You found it on level 22 of a ziggurat)

   It affects your dexterity (+3).
   It affects your accuracy and damage with ranged weapons and melee attacks
   (+2).
   It affects your magic capacity (+9).
   It lets you blink.
Rods
 g - a +4 rod of clouds (4/13)
   (You found it on level 25 of a ziggurat)
 h - a +8 rod of the swarm (9/9)
   (You found it on level 22 of a ziggurat)
 i - a +4 rod of clouds (10/10)
   (You found it on level 24 of a ziggurat)
 X - a +7 lightning rod (6/14)
   (You found it on level 18 of a ziggurat)
Jewellery
 c - the ring "Niaconam" (left hand) {+Inv Str+4 Slay+2}
   (You bought it in a shop on level 4 of the Orcish Mines)

   [ring of invisibility]

   It affects your strength (+4).
   It affects your accuracy and damage with ranged weapons and melee attacks
   (+2).
   It lets you turn invisible.
 d - the brooch of Shielding {Ward rN+ AC+4 EV+4}
   (You found it on level 19 of a ziggurat)

   [amulet of warding]

   It may prevent the melee attacks of summoned creatures.
   It affects your AC (+4).
   It affects your evasion (+4).
   It protects you from negative energy.
 t - an amulet of faith (around neck)
 w - the ring "Tus Jaec" (right hand) {SustAt rElec Str+4 Stlth+}
   (You found it on level 6 of the Pits of Slime)

   [ring of sustain attributes]

   It sustains your strength, intelligence and dexterity.
   It affects your strength (+4).
   It insulates you from electricity.
   It makes you more stealthy.
 x - the ring "Looxt" {+Fly rElec rF++ Str+3 Dex-2}
   (You found it on level 15 of a ziggurat)

   [ring of flight]

   It affects your strength (+3).
   It affects your dexterity (-2).
   It greatly protects you from fire.
   It insulates you from electricity.
   It lets you fly.
 E - the ring "Makil" {*Drain rF+++ Str+4 Int-5 Dex+4}
   (You found it on level 20 of a ziggurat)

   [ring of strength]

   It affects your strength (+4).
   It affects your intelligence (-5).
   It affects your dexterity (+4).
   It renders you almost immune to fire.
   It causes draining when unequipped.
Wands
 o - a wand of heal wounds (0)
 y - a wand of heal wounds (0)
 I - a wand of hasting (2)
 K - a wand of heal wounds (0)
 S - a wand of heal wounds (0)
Scrolls
 j - 111 scrolls of teleportation
 q - 14 scrolls of blinking
 s - 69 scrolls of fog
 z - 16 scrolls of fear
 G - 20 scrolls of recharging
 T - 2 scrolls of identify
 W - 87 scrolls of remove curse
 Y - 32 scrolls of silence
Potions
 m - 51 potions of curing
 n - 11 potions of resistance
 v - a potion of cancellation
 A - 15 potions of might
 F - 9 potions of brilliance
 H - 5 potions of experience
 J - 10 potions of berserk rage
 R - 11 potions of agility
 V - 59 potions of cure mutation
Miscellaneous
 L - a stone of tremors
Comestibles
 b - a slice of pizza
 e - 67 bread rations
 k - 53 meat rations
 l - a beef jerky
 r - 92 royal jellies


   Skills:
 O Level 27 Fighting
   Level 14.3(22.2) Short Blades
 O Level 27 Long Blades
 O Level 27 Axes
 O Level 27 Maces & Flails
   Level 21.3(27) Polearms
 O Level 27 Staves
   Level 18.0 Bows
 O Level 27 Crossbows
 O Level 27 Throwing
 O Level 27 Armour
 O Level 27 Dodging
 O Level 27 Stealth
 O Level 27 Shields
 O Level 27 Unarmed Combat
 O Level 27 Spellcasting
 O Level 27 Conjurations
   Level 21.5 Hexes
 O Level 27 Charms
 O Level 27 Summonings
 O Level 27 Necromancy
 O Level 27 Translocations
 O Level 27 Transmutations
 O Level 27 Fire Magic
 O Level 27 Ice Magic
 O Level 27 Air Magic
 O Level 27 Earth Magic
   Level 19.5 Poison Magic
 O Level 27 Invocations
 O Level 27 Evocations


You had 44 spell levels left.
You knew the following spells:

 Your Spells              Type           Power        Failure   Level  Hunger
a - Swiftness             Chrm/Air       #######.     0%          2    None
b - Song of Slaying       Chrm           #######.     0%          2    None
c - Freeze                Ice            ####         0%          1    None
d - Blink                 Tloc           N/A          0%          2    None
e - Necromutation         Trmt/Necr      #######...   3%          8    #######
f - Lightning Bolt        Conj/Air       #######...   0%          5    ##.....
g - Bolt of Magma         Conj/Fire/Erth #######...   0%          5    ##.....
h - Aura of Abjuration    Summ           #######...   0%          5    ##.....
j - Iron Shot             Conj/Erth      #######...   1%          6    ####...


Dungeon Overview and Level Annotations

Branches:
Dungeon (15/15)            Temple (0/1) D:7            Lair (8/8) D:10
  Swamp (4/4) Lair:6        Snake (4/4) Lair:4        Slime (6/6) Lair:6
    Orc (4/4) D:12            Elf (3/3) Orc:3        Vaults (5/5) D:13
  Crypt (0/3) Vaults:2     Depths (5/5) D:15            Zot (3/5) Depths:5

Altars:
Ashenzari
Cheibriados
Dithmenos
Elyvilon
Kikubaaqudgha
Nemelex Xobeh
Okawaru
Qazlal
Sif Muna
Trog
Vehumet
Yredelemnul
Beogh

Shops:
D:8 (   D:11 %(%!   D:12 *   Orc:4 =![   Vaults:2 !%?*(   Vaults:3 !
Vaults:4 (   Depths:5 (

Portals:
Hell: Depths:1 Depths:2 Depths:3 Depths:4 Depths:5
Abyss: Depths:3 Depths:4
Pandemonium: Depths:3
Ziggurat: Depths:4


Innate Abilities, Weirdness & Mutations

You have a pair of large horns on your head.
You are completely covered in thin metallic scales (AC +4, rElec).
You resist negative energy.
You regenerate a lot of health from kills.
You are completely covered in sharp spines.
You are somewhat able to resist unholy torments (1 in 2 success).
Your melee attacks may debilitate your foes.
You have sharp fingernails.
You have an increased reservoir of magic (+10% MP).
You are somewhat resistant to further mutation.
Your system is resistant to poisons.
Your natural rate of healing is unusually fast.
Your muscles are strong. (Str +2)


Message History

The bolt of negative energy hits the flying skull.
The flying skull completely resists.
The bolt of negative energy is repelled.
The bolt of negative energy hits the skeletal warrior.
The skeletal warrior completely resists.
The flayed ghost moans in silent anguish.
The wandering mushroom completely misses you.
You continue eating.
The wandering mushroom disappears in a puff of smoke!
The flying skull is engulfed in roaring flames.
The curse toe calls on the powers of darkness!
Your body is wracked with pain!
* * * LOW HITPOINT WARNING * * *
The skeletal warrior is engulfed in freezing vapours.
The skeletal warrior completely misses you.
The reaper is engulfed in roaring flames.
The reaper completely misses you. The reaper closely misses you.
The reaper closely misses you.
The reaper hits you from afar with a scythe of flaming!!
You die...

▓.................
▓............2....
▓........25WWZZ...
▓.§.§§.ZW442n2WZ..
▓▓.§§.§ZZz5Z14WnZZ.
▓..∩§§nzW222Wzz3ZZ.
▓▓.§§§§22Zzf12.nzW.
▓.§§)§241zZ22§§4V.
▓...3§§fZ@z§2§§2nZ
▓...42n2zfW2Z.§z4.
▓....Zz2z2nWz§§2z5
▓▓...ZZz22WW.z§3zZ


▓...2ZZZzn.zZnZWZ ▓▓....42224Vnz5V. ▓▓....4zn42Z4Zn. ▓▓....3.##4Z2. ▓▓.....#
.... You could see 2 curse toes, 3 Shadow Fiends, 13 reapers, 9 skeletal
warriors, a flayed ghost, 9 shadow demons, 2 orange demons, a deathcap, 2
phantasmal warriors, a hellwing, 2 wandering mushrooms, 4 rust devils, 3
freezing wraiths, a silent spectre, 3 smoke demons, 3 hellions, 4 tormentors, 6
blue devils, a hungry ghost, a chaos spawn, 3 vampires, 3 wraiths, 12
necrophages, 2 shadows, 10 flying skulls, 3 shadow imps, a fire dragon zombie,
an iron dragon zombie, an emperor scorpion zombie, a sphinx zombie, an elf
zombie, an elf zombie, a tengu zombie, 4 juggernaut zombies, a black mamba
skeleton, a fire dragon skeleton, 2 storm dragon skeletons, a quicksilver dragon
skeleton, 2 golden dragon skeletons, a harpy skeleton, a sphinx skeleton, an elf
skeleton, an elf skeleton, 2 elf skeletons and 2 tengu skeletons.

Vanquished Creatures
  Cerebov (Pan)
  the royal jelly (Slime:6)
  Gloorx Vloq (Pan)
  A seraph (Pan)
  Mnoleg (Pan)
  Lom Lobon (Pan)
  An orb of fire (Zig:4)
  100 ancient liches
  Mennas (Vaults:3)
  73 juggernauts
  128 greater mummies
  Sojobo (Depths:5)
  Boris (Vaults:5)
  49 shard shrikes
  Frederick (Depths:3)
  104 pandemonium lords
  Margery (Vaults:3)
  Saint Roka (Elf:3)
  44 Killer Klowns
  The ghost of Mysteryquy the Hoplite, a veteran GrFi of the Shining One (Depths:3)
  A caustic shrike (shapeshifter) (Zig:8)
  12 curse toes
  26 caustic shrikes
  Nikola (Depths:3)
  2 golden dragons (shapeshifter)
  19 profane servitors
  69 golden dragons
  Jory (Vaults:5)
  109 bone dragons
  2 pearl dragons (Pan)
  14 hellephants
  Jorgrun (Vaults:5)
  8 electric golems
  72 Brimstone Fiends
  Rupert (Lair:7)
  86 liches
  112 Ice Fiends
  130 tentacled monstrosities
  129 Hell Sentinels
  Asterion (Elf:3)
  45 quicksilver dragons
  37 deep elf blademasters
  36 deep elf master archers
  89 Shadow Fiends
  117 titans
  15 sphinxes
  4 quicksilver dragons (shapeshifter)
  123 Executioners
  100 acid blobs
  An acid blob (shapeshifter) (Zig:26)
  6 death cobs
  Gastronok (Lair:1)
  78 octopode crushers
  4 sphinxes (shapeshifter)
  154 tentacled starspawn
  77 ancient champions
  41 thorn hunters
  7 eldritch tentacles
  91 warmongers
  50 tengu reavers
  2 shadow dragons (shapeshifter)
  Kirke (Swamp:3)
  35 shadow dragons
  412 greater nagas
  84 revenants
  57 storm dragons
  Roxanne (Swamp:3)
  77 azure jellies
  5 fire giants (shapeshifter)
  Wiglaf (Depths:1)
  108 draconian monks
  128 corrupters
  86 fire giants
  44 daevas
  Maud (Orc:4)
  139 draconian knights
  95 draconian scorchers
  145 orc warlords
  40 deep elf sorcerers
  247 ghost moths
  37 iron dragons
  61 emperor scorpions
  7 azure jellies (shapeshifter)
  108 frost giants
  100 cacodemons
  130 balrugs
  2 emperor scorpions (shapeshifter)
  60 curse skulls
  111 draconian zealots
  36 caustic shrike zombies
  49 vault wardens
  29 juggernaut zombies
  50 angels
  107 draconian shifters
  3 spriggan defenders (Depths:4)
  20 ghouls
  124 draconian annihilators
  30 caustic shrike skeletons
  47 war gargoyles
  2 orange crystal statues
  229 reapers
  59 ironheart preservers
  103 blood saints
  A stone giant (shapeshifter) (Zig:26)
  24 juggernaut skeletons
  257 stone giants
  25 ophanim
  101 draconian callers
  39 apis (Pan)
  92 very ugly things
  54 green draconians
  Nessos (Lair:5)
  71 yellow draconians
  63 bennus
  15 dire elephants
  117 lorocyprocas
  69 black draconians
  79 deep elf annihilators
  51 red draconians
  66 vampire knights
  44 deep elf demonologists
  21 salamander stormcallers
  63 mottled draconians
  5 dire elephants (shapeshifter)
  81 white draconians
  84 eidola
  52 purple draconians
  The ghost of grizfap the Blocker, a journeyman MiFi of Trog (Orc:4)
  99 chaos champions
  23 death oozes
  161 green deaths
  50 deep elf death magi
  229 blizzard demons
  Snorg (Lair:7)
  80 black suns
  45 merfolk javelineers
  23 crystal guardians
  25 fire dragons
  36 deep elf high priests
  12 quicksilver dragon zombies
  3 minotaurs (shapeshifter)
  117 mummy priests
  10 jiangshi
  45 vault guards
  A minotaur (Lab)
  56 yaktaur captains
  12 merfolk impalers
  82 ettins
  A fire dragon (shapeshifter) (Zig:26)
  191 hydras
  35 ogre magi
  51 great orbs of eyes
  13 quicksilver dragon skeletons
  77 entropy weavers
  2 entropy weavers (shapeshifter)
  A hydra (shapeshifter) (Abyss:3)
  2 juggernaut simulacra (Zig:20)
  97 naga warriors
  79 anacondas
  67 ice dragons
  49 hell beasts
  42 rakshasas
  5 anacondas (shapeshifter)
  3 caustic shrike simulacra
  19 catoblepae
  Erica (D:11)
  60 monstrous demonspawn
  3 merfolk avatars
  35 death knights
  9 centaur warriors
  90 alligators
  A ghost crab (shapeshifter) (Zig:20)
  33 ghost crabs
  33 spriggan air magi
  6 satyrs
  28 dancing weapons
  6 alligator snapping turtles (shapeshifter)
  A satyr (shapeshifter) (Zig:15)
  25 alligator snapping turtles
  An alligator (shapeshifter) (Zig:8)
  136 shock serpents
  13 deep troll earth magi
  43 merfolk aquamancers
  152 orc high priests
  24 death yaks
  5 tengu warriors
  17 deep troll shamans
  30 hell hogs
  41 vampire magi
  133 thrashing horrors
  4 spriggan berserkers
  6 holy swine (Pan)
  4 shock serpents (shapeshifter)
  240 sun demons
  34 titan zombies
  96 naga sharpshooters
  39 iron golems
  36 storm dragon zombies
  33 titan skeletons
  17 hell knights
  126 wretched stars
  59 shadow wraiths
  3 iron trolls (shapeshifter)
  202 soul eaters
  40 death scarabs
  34 salamander mystics
  A sea snake (shapeshifter) (Zig:15)
  248 ice devils
  3 fire crabs (shapeshifter)
  70 infernal demonspawn
  21 storm dragon skeletons
  3 fire crabs
  83 flayed ghosts
  2 deep trolls (shapeshifter)
  50 deep trolls
  A giant orange brain (shapeshifter) (Zig:20)
  85 skeletal warriors
  22 cherubim
  63 iron trolls
  8 ball lightnings (Pan)
  94 deep elf knights
  50 spatial maelstroms
  43 spriggan druids
  26 death drakes
  80 naga ritualists
  4 unseen horrors (shapeshifter)
  148 shadow demons
  A death drake (shapeshifter) (Zig:8)
  43 giant orange brains
  An anaconda zombie (Abyss:3)
  46 golden dragon zombies
  44 hill giants
  19 sea snakes
  36 orc knights
  64 torturous demonspawn
  56 shambling mangroves
  64 deep elf summoners
  62 gelid demonspawn
  62 anubis guards
  2 obsidian statues
  82 phantasmal warriors
  28 unseen horrors
  31 golden dragon skeletons
  142 swamp dragons
  Pikel (D:7)
  68 putrid demonspawn
  20 shadow dragon zombies
  35 tengu zombies
  30 harpies
  2 harpies (shapeshifter)
  A shining eye (shapeshifter) (Zig:8)
  45 ironbrand convokers
  72 mana vipers
  219 wolf spiders
  2 wolf spider zombies
  24 sphinx zombies
  A swamp dragon (shapeshifter) (Zig:25)
  11 fire giant zombies
  111 orc sorcerers
  31 iron dragon zombies
  2 salamanders (shapeshifter)
  41 necromancers
  2 stone giant zombies
  213 orb spiders
  2 anubis guards (shapeshifter)
  27 tengu skeletons
  5 frost giant zombies
  44 shining eyes
  24 sphinx skeletons
  15 manticores
  72 cyclopes
  20 griffons
  34 wizards
  21 shadow dragon skeletons
  An octopode (shapeshifter) (Zig:20)
  11 oklob plants
  120 deep elf conjurers
  41 salamanders
  3 fauns (Zig:23)
  143 guardian serpents
  49 worldbinders
  A moth of wrath (shapeshifter) (Zig:20)
  2 wolf spiders (shapeshifter)
  620 starcursed masses
  2 black mambas (shapeshifter)
  11 water nymphs
  3 cyclopes (shapeshifter)
  A mana viper (shapeshifter) (Zig:15)
  A hornet (shapeshifter) (Zig:6)
  7 human skeletons
  6 stone giant skeletons
  139 sixfirhies
  2 toenail golems
  9 elephants
  20 iron dragon skeletons
  79 ugly things
  69 rust devils
  270 black mambas
  2 water nymphs (shapeshifter)
  A manticore (shapeshifter) (Zig:26)
  133 moths of wrath
  37 vault sentinels
  29 gargoyles
  11 frost giant skeletons
  196 naga magi
  Joseph (Lair:1)
  A molten gargoyle (Volcano)
  10 fire giant skeletons
  A spiny frog (shapeshifter) (Vaults:5)
  3 torpor snails (shapeshifter)
  30 spriggan zombies
  59 apocalypse crabs
  2 kobold demonologists
  202 hornets
  11 sirens
  2 titan simulacra
  2 yaktaurs (shapeshifter)
  The ghost of Gargoyl the Skirmisher, a novice DsAK of Lugonu (D:6)
  2 guardian serpents (shapeshifter)
  373 smoke demons
  66 elf skeletons
  The ghost of Musteatbrain the Skirmisher, a novice DsFi (D:5)
  41 torpor snails
  4 spectral swamp worms (Depths:3)
  114 spiny frogs
  633 large abominations
  A yaktaur zombie (Zig:1)
  20 eyes of devastation
  8 storm dragon simulacra
  171 orange demons
  123 hellwings
  23 komodo dragons
  280 demonic crawlers
  185 tormentors
  A redback zombie (D:15)
  106 yaktaurs
  A catoblepas skeleton (Abyss:1)
  4 fire drakes (shapeshifter)
  2 trolls (shapeshifter)
  5 golden dragon simulacra
  148 hellions
  44 efreet
  A merfolk (shapeshifter) (Zig:13)
  An entropy weaver zombie (Zig:2)
  A polar bear (shapeshifter) (Zig:8)
  A jumping spider (shapeshifter) (Zig:26)
  175 guardian mummies
  16 silent spectres
  166 ancient zymes
  180 jumping spiders
  45 deep elf priests
  16 tengu conjurers
  5 tengu simulacra
  24 fire drakes
  34 two-headed ogres
  2 queen bees (shapeshifter)
  223 raiju
  3 yaktaur skeletons
  125 freezing wraiths
  47 trolls
  5 shadow dragon simulacra
  142 red devils
  10 polar bears
  88 blue devils
  66 giant leeches
  A harpy zombie (Abyss:3)
  50 merfolk
  6 wind drakes
  Grinder (D:4)
  A two-headed ogre (shapeshifter) (Vaults:4)
  68 blink frogs
  289 slime creatures
  Prince Ribbit (Lair:1)
  A wind drake (shapeshifter) (Zig:19)
  A raiju (shapeshifter) (Zig:3)
  A slime creature (shapeshifter) (D:15)
  2 boulder beetles (shapeshifter)
  13 snapping turtles
  3 sphinx simulacra (Zig:7)
  2 blink frogs (shapeshifter)
  3 iron dragon simulacra (Zig:20)
  2 fire giant simulacra
  80 ushabtiu
  4 hydra skeletons
  83 bog bodies
  A deep troll zombie (Zig:1)
  66 boulder beetles
  2 ettin zombies
  A redback (shapeshifter) (Zig:26)
  An ice dragon zombie (Zig:1)
  261 ynoxinuls
  254 small abominations
  75 shadows
  2 yaks (shapeshifter)
  179 flying skulls
  37 vampires
  28 spriggan skeletons
  162 tarantellas
  2 ice dragon skeletons
  22 water elementals
  171 redbacks
  27 air elementals
  21 humans
  2 basilisks (shapeshifter) (Zig:13)
  7 ettin skeletons
  48 golden eyes
  176 trapdoor spiders
  2 humans (shapeshifter)
  2 black mamba zombies
  8 basilisks
  5 fire elementals
  3 hippogriffs (shapeshifter)
  12 wyverns
  16 steam dragons (Zig:10)
  28 hippogriffs
  5 hogs (Swamp:3)
  27 spriggans
  112 deep elf fighters
  213 chaos spawn
  116 deep elf magi
  9 fire bats
  87 vampire mosquitoes
  2 yaktaur simulacra
  35 yaks
  3 hogs (shapeshifter)
  A black mamba skeleton (Abyss:1)
  19 hungry ghosts
  67 wraiths
  318 neqoxecs
  13 spatial vortices
  37 wargs
  A swamp worm (shapeshifter) (Zig:20)
  A harpy simulacrum (Abyss:3)
  23 wolves
  29 swamp worms
  12 mottled dragons
  131 nagas
  3 soldier ants
  An entropy weaver simulacrum (Vaults:3)
  5 human zombies
  42 hell hounds
  76 insubstantial wisps
  A wolf (shapeshifter) (Zig:25)
  A porcupine (shapeshifter) (Zig:25)
  A torturous demonspawn skeleton (Pan)
  16 porcupines
  3 swamp drakes (shapeshifter)
  73 spiders
  3 wargs (shapeshifter)
  2 nagas (shapeshifter)
  4 spriggan simulacra
  7 sky beasts
  2 slaves (D:7)
  2 soldier ants (shapeshifter)
  Purgy (D:4)
  73 swamp drakes
  A black bear (shapeshifter) (Zig:15)
  A spiny frog skeleton (Abyss:1)
  14 black bears
  86 elf zombies
  A tengu (shapeshifter) (Zig:16)
  64 necrophages
  2 ice beasts (shapeshifter)
  50 ice beasts
  A snapping turtle zombie (Abyss:1)
  138 wasps
  83 eyes of draining
  131 orc warriors
  5 phantoms
  49 water moccasins
  A fire dragon simulacrum (Abyss:1)
  A boggart (shapeshifter) (Zig:21)
  A centaur (shapeshifter) (Zig:17)
  12 boggarts (Depths:1)
  22 centaurs
  3 ettin simulacra
  2 snapping turtle skeletons
  A swamp dragon skeleton (Pan)
  5 brain worms
  36 crocodiles
  9 elf simulacra
  100 ogres
  Blork the orc (D:4)
  A gnoll sergeant (Zig:24)
  20 giant frogs
  3 big kobolds
  34 earth elementals
  8 glowing shapeshifter simulacra
  A water moccasin skeleton (D:4)
  A boulder beetle zombie (Vaults:2)
  A scorpion (shapeshifter) (Vaults:2)
  2 scorpions
  3 electric eels
  10 killer bees
  3 human simulacra
  25 wights
  4 centaur zombies
  12 crimson imps
  2 giant frog zombies
  34 orc priests
  A lava snake (Volcano)
  21 quasits
  6 centaur skeletons
  A gnoll shaman (D:8)
  19 hounds
  Crazy Yiuf (D:5)
  A wyvern simulacrum (D:15)
  2 giant frog skeletons
  51 iron imps
  215 jellies
  10 iguanas
  34 orc wizards
  A lightning spire (Zig:27)
  50 sheep
  14 worker ants
  A giant frog simulacrum (D:12)
  A boulder beetle simulacrum (Vaults:2)
  A hound zombie (D:7)
  379 mummies
  2 worker ant zombies
  7 gnolls
  An adder (shapeshifter) (Zig:26)
  16 adders
  74 river rats
  37 shadow imps
  71 white imps
  A giant eyeball (Pan)
  19 ufetubi
  2 worms
  A giant gecko (shapeshifter) (Zig:26)
  5 giant geckos
  693 orcs
  9 bats
  3 goblins
  3 hobgoblins
  12 jackals
  A kobold (shapeshifter) (Zot:3)
  3 quokkas
  4 ball pythons
  11 giant cockroaches
  2 giant gecko skeletons (D:4)
  A giant gecko zombie (D:5)
  6 giant newts
  16 kobolds
  6 rats
  2 blocks of ice (Pan)
  131 briar patches
  5 bushes
  2 butterflies (Lair:8)
  76 crawling corpses
  An eldritch tentacle segment (Zig:11)
  56 fire vortices
  A fulminant prism (Pan)
  68 fungi
  6 lurking horrors
  80 plants
  A spectral weapon (Elf:3)
  174 starspawn tentacles
  11 starspawn tentacle segments
27197 creatures vanquished.

Vanquished Creatures (collateral kills)
  A juggernaut (Zig:19)
  A greater mummy (Zig:25)
  An iron dragon zombie (Zig:25)
  2 ushabtiu (Zig:25)
  A bog body (Zig:22)
  A naga (Zig:22)
  A wasp (Zig:22)
  A mummy (Zig:25)
9 creatures vanquished.

Vanquished Creatures (others)
  3 pandemonium lords
  3 ancient liches
  A juggernaut (Depths:3)
  A greater mummy (Zig:25)
  A bone dragon (Zig:22)
  4 tentacled monstrosities
  A hellephant (Zig:27)
  A quicksilver dragon (Zig:22)
  4 titans
  An Executioner (Zig:23)
  A tentacled starspawn (Zig:22)
  3 eldritch tentacles
  7 octopode crushers
  A shadow dragon (Zig:20)
  2 revenants (Zig:24)
  An azure jelly (shapeshifter) (Zig:8)
  A blood saint (Zig:11)
  2 draconian monks (Zig:19)
  A deep elf sorcerer (Zig:17)
  12 greater nagas
  10 ghost moths
  3 fire giants
  8 draconian knights
  A cacodemon (Pan)
  3 orc warlords
  2 balrugs
  5 draconian scorchers
  3 draconian zealots
  7 emperor scorpions
  A warmonger (Zig:27)
  2 reapers
  2 juggernaut zombies
  A vault warden (Zig:15)
  A draconian shifter (Zig:24)
  A war gargoyle (Zig:27)
  2 draconian annihilators
  5 ironheart preservers
  2 stone giants
  A draconian caller (Zig:24)
  2 lorocyprocas
  5 bennus
  A vampire knight (Zig:26)
  4 mottled draconians
  2 black draconians
  A white draconian (Zig:19)
  A red draconian (Zig:13)
  2 deep elf annihilators (Zig:11)
  8 merfolk javelineers (Zig:22)
  A crystal guardian (Zig:27)
  A green death (Zig:7)
  2 deep elf death magi
  A fire dragon (Zig:10)
  3 blizzard demons
  A quicksilver dragon zombie (Zig:17)
  3 ettins
  A yaktaur captain (Zig:20)
  3 ghost crabs
  A naga warrior (Zig:22)
  An entropy weaver (Zig:19)
  14 hydras
  A juggernaut simulacrum (Zig:20)
  A hell beast (Zig:23)
  A great orb of eyes (Zig:25)
  An ice dragon (Depths:5)
  A monstrous demonspawn (Pan)
  An ogre mage (Zig:20)
  A spriggan air mage (Zig:17)
  2 alligator snapping turtles (Zig:22)
  4 merfolk aquamancers (Zig:22)
  A thrashing horror (Zig:25)
  A titan zombie (Zig:18)
  A hell hog (Zig:18)
  5 shock serpents
  2 sun demons
  3 naga sharpshooters
  2 soul eaters
  2 wretched stars
  A titan skeleton (Zig:18)
  A shadow wraith (Zig:20)
  An ice devil (Pan)
  A sea snake (Zig:22)
  A spatial maelstrom (Zig:25)
  6 spriggan druids
  3 death drakes
  9 ball lightnings (Pan)
  2 golden dragon zombies
  A giant orange brain (Zig:26)
  A flayed ghost (Zig:15)
  2 shadow demons
  2 swamp dragons
  A skeletal warrior (Zig:27)
  2 ironbrand convokers (Zig:20)
  A deep troll (Depths:5)
  A shambling mangrove (Zig:25)
  An orc knight (Zig:20)
  A golden dragon skeleton (Zig:9)
  A phantasmal warrior (Zig:24)
  2 necromancers (Zig:11)
  16 orb spiders
  3 ugly things
  A shadow dragon zombie (Zig:17)
  2 anubis guards (Zig:16)
  3 wizards
  2 shadow dragon skeletons
  2 cyclopes
  2 water nymphs
  2 hill giants (Zig:15)
  3 deep elf conjurers
  A manticore (Zig:22)
  3 orc sorcerers
  2 sphinx zombies (Zig:18)
  5 wolf spiders
  2 sirens (Zig:22)
  4 guardian serpents (Zig:22)
  4 salamanders
  An iron dragon skeleton (Zig:26)
  A hornet (Zig:17)
  2 naga magi
  A gargoyle (Zig:27)
  2 orange demons (Pan)
  4 black mambas
  2 moths of wrath
  An elf zombie (Zig:26)
  A spiny frog (shapeshifter) (Zig:15)
  A vault sentinel (Zig:25)
  A hellwing (Zig:22)
  A spriggan skeleton (Zig:27)
  6 spiny frogs
  2 komodo dragons
  A spectral swamp worm (Depths:3)
  A yaktaur (Depths:5)
  A tormentor (Pan)
  4 demonic crawlers
  5 jumping spiders
  An elf skeleton (Zig:17)
  2 hellions
  2 red devils (Pan)
  A golden dragon simulacrum (Zig:20)
  A deep elf priest (Zig:15)
  An ancient zyme (Zig:18)
  3 merfolk (Zig:22)
  A freezing wraith (Zig:25)
  2 wind drakes (Zig:22)
  5 blink frogs
  An ushabti (Zig:16)
  A merfolk (shapeshifter) (Zig:15)
  2 blue devils
  A snapping turtle (Zig:22)
  5 slime creatures
  9 giant leeches
  A spriggan zombie (Zig:9)
  2 raiju
  5 ynoxinuls
  2 redbacks
  A flying skull (Zig:21)
  4 trapdoor spiders
  An air elemental (Zig:25)
  2 yaks
  A spriggan (shapeshifter) (Zig:13)
  A redback (shapeshifter) (Zig:15)
  6 spriggans
  7 deep elf fighters
  4 tarantellas
  4 deep elf magi
  A hog (shapeshifter) (Abyss:3)
  A fire elemental (Zig:22)
  A wraith (Zig:18)
  4 golden eyes
  4 chaos spawn (Pan)
  A hippogriff (Zig:6)
  2 insubstantial wisps
  3 nagas
  3 neqoxecs
  A vampire mosquito (Zig:11)
  A spatial vortex (Zig:17)
  A water moccasin (Zig:6)
  17 swamp drakes
  A necrophage (Zig:27)
  2 hell hounds
  2 eyes of draining (Zig:25)
  8 large abominations
  3 spiders
  A boggart (Depths:1)
  13 wasps
  10 small abominations
  2 ogres
  A crocodile (Zig:8)
  A brain worm (Zig:25)
  2 earth elementals (Zig:27)
  5 starcursed masses
  2 hounds (D:10)
  3 iron imps (Zig:26)
  15 shadow imps
  A white imp (Zig:17)
  An ooze (shapeshifter) (Zig:26)
  4 orcs
  A jackal (D:10)
  35 briar patches
  3 crawling corpses
  414 eldritch tentacle segments
  4 fire vortices
  2 fulminant prisms (Pan)
  15 fungi
  5 lurking horrors
  37 plants
  171 starspawn tentacles
  2784 starspawn tentacle segments
4002 creatures vanquished.

Grand Total: 31208 creatures vanquished

Notes
Turn   | Place    | Note
--------------------------------------------------------------
     0 | D:1      | Musteatbrain the Demonspawn Fighter began the quest for the Orb.
     0 | D:1      | Reached XP level 1. HP: 18/18 MP: 1/1
   111 | D:1      | Gained mutation: You are partially covered in sharp spines. [demonic ancestry]
   111 | D:1      | Reached XP level 2. HP: 10/24 MP: 2/2
   985 | D:1      | Noticed a giant frog
   991 | D:1      | Killed a giant frog
   991 | D:1      | Reached skill level 1 in Dodging
   991 | D:1      | Gained mutation: You have a pair of small horns on your head. [demonic ancestry]
   991 | D:1      | Reached XP level 3. HP: 16/29 MP: 3/3
   991 | D:1      | Gained mutation: You have a pair of horns on your head. [demonic ancestry]
   991 | D:1      | Reached XP level 4. HP: 19/36 MP: 4/4
  2056 | D:2      | Found a white marble altar of Elyvilon.
  2056 | D:2      | Found a bloodstained altar of Trog.
  2057 | D:2      | Found a stormy altar of Qazlal.
  2066 | D:2      | Became a worshipper of Qazlal Stormbringer
  2746 | D:4      | Noticed Blork the orc
  2749 | D:4      | Reached XP level 5. HP: 42/42 MP: 5/5
  2755 | D:4      | Killed Blork the orc
  2755 | D:4      | Reached skill level 4 in Fighting
  2786 | D:4      | Reached * piety under Qazlal
  2791 | D:4      | Reached XP level 6. HP: 41/48 MP: 6/6
  2792 | D:4      | Noticed Grinder
  2794 | D:4      | Paralysed by Grinder for 6 turns
  2803 | D:4      | Paralysed by Grinder for 2 turns
  2805 | D:4      | Noticed Purgy
  2816 | D:4      | Killed Purgy
  2816 | D:4      | Paralysed by Grinder for 5 turns
  2819 | D:4      | Killed Grinder
  2819 | D:4      | Gained mutation: You are partially covered in thin metallic scales (AC +2). [demonic ancestry]
  2819 | D:4      | Reached XP level 7. HP: 21/55 MP: 7/7
  3309 | D:5      | Entered Level 5 of the Dungeon
  3325 | D:5      | Reached skill level 5 in Axes
  3471 | D:5      | Noticed Musteatbrain's ghost (novice DsFi)
  3479 | D:5      | Killed Musteatbrain's ghost
  3479 | D:5      | Reached skill level 5 in Fighting
  3479 | D:5      | Gained mutation: You are mostly covered in thin metallic scales (AC +3). [demonic ancestry]
  3479 | D:5      | Reached XP level 8. HP: 60/62 MP: 8/8
  3484 | D:5      | Noticed Crazy Yiuf
  3488 | D:5      | Reached skill level 6 in Axes
  3492 | D:5      | Killed Crazy Yiuf
  3492 | D:5      | Reached skill level 5 in Armour
  3560 | D:5      | Found a basalt altar of Yredelemnul.
  3826 | D:5      | Found a bloodstained altar of Trog.
  4236 | D:6      | Noticed Gargoyl's ghost (novice DsAK)
  4249 | D:6      | Killed Gargoyl's ghost
  4305 | D:6      | Reached skill level 7 in Axes
  4311 | D:6      | Gained mutation: You regenerate a little health from kills. [demonic ancestry]
  4311 | D:6      | Reached XP level 9. HP: 69/69 MP: 9/9
  4532 | D:6      | Found a shadowy altar of Dithmenos.
  4559 | D:6      | Reached ** piety under Qazlal
  4991 | D:7      | Found a shattered altar of Ashenzari.
  4998 | D:7      | Reached skill level 5 in Dodging
  5023 | D:7      | Found an iron altar of Okawaru.
  5173 | D:7      | Reached skill level 8 in Axes
  5197 | D:7      | Noticed Pikel
  5209 | D:7      | Killed Pikel
  5277 | D:7      | Gained mutation: You regenerate health from kills. [demonic ancestry]
  5277 | D:7      | Reached XP level 10. HP: 30/79 MP: 5/10
  5291 | D:7      | Reached *** piety under Qazlal
  5371 | D:7      | Found a snail-covered altar of Cheibriados.
  5508 | D:7      | Found a staircase to the Ecumenical Temple.
  5605 | D:7      | You fall through a shaft!
  5956 | D:8      | Reached skill level 9 in Axes
  6086 | D:8      | Found a sparkling altar of Nemelex Xobeh.
  6108 | D:8      | Found Kumm's Antique Weapon Boutique.
  6120 | D:8      | Bought a shimmering battleaxe for 310 gold pieces
  6125 | D:8      | Identified the +5 battleaxe "Soliruin" {pain, rC+ Str+7} (You bought it in a shop on level 8 of the Dungeon)
  6267 | D:9      | Reached **** piety under Qazlal
  6951 | D:10     | Entered Level 10 of the Dungeon
  7194 | D:10     | Found a staircase to the Lair.
  7384 | D:10     | Noticed a hill giant
  7390 | D:10     | Killed a hill giant
  7390 | D:10     | Reached skill level 10 in Axes
  7390 | D:10     | Reached XP level 11. HP: 83/87 MP: 11/11
  7579 | D:11     | Noticed a hill giant
  7588 | D:11     | Killed a hill giant
  7665 | D:8      | Bought a crystal flail for 229 gold pieces
  7665 | D:8      | Identified the cursed +1 flail of Yttotwu {venom, Int+4} (You bought it in a shop on level 8 of the Dungeon)
  7771 | D:11     | Found a snail-covered altar of Cheibriados.
  7818 | D:11     | Noticed Erica
  7824 | D:11     | Killed Erica
  7824 | D:11     | Reached ***** piety under Qazlal
  7836 | D:11     | Found Yqyi's Food Boutique.
  7977 | D:11     | Found Kygog's Distillery.
  8135 | D:11     | Found Diment Zoigi's Food Shop.
  8154 | D:11     | Found a gateway to a bazaar.
  8194 | Bazaar   | Entered a bazaar
  8194 | Bazaar   | Found Qonazaiw's Assorted Antiques.
  8194 | Bazaar   | Found Woeschic's Antique Armour Emporium.
  8226 | Bazaar   | Found Nedum's General Store.
  8232 | Bazaar   | Found Oblor's Book Shop.
  8238 | Bazaar   | Found Rakuxod's Antique Armour Shop.
  8323 | Bazaar   | Bought a shimmering spear for 72 gold pieces
  8323 | Bazaar   | Identified the +3 spear of Jiab Vudd {pain, rElec} (You bought it in a shop in a bazaar)
  8754 | D:11     | Found Jybb's Antique Weapon Shoppe.
  8936 | D:12     | You fall through a shaft for 3 floors!
  8936 | D:15     | Entered Level 15 of the Dungeon
  8962 | D:15     | Noticed an ice dragon
  8968 | D:15     | Killed an ice dragon
  8968 | D:15     | Reached skill level 11 in Axes
  8973 | D:15     | Noticed an ice dragon
  8981 | D:15     | Killed an ice dragon
  9151 | D:15     | Gained mutation: You are mostly covered in sharp spines. [demonic ancestry]
  9151 | D:15     | Reached XP level 12. HP: 94/96 MP: 12/12
  9496 | D:12     | Found a snail-covered altar of Cheibriados.
  9600 | D:12     | Noticed a hill giant
  9605 | D:12     | Killed a hill giant
  9607 | D:12     | Killed an unseen horror
  9612 | D:12     | Noticed a hill giant
  9616 | D:12     | Killed a hill giant
  9645 | D:12     | Killed an unseen horror
  9645 | D:12     | Reached skill level 12 in Axes
  9665 | D:12     | Found a staircase to the Orcish Mines.
  9743 | D:12     | Found Feethasoi's General Store.
  9757 | D:12     | Noticed a tengu warrior
  9764 | D:12     | Killed an unseen horror
  9764 | D:12     | Reached skill level 10 in Fighting
  9769 | D:12     | Killed a tengu warrior
  9987 | D:12     | Killed an unseen horror
 10001 | D:12     | Noticed a hill giant
 10006 | D:12     | Killed a hill giant
 10509 | Lair:1   | Entered Level 1 of the Lair of Beasts
 10548 | Lair:1   | Reached skill level 1 in Invocations
 10576 | Lair:1   | Noticed Gastronok
 10585 | Lair:1   | Killed Gastronok
 10708 | Lair:1   | Noticed Joseph
 10709 | Lair:1   | Noticed Prince Ribbit
 10712 | Lair:1   | Killed Prince Ribbit
 10719 | Lair:1   | Killed Joseph
 10720 | Lair:1   | Reached XP level 13. HP: 104/104 MP: 13/15
 11353 | Lair:2   | Reached ****** piety under Qazlal
 11902 | Lair:3   | Reached skill level 13 in Axes
 11909 | Lair:3   | Reached skill level 10 in Armour
 12526 | Lair:4   | Reached skill level 5 in Invocations
 12757 | Lair:4   | Found a staircase to the Snake Pit.
 13224 | Lair:5   | Found a labyrinth entrance.
 13233 | Lair:5   | Got a twisted ring mail
 13248 | Lair:5   | Identified the +2 ring mail of Forking Paths {Str+4} (You found it on level 5 of the Lair of Beasts)
 13285 | Lab      | Entered a labyrinth
 16100 | Lab      | Got a brightly glowing spear
 16100 | Lab      | Got a fine short sword
 16148 | Lair:5   | Identified the +7 spear of Dung {pain, rElec Dex+4} (You found it in a labyrinth)
 16159 | Lair:5   | Identified the +5 short sword of Noenoq {pain, +Inv rPois} (You found it in a labyrinth)
 16250 | Lair:5   | Noticed Nessos
 16265 | Lair:5   | Killed Nessos
 16265 | Lair:5   | Reached skill level 1 in Long Blades
 16871 | Lair:6   | Reached skill level 10 in Dodging
 16887 | Lair:6   | Reached XP level 14. HP: 113/113 MP: 13/18
 16900 | Lair:6   | Found a dark tunnel.
 16910 | Volcano  | Entered a volcano
 17307 | Volcano  | Found a radiant altar of Vehumet.
 17675 | Lair:6   | Found a staircase to the Swamp.
 17776 | Lair:6   | Found a staircase to the Slime Pits.
 18140 | Lair:7   | Noticed Snorg
 18156 | Lair:7   | Killed Snorg
 18198 | Lair:7   | Noticed Rupert
 18222 | Lair:7   | Killed Rupert
 19052 | Lair:8   | Entered Level 8 of the Lair of Beasts
 19326 | Lair:8   | Reached skill level 14 in Axes
 19572 | Lair:8   | Reached skill level 5 in Long Blades
 19722 | Lair:8   | Learned a level 2 spell: Swiftness
 19736 | Lair:8   | Gained mutation: You regenerate a lot of health from kills. [demonic ancestry]
 19736 | Lair:8   | Reached XP level 15. HP: 111/120 MP: 18/21
 20512 | Orc:1    | Entered Level 1 of the Orcish Mines
 20817 | Orc:2    | Paralysed by an orc sorcerer for 7 turns
 21507 | Orc:3    | Found a roughly hewn altar of Beogh.
 21631 | Orc:3    | Found a staircase to the Elven Halls.
 21998 | Orc:3    | You fall through a shaft!
 21998 | Orc:4    | Entered Level 4 of the Orcish Mines
 21998 | Orc:4    | Found Wakusi's Antique Armour Emporium.
 21999 | Orc:4    | Found Iluo's Jewellery Shoppe.
 21999 | Orc:4    | Found Ovohungamm's Weapon Boutique.
 22009 | Orc:4    | Noticed Maud
 22013 | Orc:4    | Noticed grizfap's ghost (journeyman MiFi)
 22033 | Orc:4    | Killed grizfap's ghost
 22340 | Orc:4    | Found Mushrock's Food Boutique.
 22579 | Orc:4    | Killed Maud
 22579 | Orc:4    | Reached skill level 10 in Invocations
 22624 | Orc:4    | Bought a dazzling scale mail for 261 gold pieces
 22624 | Orc:4    | Bought a pair of embroidered gloves for 130 gold pieces
 22634 | Orc:4    | Identified the cursed +0 scale mail of the Commoners {rC- MR+ Regen+ Slay+5} (You bought it in a shop on level 4 of the Orcish Mines)
 22655 | Orc:4    | Found Awnet's Distillery.
 22904 | Orc:4    | Bought the ring "Niaconam" {+Inv Str+4 Slay+2} for 645 gold pieces
 22957 | Orc:4    | Bought a potion of might for 40 gold pieces
 22957 | Orc:4    | Bought 2 potions of might for 80 gold pieces
 22957 | Orc:4    | Bought a potion of heal wounds for 50 gold pieces
 22957 | Orc:4    | Bought a potion of berserk rage for 50 gold pieces
 22957 | Orc:4    | Bought a potion of haste for 100 gold pieces
 23771 | D:13     | Noticed a vault guard
 23781 | D:13     | Noticed a vault guard
 23783 | D:13     | Killed a vault guard
 23788 | D:13     | Killed a vault guard
 23821 | D:13     | Found a gate to the Vaults.
 24113 | D:14     | Reached skill level 15 in Axes
 24625 | D:15     | Noticed a hill giant
 24630 | D:15     | Killed a hill giant
 24637 | D:15     | Noticed a salamander stormcaller
 24643 | D:15     | Killed a salamander stormcaller
 24644 | D:15     | Noticed a centaur warrior
 24648 | D:15     | Killed a centaur warrior
 24774 | D:15     | Noticed a fire dragon
 24781 | D:15     | Killed a fire dragon
 24781 | D:15     | Reached XP level 16. HP: 118/129 MP: 20/24
 24791 | D:15     | Found a staircase to the Depths.
 25268 | Orc:4    | Bought an uncursed ring of poison resistance for 240 gold pieces
 25664 | Swamp:1  | Entered Level 1 of the Swamp
 27525 | Swamp:3  | Noticed Kirke
 27532 | Swamp:3  | Killed Kirke
 27629 | Swamp:3  | Noticed Roxanne
 27650 | Swamp:3  | Killed Roxanne
 27652 | Swamp:3  | Identified Roxanne's Tome of Mutagenic Earth (You took it off Roxanne on level 3 of the Swamp)
 27876 | Swamp:4  | Entered Level 4 of the Swamp
 27997 | Swamp:4  | Gained mutation: You resist negative energy. [demonic ancestry]
 27997 | Swamp:4  | Reached XP level 17. HP: 115/137 MP: 7/26
 28009 | Swamp:4  | Reached skill level 16 in Axes
 28314 | Swamp:4  | Got a decaying rune of Zot
 28683 | Swamp:4  | Got a twisted scale mail
 28689 | Swamp:4  | Identified the +1 scale mail of the Suburbs {rElec} (You found it on level 4 of the Swamp)
 29868 | Snake:1  | Entered Level 1 of the Snake Pit
 30005 | Snake:1  | You fall through a shaft!
 30209 | Snake:2  | Found a radiant altar of Vehumet.
 31827 | Snake:4  | Entered Level 4 of the Snake Pit
 31859 | Snake:4  | Reached skill level 1 in Evocations
 31859 | Snake:4  | Reached XP level 18. HP: 146/146 MP: 27/27
 31924 | Snake:4  | Reached skill level 17 in Axes
 32468 | D:12     | Bought the +8 plate armour of the Hart {MP+9 Int-2 Dex+4 Slay+2} for 1239 gold pieces
 33056 | Snake:4  | Got a serpentine rune of Zot
 34116 | Vaults:1 | Entered Level 1 of the Vaults
 34474 | Vaults:1 | Gained mutation: You have a pair of large horns on your head. [demonic ancestry]
 34474 | Vaults:1 | Reached XP level 19. HP: 154/154 MP: 29/29
 34852 | Vaults:1 | Reached skill level 15 in Fighting
 34937 | Vaults:1 | Got a glittering iron ring
 34942 | Vaults:1 | Identified the ring "Himagelics" {MR+ Str+5 SInv} (You found it on level 1 of the Vaults)
 35046 | Vaults:1 | Reached skill level 5 in Evocations
 35351 | Vaults:2 | Reached skill level 15 in Invocations
 35761 | Vaults:2 | Found a magical portal.
 35769 | WizLab   | Entered Wucad Mu's Monastery
 36033 | WizLab   | Gained mutation: You are somewhat able to resist unholy torments (1 in 2 success). [demonic ancestry]
 36033 | WizLab   | Reached XP level 20. HP: 162/162 MP: 31/31
 36286 | Vaults:2 | Found Ediem's Magic Scroll Shoppe.
 36289 | Vaults:2 | Found Qyma's General Store.
 36291 | Vaults:2 | Found Tuts's Weapon Shop.
 36322 | Vaults:2 | Bought a scroll of blinking for 105 gold pieces
 36354 | Vaults:2 | Found Qiezast's Food Boutique.
 36484 | Vaults:2 | Cast into the Abyss (an ogre mage)
 36564 | Abyss:1  | Reached skill level 18 in Axes
 36733 | Abyss:1  | Gained mutation: You are weak. (Str -2) [a neqoxec]
 36939 | Abyss:3  | Gained mutation: You evolve. [a cacodemon]
 36964 | Abyss:3  | Paralysed by you for 6 turns
 37071 | Abyss:3  | Gained mutation: You are completely covered in sharp spines. [demonic ancestry]
 37071 | Abyss:3  | Reached XP level 21. HP: 169/169 MP: 33/33
 37212 | Abyss:3  | Gained mutation: You tend to lose your temper in combat. [a shining eye]
 37213 | Abyss:3  | Gained mutation: You can spit weak poison. [a shining eye]
 37216 | Abyss:3  | Gained mutation: You are dopey. (Int -2) [a shining eye]
 37254 | Abyss:3  | Gained mutation: You can translocate small distances at will. [evolution]
 37270 | Abyss:3  | Paralysed by accursed screaming for 2 turns
 37276 | Abyss:3  | Paralysed by accursed screaming for 1 turns
 37326 | Abyss:3  | Gained mutation: You are very weak. (Str -4) [a neqoxec]
 37333 | Abyss:3  | Paralysed by accursed screaming for 1 turns
 37412 | Abyss:3  | Gained mutation: You expend magic power (3 MP) to strengthen your wands. [a cacodemon]
 37485 | Abyss:3  | Gained mutation: You are frail (-10% HP). [a neqoxec]
 37641 | Abyss:3  | Found a corrupted altar of Lugonu.
 37722 | Abyss:3  | Found a corrupted altar of Lugonu.
 37755 | Vaults:2 | Escaped the Abyss
 37758 | Vaults:2 | Found Nugaw's Distillery.
 37772 | Vaults:2 | Lost mutation: You can spit weak poison. [potion of cure mutation]
 37772 | Vaults:2 | Lost mutation: You are very weak. (Str -4) [potion of cure mutation]
 37979 | Vaults:2 | Found a staircase to the Crypt.
 37979 | Vaults:2 | Found a basalt altar of Yredelemnul.
 37980 | Vaults:2 | Found an ancient bone altar of Kikubaaqudgha.
 38173 | Vaults:2 | Reached skill level 19 in Axes
 38203 | Vaults:2 | Gained mutation: You are agile. (Dex +2) [potion of beneficial mutation]
 38204 | Vaults:2 | Lost mutation: You are frail (-10% HP). [potion of beneficial mutation]
 38205 | Vaults:2 | Gained mutation: You have supernaturally acute eyesight. [potion of beneficial mutation]
 38663 | Vaults:3 | Got an ichor-stained spear
 38672 | Vaults:3 | Identified the +7 spear "Caug Oxe" {venom, rPois Str+3} (You found it on level 3 of the Vaults)
 39150 | Vaults:3 | Gained mutation: You are completely covered in thin metallic scales (AC +4, rElec). [demonic ancestry]
 39150 | Vaults:3 | Reached XP level 22. HP: 169/178 MP: 34/34
 39156 | Vaults:3 | Paralysed by a great orb of eyes for 7 turns
 39178 | Vaults:3 | Noticed Mennas
 39193 | Vaults:3 | Killed Mennas
 39258 | Vaults:3 | Noticed Margery
 39263 | Vaults:3 | Killed Margery
 39437 | Vaults:3 | Found Gosakej's Distillery.
 39444 | Vaults:3 | Bought a potion of cure mutation for 595 gold pieces
 39444 | Vaults:3 | Lost mutation: You expend magic power (3 MP) to strengthen your wands. [potion of cure mutation]
 39444 | Vaults:3 | Lost mutation: You are dopey. (Int -2) [potion of cure mutation]
 39444 | Vaults:3 | Lost mutation: You have supernaturally acute eyesight. [potion of cure mutation]
 39444 | Vaults:3 | Lost mutation: You can translocate small distances at will. [potion of cure mutation]
 39444 | Vaults:3 | Lost mutation: You tend to lose your temper in combat. [potion of cure mutation]
 39445 | Vaults:3 | Bought a potion of mutation for 42 gold pieces
 39445 | Vaults:3 | Gained mutation: You can translocate small distances at will. [potion of mutation]
 39445 | Vaults:3 | Gained mutation: Your system is resistant to poisons. [potion of mutation]
 39635 | Vaults:3 | Reached skill level 15 in Dodging
 40436 | Vaults:4 | Gained mutation: You are very weak. (Str -4) [evolution]
 40685 | Vaults:4 | Reached skill level 15 in Armour
 40729 | Vaults:4 | Cast into the Abyss (ironheart preserver)
 40777 | Abyss:1  | Reached XP level 23. HP: 147/186 MP: 36/36
 40820 | Abyss:1  | Reached skill level 20 in Axes
 40821 | Abyss:1  | Gained mutation: Your body sometimes deteriorates upon taking damage. [a cacodemon]
 40825 | Abyss:1  | Gained mutation: You are dopey. (Int -2) [a cacodemon]
 41424 | Vaults:4 | Escaped the Abyss
 41605 | Vaults:4 | Found Wifobof's Weapon Shoppe.
 42486 | Elf:1    | Entered Level 1 of the Elven Halls
 43567 | Elf:2    | Found a deep blue altar of Sif Muna.
 43723 | Elf:2    | Found a runed gate.
 43723 | Elf:2    | Found a runed gate.
 43723 | Elf:2    | Found a runed gate.
 44244 | Elf:3    | Entered Level 3 of the Elven Halls
 44289 | Elf:3    | Cast into the Abyss (a deep elf demonologist)
 44511 | Abyss:1  | Gained mutation: Potions and wands are less effective at restoring your health. [a cacodemon]
 44544 | Abyss:1  | Lost mutation: Potions and wands are less effective at restoring your health. [a cacodemon]
 44875 | Abyss:1  | Reached XP level 24. HP: 195/195 MP: 35/37
 45096 | Abyss:1  | Gained mutation: Scrolls take you a little longer to read. [a neqoxec]
 45100 | Abyss:1  | Gained mutation: Your body often deteriorates upon taking damage. [a neqoxec]
 45145 | Abyss:1  | Reached skill level 21 in Invocations
 45712 | Abyss:1  | Paralysed by accursed screaming for 1 turns
 45829 | Abyss:2  | Found a corrupted altar of Lugonu.
 45940 | Abyss:2  | Gained mutation: You possess an exceptional clarity of mind. [evolution]
 45940 | Abyss:2  | Lost mutation: You evolve. [end of evolution]
 46112 | Abyss:2  | Paralysed by accursed screaming for 1 turns
 46223 | Abyss:2  | Found a corrupted altar of Lugonu.
 46268 | Abyss:2  | Found a corrupted altar of Lugonu.
 46343 | Elf:3    | Escaped the Abyss
 46349 | Elf:3    | Noticed Saint Roka
 46362 | Elf:3    | Killed Saint Roka
 46362 | Elf:3    | Reached skill level 22 in Invocations
 46437 | Elf:3    | Noticed Asterion
 46438 | Elf:3    | Gained mutation: Scrolls take you longer to read. [a neqoxec]
 46454 | Elf:3    | Killed Asterion
 46454 | Elf:3    | Reached XP level 25. HP: 147/203 MP: 34/38
 46474 | Elf:3    | Got a polished leather armour
 46479 | Elf:3    | Got a jewelled scale mail
 46479 | Elf:3    | Got a transparent shield
 46481 | Elf:3    | Got an ancient mace {flame}
 46481 | Elf:3    | Got a warped silver amulet
 46484 | Elf:3    | Identified the amulet of Suicidal Tendencies {Gourm rPois Dex+3} (You took it off a deep elf demonologist on level 3 of the Elven Halls)
 46539 | Elf:3    | Identified the Tome of Evil Calling
 46545 | Elf:3    | Identified the +8 mace "Miguluif" {flame, Str+9} (You took it off a deep elf demonologist on level 3 of the Elven Halls)
 46556 | Elf:3    | Identified the +5 scale mail "Muif" {rC+} (You took it off a deep elf master archer on level 3 of the Elven Halls)
 46566 | Elf:3    | Identified the +1 leather armour of the Dwarven Hall {rElec MR+ SInv} (You took it off a deep elf death mage on level 3 of the Elven Halls)
 46575 | Elf:3    | Identified the +3 shield of Zougg {-Tele +Inv rPois Dex-2} (You took it off Asterion on level 3 of the Elven Halls)
 46628 | Elf:3    | Got a warped flail {crush}
 46653 | Elf:3    | Identified the +7 flail of Dytiwn {crush, +Fly rElec rC-} (You took it off a deep elf sorcerer on level 3 of the Elven Halls)
 46681 | Elf:3    | Got a steaming battleaxe {freeze}
 46692 | Elf:3    | Got a faintly glowing robe
 46695 | Elf:3    | Identified the +10 battleaxe of Jokk {freeze, MR+ MP+9 Str-2 Dex-2} (You took it off a deep elf death mage on level 3 of the Elven Halls)
 46738 | Elf:3    | Identified the +1 robe "Ijueg" {rN++} (You took it off a deep elf annihilator on level 3 of the Elven Halls)
 46749 | Elf:3    | Identified a +9 rod of ignition (13/13) (You took it off a deep elf annihilator on level 3 of the Elven Halls)
 46766 | Elf:3    | Identified Ciplut's Grimoire of Bewitchment
 47720 | Vaults:2 | Bought a scroll of acquirement for 728 gold pieces
 47894 | Vaults:5 | Entered Level 5 of the Vaults
 47894 | Vaults:5 | Noticed Jory
 47918 | Vaults:5 | Killed Jory
 47933 | Vaults:5 | Noticed Jorgrun
 47936 | Vaults:5 | Killed Jorgrun
 47952 | Vaults:5 | Reached skill level 23 in Invocations
 48008 | Vaults:5 | Noticed Boris
 48029 | Vaults:5 | Killed Boris
 48031 | Vaults:5 | Got a twisted great mace {freeze}
 48132 | Vaults:5 | Identified the +3 great mace of Viexinyu {freeze, *Confuse +Blink rC+ Str+3} (You took it off a fire giant on level 5 of the Vaults)
 48139 | Vaults:5 | Got a sparkling lapis lazuli ring
 48152 | Vaults:5 | Identified the ring "Kain" {SustAt *Confuse +Fly Str+7} (You found it on level 5 of the Vaults)
 48261 | Vaults:5 | Got a pitted halberd
 48266 | Vaults:5 | Identified the +7 halberd of Light {chop, *Drain rF+++ MP+9 Dex-4} (You found it on level 5 of the Vaults)
 48329 | Vaults:5 | Got a polished trident
 48335 | Vaults:5 | Got a clouded lapis lazuli ring
 48351 | Vaults:5 | Got a silver rune of Zot
 48383 | Vaults:5 | Got a translucent glaive
 48392 | Vaults:5 | Got a crystal dagger
 48393 | Vaults:5 | Identified the cursed +1 dagger "Raisin" {elec, rElec rC+ rN+++ Str-4} (You found it on level 5 of the Vaults)
 48398 | Vaults:5 | Identified the cursed +3 glaive of Bloody Death {antimagic, +Rage MR- Int+2 Dex-2} (You found it on level 5 of the Vaults)
 48474 | Vaults:5 | Reached XP level 26. HP: 213/213 MP: 33/38
 48488 | Vaults:5 | Identified the ring of Seap Noe {Wiz rF+ rN+ Str-5 Int+3} (You found it on level 5 of the Vaults)
 48525 | Vaults:5 | Identified the cursed +2 trident of Autumn {speed, MR+ Dex+4} (You found it on level 5 of the Vaults)
 49244 | Depths:1 | Entered Level 1 of the Depths
 49505 | Depths:1 | Identified a +2 rod of ignition (14/14) (You took it off a vault warden on level 5 of the Vaults)
 49592 | Depths:1 | Identified the Papyrus of Frigorific Boosts
 49596 | Depths:1 | Learned a level 2 spell: Song of Slaying
 49600 | Depths:1 | Learned a level 3 spell: Regeneration
 49804 | Depths:1 | Noticed Wiglaf
 49811 | Depths:1 | Killed Wiglaf
 49865 | Depths:1 | Found a gateway to Hell.
 49869 | Depths:1 | Reached skill level 24 in Invocations
 50159 | Depths:2 | Noticed a juggernaut
 50170 | Depths:2 | Killed a juggernaut
 50502 | Depths:2 | Identified the Collected Works on Excruciating Flames
 50654 | Depths:2 | Got a slimy robe
 50665 | Depths:2 | Identified the cursed +1 robe of the Snake Pit {MR+ Str+4 Dex+3} (You found it on level 2 of the Depths)
 50967 | Depths:3 | Noticed Nikola
 50994 | Depths:3 | Killed Nikola
 51111 | Depths:3 | Noticed Mysteryquy's ghost (veteran GrFi)
 51133 | Depths:3 | Killed Mysteryquy's ghost
 51168 | Depths:3 | Learned a level 2 spell: Blink
 51216 | Depths:3 | Noticed Frederick
 51227 | Depths:3 | Killed Frederick
 51320 | Depths:3 | Got a smoking leather armour
 51323 | Depths:3 | Identified the cursed +1 leather armour of the Demons {MR+ Dex+10} (You found it on level 3 of the Depths)
 51340 | Depths:3 | Found a one-way gate leading to the halls of Pandemonium.
 51426 | Depths:3 | Found a one-way gate to the infinite horrors of the Abyss.
 51476 | Depths:3 | Noticed a juggernaut
 51484 | Depths:3 | Killed a juggernaut
 51886 | Depths:4 | Found a gateway to a ziggurat.
 52084 | Depths:4 | Gained mutation: Your melee attacks may debilitate your foes. [demonic ancestry]
 52084 | Depths:4 | Reached XP level 27. HP: 200/221 MP: 39/39
 52182 | Depths:4 | Reached skill level 25 in Invocations
 52400 | Depths:4 | Paralysed by a sphinx for 3 turns
 52460 | Depths:4 | Noticed a juggernaut
 52479 | Depths:4 | Killed a juggernaut
 52584 | Depths:4 | Got a clouded lead ring
 52587 | Depths:4 | Identified the ring "Sohu" {rPois rC++} (You took it off a spriggan air mage on level 4 of the Depths)
 52904 | Depths:5 | Entered Level 5 of the Depths
 52920 | Depths:5 | Noticed a juggernaut
 52935 | Depths:5 | Killed a juggernaut
 53039 | Depths:5 | Noticed Sojobo
 53048 | Depths:5 | Killed Sojobo
 53130 | Depths:5 | Found Uskavaeh's Weapon Emporium.
 53294 | Depths:5 | Reached skill level 26 in Invocations
 53330 | Depths:5 | Found a gate to the Realm of Zot.
 54195 | Slime:1  | Entered Level 1 of the Pits of Slime
 54202 | Slime:1  | Gained mutation: Armour fits poorly on your strangely shaped body. [a shining eye]
 54412 | Slime:6  | Entered Level 6 of the Pits of Slime
 54441 | Slime:6  | Noticed the royal jelly
 54442 | Slime:6  | Gained mutation: Potions and wands are less effective at restoring your health. [a shining eye]
 54443 | Slime:6  | Lost mutation: You are agile. (Dex +2) [a shining eye]
 54510 | Slime:6  | Killed the royal jelly
 54927 | Slime:6  | Got an ichor-stained flail
 54928 | Slime:6  | Identified the +1 flail "Tyskaes" {crush, rN+ Str+3 SInv} (You found it on level 6 of the Pits of Slime)
 54946 | Slime:6  | Got a slimy rune of Zot
 54948 | Slime:6  | Got a twitching tin ring
 54950 | Slime:6  | Identified the ring "Tus Jaec" {SustAt rElec Str+4 Stlth+} (You found it on level 6 of the Pits of Slime)
 54957 | Slime:6  | Identified a +7 rod of inaccuracy (10/10) (You found it on level 6 of the Pits of Slime)
 55026 | Slime:6  | Learned a level 8 spell: Necromutation
 55050 | Slime:6  | Got a dazzling scale mail
 55061 | Slime:6  | Identified the +1 scale mail of the Untouchables {*Drain rPois Regen+ MP+9 Dex+2} (You found it on level 6 of the Pits of Slime)
 56004 | D:14     | Lost mutation: Potions and wands are less effective at restoring your health. [potion of mutation]
 56004 | D:14     | Gained mutation: You evolve. [potion of mutation]
 56005 | D:14     | Lost mutation: You are very weak. (Str -4) [potion of mutation]
 56006 | D:14     | Lost mutation: Scrolls take you longer to read. [potion of mutation]
 56006 | D:14     | Lost mutation: You are dopey. (Int -2) [potion of mutation]
 56006 | D:14     | Lost mutation: You possess an exceptional clarity of mind. [potion of mutation]
 56130 | Orc:4    | Bought a bread ration for 60 gold pieces
 56130 | Orc:4    | Bought a meat ration for 60 gold pieces
 56130 | Orc:4    | Bought a slice of pizza for 18 gold pieces
 56130 | Orc:4    | Bought a bread ration for 60 gold pieces
 56130 | Orc:4    | Bought 4 fruits for 72 gold pieces
 56130 | Orc:4    | Bought a bread ration for 60 gold pieces
 56130 | Orc:4    | Bought a bread ration for 60 gold pieces
 56130 | Orc:4    | Bought a royal jelly for 24 gold pieces
 56130 | Orc:4    | Bought a slice of pizza for 18 gold pieces
 56130 | Orc:4    | Bought 5 fruits for 90 gold pieces
 56130 | Orc:4    | Bought a bread ration for 60 gold pieces
 56130 | Orc:4    | Bought a royal jelly for 24 gold pieces
 56130 | Orc:4    | Bought a meat ration for 60 gold pieces
 56130 | Orc:4    | Bought a meat ration for 60 gold pieces
 56207 | Orc:4    | Bought a potion of mutation for 25 gold pieces
 56207 | Orc:4    | Gained mutation: You are clumsy. (Dex -2) [potion of mutation]
 56207 | Orc:4    | Gained mutation: You have very sharp teeth. [potion of mutation]
 56550 | Vaults:3 | Bought a potion of cure mutation for 595 gold pieces
 56552 | Vaults:3 | Lost mutation: You evolve. [potion of cure mutation]
 56552 | Vaults:3 | Lost mutation: Your body often deteriorates upon taking damage. [potion of cure mutation]
 56552 | Vaults:3 | Lost mutation: Armour fits poorly on your strangely shaped body. [potion of cure mutation]
 56552 | Vaults:3 | Lost mutation: You are weak. (Str -2) [potion of cure mutation]
 56552 | Vaults:3 | Lost mutation: Scrolls take you a little longer to read. [potion of cure mutation]
 56564 | Vaults:3 | Bought a potion of agility for 68 gold pieces
 56564 | Vaults:3 | Bought a potion of might for 68 gold pieces
 56681 | Vaults:2 | Bought a scroll of identify for 28 gold pieces
 56681 | Vaults:2 | Bought a scroll of recharging for 133 gold pieces
 56688 | Vaults:2 | Bought a scroll of recharging for 142 gold pieces
 56688 | Vaults:2 | Bought a potion of heal wounds for 75 gold pieces
 57150 | D:11     | Bought a potion of resistance for 110 gold pieces
 57150 | D:11     | Bought a potion of agility for 44 gold pieces
 57150 | D:11     | Bought a potion of agility for 44 gold pieces
 57150 | D:11     | Bought a potion of might for 44 gold pieces
 57150 | D:11     | Bought a potion of magic for 88 gold pieces
 57447 | Zot:1    | Entered Level 1 of the Realm of Zot
 57703 | Zot:1    | Reached skill level 27 in Invocations
 59517 | Pan      | Entered Pandemonium
 59683 | Pan      | Noticed Ogesay the pandemonium lord
 59693 | Pan      | Killed Ogesay the pandemonium lord
 60158 | Pan      | Found an exit through the horrors of the Abyss.
 60317 | Pan      | Gained mutation: Your spells are a little harder to cast, but a little more powerful. [a neqoxec]
 60473 | Pan      | Gained mutation: Your body often deteriorates upon taking damage. [a neqoxec]
 60500 | Pan      | Gained mutation: You are frail (-10% HP). [a neqoxec]
 60552 | Pan      | Noticed Neloaleu the pandemonium lord
 60581 | Pan      | Killed Neloaleu the pandemonium lord
 60658 | Pan      | Got a demonic rune of Zot
 60719 | Pan      | Gained mutation: You are dopey. (Int -2) [a cacodemon]
 61115 | Pan      | Found an exit through the horrors of the Abyss.
 61127 | Pan      | Got a dazzling scale mail
 61128 | Pan      | Identified the +5 scale mail "Mialino" {Int+3} (You found it in Pandemonium)
 61447 | Pan      | Got an ichor-stained mace
 61448 | Pan      | Identified the +2 mace of the Messenger {crush, rF- Int+3 Dex+2 SInv} (You found it in Pandemonium)
 61470 | Pan      | Noticed Bugole the pandemonium lord
 61483 | Pan      | Killed Bugole the pandemonium lord
 61837 | Pan      | Found an exit through the horrors of the Abyss.
 62369 | Pan      | Noticed Zifak the pandemonium lord
 62375 | Pan      | Killed Zifak the pandemonium lord
 62376 | Pan      | Gained mutation: Scrolls take you a little longer to read. [a neqoxec]
 62427 | Pan      | Found an exit through the horrors of the Abyss.
 62623 | Pan      | Gained mutation: You are very frail (-20% HP). [a neqoxec]
 62865 | Pan      | Reached skill level 1 in Necromancy
 62875 | Pan      | Noticed Guagufep the pandemonium lord
 62899 | Pan      | Killed Guagufep the pandemonium lord
 63521 | Pan      | Found an exit through the horrors of the Abyss.
 63800 | Pan      | Got a scorched buckler
 63803 | Pan      | Identified the +0 buckler of Mirth {rPois rN+ rCorr MP+9} (You found it in Pandemonium)
 63861 | Pan      | Noticed Goicual the pandemonium lord
 63874 | Pan      | Killed Goicual the pandemonium lord
 63917 | Pan      | Gained mutation: You tend to lose your temper in combat. [a neqoxec]
 64097 | Pan      | Found an exit through the horrors of the Abyss.
 64794 | Pan      | Got an ancient chain mail
 64797 | Pan      | Identified the +9 chain mail of Vengich {*Corrode Int+2 Stlth+} (You found it in Pandemonium)
 65279 | Pan      | Reached skill level 5 in Necromancy
 65331 | Pan      | Lost mutation: Scrolls take you a little longer to read. [a neqoxec]
 65416 | Pan      | Noticed Jeofih the pandemonium lord
 65435 | Pan      | Killed Jeofih the pandemonium lord
 65583 | Pan      | Got an iridescent mace
 65585 | Pan      | Identified the +0 mace of Defiance {holy, rPois} (You found it in Pandemonium)
 65872 | Pan      | Found an exit through the horrors of the Abyss.
 66097 | Pan      | Noticed Zajadoil the pandemonium lord
 66134 | Pan      | Killed Zajadoil the pandemonium lord
 66576 | Pan      | Found an exit through the horrors of the Abyss.
 66816 | Pan      | Noticed Viruogh the pandemonium lord
 66840 | Pan      | Killed Viruogh the pandemonium lord
 67380 | Pan      | Found an exit through the horrors of the Abyss.
 67548 | Depths:3 | Escaped Pandemonium
 67613 | Pan      | Entered the realm of Cerebov.
 67613 | Pan      | Entered Pandemonium
 67671 | Pan      | Lost mutation: You are very frail (-20% HP). [potion of mutation]
 68199 | Pan      | Found an exit through the horrors of the Abyss.
 68517 | Pan      | Noticed Cerebov
 68909 | Pan      | Got a brightly glowing morningstar {crush}
 68910 | Pan      | Identified the +11 morningstar "Tyveenlen" {crush, *Contam +Blink MP+9 Dex-3} (You took it off a balrug in Pandemonium)
 68930 | Pan      | Got a pair of steaming boots
 68941 | Pan      | Identified the cursed +0 pair of boots "Tele" {Int+2} (You found it in Pandemonium)
 69165 | Pan      | Identified Venaeham's Disquisition on Lethal Lightness
 69175 | Pan      | Got a dazzling leather armour
 69178 | Pan      | Got a brightly glowing scale mail
 69416 | Pan      | Identified the +1 scale mail of Wesuj {Str+6} (You found it in Pandemonium)
 69418 | Pan      | Identified the cursed +1 leather armour "Giacsoet" {Int-4 Dex+4} (You found it in Pandemonium)
 69763 | Pan      | Killed Cerebov
 69763 | Pan      | Reached skill level 27 in Axes
 69788 | Pan      | Got a fiery rune of Zot
 70066 | Pan      | Found an exit through the horrors of the Abyss.
 70133 | Pan      | Reached skill level 10 in Necromancy
 70186 | Pan      | Noticed Xaadus the pandemonium lord
 70199 | Pan      | Killed Xaadus the pandemonium lord
 70395 | Pan      | Got a shimmering marble ring
 70396 | Pan      | Identified the ring of the Furies {rPois rF+ rC+ Str+3} (You found it in Pandemonium)
 70558 | Depths:3 | Escaped Pandemonium
 70598 | Pan      | Entered Pandemonium
 70671 | Pan      | Gained mutation: You are weak. (Str -2) [a neqoxec]
 70709 | Pan      | Noticed Zihavy the pandemonium lord
 70722 | Pan      | Killed Zihavy the pandemonium lord
 70770 | Pan      | Found an exit through the horrors of the Abyss.
 70937 | Pan      | Gained mutation: Your magical capacity is low (-10% MP). [a neqoxec]
 71019 | Pan      | Gained mutation: You are very dopey. (Int -4) [a neqoxec]
 71179 | Pan      | Entered the realm of Mnoleg.
 71186 | Pan      | Gained mutation: You occasionally shout uncontrollably at your foes. [a cacodemon]
 71191 | Pan      | Gained mutation: You are very clumsy. (Dex -4) [a shining eye]
 71200 | Pan      | Gained mutation: You often lose your temper in combat. [a neqoxec]
 71204 | Pan      | Gained mutation: Armour fits poorly on your strangely shaped body. [a neqoxec]
 71229 | Pan      | Paralysed by a giant eyeball for 4 turns
 71235 | Pan      | Paralysed by a giant eyeball for 4 turns
 71245 | Pan      | Gained mutation: You are very weak. (Str -4) [a neqoxec]
 71259 | Pan      | Gained mutation: You expend magic power (3 MP) to strengthen your wands. [a neqoxec]
 71279 | Pan      | Lost mutation: Your spells are a little harder to cast, but a little more powerful. [a shining eye]
 71283 | Pan      | Noticed Mnoleg
 71290 | Pan      | Gained mutation: You regenerate slowly when monsters are visible. [Mnoleg's mutagenic touch]
 71308 | Pan      | Killed Mnoleg
 71349 | Pan      | Lost mutation: You can translocate small distances at will. [mutagenic meat]
 71350 | Pan      | Lost mutation: You are frail (-10% HP). [mutagenic meat]
 71351 | Pan      | Lost mutation: Your magical capacity is low (-10% MP). [mutagenic meat]
 71364 | Pan      | Lost mutation: You often lose your temper in combat. [mutagenic meat]
 71378 | Pan      | Lost mutation: You regenerate slowly when monsters are visible. [mutagenic meat]
 71380 | Pan      | Lost mutation: You are very clumsy. (Dex -4) [mutagenic meat]
 71383 | Pan      | Lost mutation: Your body often deteriorates upon taking damage. [mutagenic meat]
 71384 | Pan      | Lost mutation: Your system is resistant to poisons. [mutagenic meat]
 71385 | Pan      | Gained mutation: You often lose your temper in combat. [mutagenic meat]
 71387 | Pan      | Lost mutation: Armour fits poorly on your strangely shaped body. [mutagenic meat]
 71388 | Pan      | Gained mutation: You are frail (-10% HP). [mutagenic meat]
 71389 | Pan      | Lost mutation: You are clumsy. (Dex -2) [mutagenic meat]
 71391 | Pan      | Lost mutation: You are very weak. (Str -4) [mutagenic meat]
 71392 | Pan      | Gained mutation: You are resistant to electric shocks. [mutagenic meat]
 71432 | Pan      | Gained mutation: Scrolls take you a little longer to read. [a neqoxec]
 71777 | Pan      | Got a glowing rune of Zot
 71799 | Pan      | Found an exit through the horrors of the Abyss.
 71835 | Pan      | Gained mutation: You are clumsy. (Dex -2) [a cacodemon]
 72002 | Pan      | Gained mutation: You sometimes yell uncontrollably at your foes. [a cacodemon]
 72032 | Pan      | Gained mutation: You are very frail (-20% HP). [a neqoxec]
 72035 | Pan      | Gained mutation: Your spells are a little easier to cast, but a little less powerful. [a neqoxec]
 72474 | Pan      | Lost mutation: You are resistant to electric shocks. [a neqoxec]
 72483 | Pan      | Noticed Kiedakib the pandemonium lord
 72490 | Pan      | Gained mutation: You are very weak. (Str -4) [a neqoxec]
 72494 | Pan      | Killed Kiedakib the pandemonium lord
 72569 | Pan      | Found an exit through the horrors of the Abyss.
 73101 | Pan      | Noticed Roargh the pandemonium lord
 73116 | Pan      | Killed Roargh the pandemonium lord
 73231 | Pan      | Found an exit through the horrors of the Abyss.
 73608 | Pan      | Noticed Yggount the pandemonium lord
 73621 | Pan      | Killed Yggount the pandemonium lord
 73935 | Pan      | Found an exit through the horrors of the Abyss.
 73970 | Pan      | Gained mutation: Your spells are easier to cast, but less powerful. [a cacodemon]
 74261 | Pan      | Gained mutation: Your magical capacity is low (-10% MP). [a neqoxec]
 74565 | Pan      | Found an exit through the horrors of the Abyss.
 74584 | Pan      | Noticed Etumitue the pandemonium lord
 74595 | Pan      | Killed Etumitue the pandemonium lord
 75227 | Pan      | Found an exit through the horrors of the Abyss.
 75476 | Pan      | Noticed Aketuq the pandemonium lord
 75489 | Pan      | Killed Aketuq the pandemonium lord
 76382 | Pan      | Found an exit through the horrors of the Abyss.
 76673 | Pan      | Identified Toziosm's Almanac of Clay
 76854 | Pan      | Reached skill level 1 in Spellcasting
 76854 | Pan      | Reached skill level 1 in Transmutations
 76919 | Pan      | Found a runed door.
 77212 | Pan      | Found an exit through the horrors of the Abyss.
 77619 | Pan      | Noticed Poqeur the pandemonium lord
 77954 | Pan      | Killed Poqeur the pandemonium lord
 77981 | Pan      | Reached skill level 15 in Necromancy
 78030 | Pan      | Entered the realm of Gloorx Vloq.
 78410 | Pan      | Noticed Gloorx Vloq
 78416 | Pan      | Killed Gloorx Vloq
 78431 | Pan      | Got a dark rune of Zot
 78587 | Pan      | Found an exit through the horrors of the Abyss.
 78796 | Pan      | Reached skill level 5 in Spellcasting
 79353 | Pan      | Reached skill level 5 in Transmutations
 79472 | Pan      | Found an exit through the horrors of the Abyss.
 79477 | Pan      | Noticed Qoprocotz the pandemonium lord
 79491 | Pan      | Killed Qoprocotz the pandemonium lord
 80013 | Depths:3 | Escaped Pandemonium
 80047 | Pan      | Entered Pandemonium
 80163 | Pan      | Noticed Futoowo the pandemonium lord
 80175 | Pan      | Killed Futoowo the pandemonium lord
 80453 | Pan      | Found an exit through the horrors of the Abyss.
 81292 | Pan      | Noticed Omeidal the pandemonium lord
 81303 | Pan      | Killed Omeidal the pandemonium lord
 81636 | Pan      | Found an exit through the horrors of the Abyss.
 81939 | Pan      | Entered the realm of Lom Lobon.
 82326 | Pan      | Found an exit through the horrors of the Abyss.
 82724 | Pan      | Noticed Lom Lobon
 82799 | Pan      | Killed Lom Lobon
 82855 | Pan      | Got a magical rune of Zot
 83113 | Pan      | Got a translucent halberd
 83226 | Pan      | Gained mutation: You frequently scream uncontrollably at your foes. [a neqoxec]
 83231 | Pan      | Noticed Olihoes the pandemonium lord
 83239 | Pan      | Killed Olihoes the pandemonium lord
 83372 | Pan      | Identified the +2 halberd of Conflict {drain, Int+5} (You found it in Pandemonium)
 83380 | Pan      | Gained mutation: You regenerate slowly when monsters are visible. [a neqoxec]
 83775 | Pan      | Gained mutation: You have an uncontrollable temper. [a neqoxec]
 83870 | Pan      | Found an exit through the horrors of the Abyss.
 84553 | Pan      | Noticed Ocol the pandemonium lord
 84554 | Pan      | Got a jewelled hand axe
 84571 | Pan      | Killed Ocol the pandemonium lord
 84968 | Pan      | Found an exit through the horrors of the Abyss.
 85220 | Pan      | Got a fine rapier
 85231 | Pan      | Identified the +6 hand axe of Rocett {chop, rC- rN+ MR+++ MP+9} (You found it in Pandemonium)
 85237 | Pan      | Identified the +3 rapier of Gloom {vamp, rPois rN+++ Str-2} (You found it in Pandemonium)
 85762 | Pan      | Found a runed door.
 85793 | Pan      | Noticed Zefax the pandemonium lord
 85819 | Pan      | Killed Zefax the pandemonium lord
 85951 | Pan      | Found an exit through the horrors of the Abyss.
 86023 | Pan      | Gained mutation: You do not regenerate naturally when monsters are visible. [a neqoxec]
 86221 | Pan      | Lost mutation: You do not regenerate naturally when monsters are visible. [a neqoxec]
 86430 | Pan      | Gained mutation: Scrolls take you longer to read. [a neqoxec]
 86455 | Depths:3 | Escaped Pandemonium
 86477 | Pan      | Entered Pandemonium
 86593 | Pan      | Got a jewelled large shield
 86598 | Pan      | Identified the +0 large shield "Qowewnas" {rElec Regen+ Dex+4} (You took it off a daeva in Pandemonium)
 86699 | Pan      | Reached skill level 10 in Transmutations
 87407 | Pan      | Noticed a seraph
 87410 | Pan      | Killed a seraph
 87421 | Pan      | Found a glowing golden altar of the Shining One.
 87433 | Pan      | Identified Ozalunk's Grimoire of Noxious Good Luck
 87443 | Pan      | Identified the Disquisition on Captivating Conjuration
 87445 | Pan      | Identified the Papyrus of Noxious Shape Shifting
 87448 | Pan      | Identified Sif Muna's Handbook of Cloudy Arcane Weapons
 87792 | Pan      | Found a glowing silver altar of Zin.
 88491 | Pan      | Got a smoking large shield
 88494 | Pan      | Identified the cursed +0 large shield "Poaproi" {Slay+2} (You took it off a daeva in Pandemonium)
 90086 | Pan      | Found a white marble altar of Elyvilon.
 90162 | Pan      | Got an encrusted leather armour
 90165 | Pan      | Identified the cursed +1 leather armour of Ossiel {+Fly rF+ Str-5 Stlth+} (You found it in Pandemonium)
 90316 | Depths:3 | Escaped Pandemonium
 90919 | D:11     | Bought a sapphire arbalest for 332 gold pieces
 90921 | D:11     | Identified the +8 arbalest of Feowowku {elec, -Tele Int+5 Dex+2} (You bought it in a shop on level 11 of the Dungeon)
 92031 | Vaults:4 | Lost mutation: You expend magic power (3 MP) to strengthen your wands. [mutagenic meat]
 93064 | Vaults:2 | Bought a scroll of enchant weapon for 105 gold pieces
 93078 | Vaults:2 | Bought a bread ration for 75 gold pieces
 94099 | Zot:3    | Reached skill level 10 in Spellcasting
 94105 | Zot:3    | Got a dazzling scale mail
 94694 | Depths:3 | Identified the +1 scale mail "Togon" {-Tele rN+ Int+4} (You found it on level 3 of the Realm of Zot)
 94929 | D:12     | Bought a potion of heal wounds for 75 gold pieces
 94929 | D:12     | Bought a scroll of recharging for 142 gold pieces
 94929 | D:12     | Bought a meat ration for 75 gold pieces
 95286 | Pan      | Entered Pandemonium
 95320 | Pan      | Noticed Figeikh the pandemonium lord
 95698 | Pan      | Gained mutation: Your body often deteriorates upon taking damage. [a neqoxec]
 95764 | Pan      | Killed Figeikh the pandemonium lord
 95823 | Pan      | Gained mutation: Your magical capacity is very low (-20% MP). [a neqoxec]
 95974 | Pan      | Found an exit through the horrors of the Abyss.
 96467 | Pan      | Paralysed by a torturous chaos champion for 4 turns
 96472 | Pan      | Noticed Zuket the pandemonium lord
 96490 | Pan      | Killed Zuket the pandemonium lord
 96685 | Pan      | Gained mutation: You are extremely frail (-30% HP). [a neqoxec]
 97006 | Pan      | Found an exit through the horrors of the Abyss.
 97391 | Pan      | Gained mutation: Your magical capacity is extremely low (-30% MP). [a neqoxec]
 97622 | Pan      | Noticed Gadim the pandemonium lord
 97647 | Pan      | Killed Gadim the pandemonium lord
 97781 | Pan      | Found an exit through the horrors of the Abyss.
 97866 | Pan      | Found a gateway to a ziggurat.
 97866 | Pan      | Noticed an ancient lich
 97872 | Pan      | Killed an ancient lich
 98393 | Pan      | Noticed Jiom the pandemonium lord
 98399 | Pan      | Cast into the Abyss (Jiom)
 98535 | Abyss:1  | Noticed an ancient lich
 98546 | Abyss:1  | Killed an ancient lich
 98948 | Abyss:1  | Gained mutation: You are occasionally teleported next to monsters. [a neqoxec]
 99081 | Abyss:1  | Lost mutation: Scrolls take you much longer to read. [mutagenic meat]
 99368 | Abyss:2  | Lost mutation: Your body often deteriorates upon taking damage. [mutagenic meat]
 99369 | Abyss:2  | Lost mutation: Scrolls take you a little longer to read. [mutagenic meat]
 99524 | Abyss:2  | Gained mutation: Your spells are much easier to cast, but much less powerful. [a shining eye]
 99527 | Abyss:2  | Gained mutation: Armour fits poorly on your strangely shaped body. [a shining eye]
 99696 | Abyss:2  | Noticed an ancient lich
 99701 | Abyss:2  | Killed an ancient lich
 99964 | Abyss:3  | Found a corrupted altar of Lugonu.
100110 | Abyss:3  | Found a corrupted altar of Lugonu.
100272 | Abyss:3  | Lost mutation: Your body sometimes deteriorates upon taking damage. [mutagenic meat]
100273 | Abyss:3  | Lost mutation: You are extremely frail (-30% HP). [mutagenic meat]
100397 | Abyss:3  | Reached skill level 27 in Fighting
100541 | Abyss:3  | Reached skill level 15 in Transmutations
100549 | Abyss:3  | Gained mutation: Scrolls take you a little longer to read. [a neqoxec]
100550 | Abyss:3  | Gained mutation: You expend magic power (3 MP) to strengthen your wands. [a neqoxec]
100563 | Abyss:3  | Gained mutation: Your body sometimes deteriorates upon taking damage. [a neqoxec]
100611 | Abyss:3  | Lost mutation: Scrolls take you a little longer to read. [mutagenic meat]
100774 | Abyss:3  | Paralysed by accursed screaming for 1 turns
100784 | Abyss:3  | Found a corrupted altar of Lugonu.
100821 | Abyss:3  | Noticed an ancient lich
100832 | Abyss:3  | Killed an ancient lich
100858 | Abyss:3  | Gained mutation: You are very clumsy. (Dex -4) [a neqoxec]
100861 | Abyss:3  | Gained mutation: Scrolls take you a little longer to read. [a neqoxec]
100887 | Abyss:3  | Got an abyssal rune of Zot
100987 | Abyss:3  | Found a corrupted altar of Lugonu.
101122 | Abyss:3  | Reached skill level 15 in Spellcasting
101245 | Abyss:3  | Gained mutation: Your body often deteriorates upon taking damage. [a neqoxec]
101253 | Abyss:3  | Gained mutation: You are extremely frail (-30% HP). [a neqoxec]
101323 | Abyss:3  | Lost mutation: You are very weak. (Str -4) [mutagenic meat]
101395 | Pan      | Escaped the Abyss
101400 | Pan      | Killed Jiom the pandemonium lord
101818 | Pan      | Found an exit through the horrors of the Abyss.
102540 | Pan      | Found an exit through the horrors of the Abyss.
102646 | Pan      | Gained mutation: You do not regenerate naturally when monsters are visible. [a neqoxec]
103053 | Pan      | Gained mutation: Scrolls take you longer to read. [a neqoxec]
103190 | Pan      | Gained mutation: You are very weak. (Str -4) [a cacodemon]
103247 | Pan      | Noticed Ryvair the pandemonium lord
103277 | Pan      | Killed Ryvair the pandemonium lord
103916 | Pan      | Found an exit through the horrors of the Abyss.
104086 | Pan      | Lost mutation: You expend magic power (3 MP) to strengthen your wands. [the power of Zot]
104524 | Pan      | Found an exit through the horrors of the Abyss.
104729 | Pan      | Got a pair of fine boots
104734 | Pan      | Identified the +1 pair of boots "Amua" {rF- rC+ MR++} (You found it in Pandemonium)
104797 | Pan      | Lost mutation: You are very weak. (Str -4) [a neqoxec]
105029 | Pan      | Noticed Seeph the pandemonium lord
105034 | Pan      | Killed Seeph the pandemonium lord
105208 | Pan      | Found an exit through the horrors of the Abyss.
105216 | Pan      | Found a huge runed gate.
105264 | Pan      | Noticed Qogiw the pandemonium lord
105269 | Pan      | Killed Qogiw the pandemonium lord
106181 | Pan      | Noticed Yxeurgha the pandemonium lord
106184 | Pan      | Killed Yxeurgha the pandemonium lord
106423 | Pan      | Found an exit through the horrors of the Abyss.
106839 | Pan      | Gained mutation: You expend magic power (3 MP) to strengthen your wands. [a cacodemon]
106868 | Depths:3 | Escaped Pandemonium
106884 | Pan      | Entered Pandemonium
106916 | Pan      | Found a runed door.
106922 | Pan      | Noticed Imifat the pandemonium lord
106932 | Pan      | Killed Imifat the pandemonium lord
107131 | Pan      | Found an exit through the horrors of the Abyss.
107668 | Pan      | Found an exit through the horrors of the Abyss.
107732 | Pan      | Noticed Byezeth the pandemonium lord
107743 | Pan      | Killed Byezeth the pandemonium lord
107964 | Pan      | Gained mutation: Scrolls take you much longer to read. [a neqoxec]
108080 | Pan      | Reached skill level 27 in Dodging
108354 | Depths:3 | Escaped Pandemonium
110248 | Slime:3  | Gained mutation: You are very weak. (Str -4) [a shining eye]
111484 | Depths:3 | Lost mutation: Your body often deteriorates upon taking damage. [potion of cure mutation]
111484 | Depths:3 | Lost mutation: Your magical capacity is extremely low (-30% MP). [potion of cure mutation]
111484 | Depths:3 | Lost mutation: Scrolls take you much longer to read. [potion of cure mutation]
111485 | Depths:3 | Lost mutation: You are very weak. (Str -4) [potion of cure mutation]
111485 | Depths:3 | Lost mutation: You expend magic power (3 MP) to strengthen your wands. [potion of cure mutation]
111485 | Depths:3 | Lost mutation: Scrolls take you longer to read. [potion of cure mutation]
111485 | Depths:3 | Lost mutation: You have very sharp teeth. [potion of cure mutation]
111485 | Depths:3 | Lost mutation: You are very clumsy. (Dex -4) [potion of cure mutation]
111485 | Depths:3 | Lost mutation: You frequently scream uncontrollably at your foes. [potion of cure mutation]
111486 | Depths:3 | Lost mutation: Your spells are much easier to cast, but much less powerful. [potion of cure mutation]
111486 | Depths:3 | Lost mutation: Your magical capacity is very low (-20% MP). [potion of cure mutation]
111486 | Depths:3 | Lost mutation: Scrolls take you a little longer to read. [potion of cure mutation]
111486 | Depths:3 | Lost mutation: Your body sometimes deteriorates upon taking damage. [potion of cure mutation]
111486 | Depths:3 | Lost mutation: You are very dopey. (Int -4) [potion of cure mutation]
111487 | Depths:3 | Lost mutation: Armour fits poorly on your strangely shaped body. [potion of cure mutation]
111487 | Depths:3 | Lost mutation: You are extremely frail (-30% HP). [potion of cure mutation]
111487 | Depths:3 | Lost mutation: Your spells are easier to cast, but less powerful. [potion of cure mutation]
111487 | Depths:3 | Lost mutation: Your magical capacity is low (-10% MP). [potion of cure mutation]
111487 | Depths:3 | Lost mutation: You are weak. (Str -2) [potion of cure mutation]
111487 | Depths:3 | Lost mutation: You do not regenerate naturally when monsters are visible. [potion of cure mutation]
111488 | Depths:3 | Lost mutation: You are very frail (-20% HP). [potion of cure mutation]
111488 | Depths:3 | Lost mutation: You are occasionally teleported next to monsters. [potion of cure mutation]
111488 | Depths:3 | Lost mutation: You are dopey. (Int -2) [potion of cure mutation]
111488 | Depths:3 | Lost mutation: You are clumsy. (Dex -2) [potion of cure mutation]
111488 | Depths:3 | Lost mutation: You are frail (-10% HP). [potion of cure mutation]
111488 | Depths:3 | Lost mutation: You regenerate slowly when monsters are visible. [potion of cure mutation]
111634 | Pan      | Entered Pandemonium
111684 | Pan      | Noticed Adwemum the pandemonium lord
111701 | Pan      | Killed Adwemum the pandemonium lord
111724 | Pan      | Reached skill level 27 in Armour
112396 | Pan      | Found an exit through the horrors of the Abyss.
112820 | Pan      | Noticed Damp the pandemonium lord
112838 | Pan      | Killed Damp the pandemonium lord
113172 | Pan      | Found an exit through the horrors of the Abyss.
114034 | Pan      | Noticed Uguobicu the pandemonium lord
114057 | Pan      | Killed Uguobicu the pandemonium lord
114455 | Pan      | Found an exit through the horrors of the Abyss.
114841 | Pan      | Found an exit through the horrors of the Abyss.
114927 | Pan      | Found a runed door.
114944 | Pan      | Found a runed door.
115022 | Pan      | Found a runed door.
115033 | Pan      | Noticed Viefreum the pandemonium lord
115040 | Pan      | Found a runed door.
115130 | Pan      | Killed Viefreum the pandemonium lord
115163 | Pan      | Got a scorched hand axe
115164 | Pan      | Identified the +5 hand axe "Cizunuqidi" {chop, rC+ MP+9 SInv} (You found it in Pandemonium)
115319 | Pan      | Gained mutation: You regenerate slowly when monsters are visible. [a neqoxec]
115321 | Pan      | Gained mutation: Your magical capacity is low (-10% MP). [a neqoxec]
115939 | Pan      | Found an exit through the horrors of the Abyss.
116592 | Pan      | Found an exit through the horrors of the Abyss.
116644 | Pan      | Noticed Wymiasor the pandemonium lord
116654 | Pan      | Killed Wymiasor the pandemonium lord
117125 | Pan      | Noticed Awizumaj the pandemonium lord
117132 | Pan      | Killed Awizumaj the pandemonium lord
117291 | Pan      | Found an exit through the horrors of the Abyss.
117744 | Pan      | Noticed Miufil the pandemonium lord
117764 | Pan      | Killed Miufil the pandemonium lord
118025 | Pan      | Found an exit through the horrors of the Abyss.
118610 | Pan      | Identified the Almanac of the Glacier and Dislocation (You found it in Pandemonium)
118740 | Pan      | Found an exit through the horrors of the Abyss.
119101 | Pan      | Found a gateway to a ziggurat.
119248 | Pan      | Found an exit through the horrors of the Abyss.
119319 | Pan      | Noticed Feufat the pandemonium lord
119346 | Pan      | Killed Feufat the pandemonium lord
119346 | Pan      | Reached skill level 27 in Necromancy
119580 | Zig:1    | Entered Level 1 of a ziggurat
119593 | Zig:2    | Entered Level 2 of a ziggurat
119617 | Zig:3    | Entered Level 3 of a ziggurat
119644 | Zig:4    | Entered Level 4 of a ziggurat
119645 | Zig:4    | Noticed an orb of fire
119658 | Zig:4    | Killed an orb of fire
119786 | Zig:5    | Entered Level 5 of a ziggurat
119829 | Zig:6    | Entered Level 6 of a ziggurat
119866 | Zig:7    | Entered Level 7 of a ziggurat
119979 | Zig:7    | Reached skill level 5 in Shields
120004 | Zig:8    | Entered Level 8 of a ziggurat
120020 | Zig:8    | Noticed an ancient lich
120032 | Zig:8    | Killed an ancient lich
120055 | Zig:8    | Got a scorched graven amulet
120058 | Zig:8    | Identified the amulet of Ehigiunu {Clar rPois} (You found it on level 8 of a ziggurat)
120065 | Zig:8    | Identified Pixt's Almanac of Fiery Confrontation
120092 | Zig:9    | Entered Level 9 of a ziggurat
120100 | Zig:9    | Noticed an ancient lich
120101 | Zig:9    | Noticed an ancient lich
120122 | Zig:9    | Killed an ancient lich
120122 | Zig:9    | Reached skill level 5 in Charms
120129 | Zig:9    | Killed an ancient lich
120176 | Zig:9    | Identified Qitsou's Guide on the Frostbite and Transformation (You found it on level 9 of a ziggurat)
120186 | Zig:9    | Got an ancient spear
120187 | Zig:9    | Identified the cursed +3 spear of Jufoel {freeze, rF+ rC- rN+ MR+} (You found it on level 9 of a ziggurat)
120197 | Zig:10   | Entered Level 10 of a ziggurat
120246 | Zig:10   | Got an ivory long sword
120247 | Zig:10   | Identified the +3 long sword of the Moon {flame, rN+} (You found it on level 10 of a ziggurat)
120274 | Zig:10   | Got a jewelled dagger
120275 | Zig:10   | Identified the +7 dagger "Demonspawn's Death" {flame, rC+ rN+} (You found it on level 10 of a ziggurat)
120519 | Zig:11   | Entered Level 11 of a ziggurat
120646 | Zig:11   | Lost mutation: Your spells are a little easier to cast, but a little less powerful. [potion of cure mutation]
120646 | Zig:11   | Lost mutation: You regenerate slowly when monsters are visible. [potion of cure mutation]
120646 | Zig:11   | Lost mutation: Your magical capacity is low (-10% MP). [potion of cure mutation]
120647 | Zig:11   | Lost mutation: You have an uncontrollable temper. [potion of cure mutation]
120647 | Zig:11   | Lost mutation: You often lose your temper in combat. [potion of cure mutation]
120647 | Zig:11   | Lost mutation: You tend to lose your temper in combat. [potion of cure mutation]
120647 | Zig:11   | Lost mutation: You sometimes yell uncontrollably at your foes. [potion of cure mutation]
120647 | Zig:11   | Lost mutation: You occasionally shout uncontrollably at your foes. [potion of cure mutation]
120653 | Zig:11   | Identified the Papyrus of Torrid Arcane Weapons
120692 | Zig:11   | Identified a +5 rod of the swarm (14/14) (You found it on level 11 of a ziggurat)
120934 | Zig:11   | Got a twisted trident
120935 | Zig:11   | Identified the +2 trident of Pandemonium {holy, *Noise +Inv rElec Stlth+} (You found it on level 11 of a ziggurat)
120946 | Zig:12   | Entered Level 12 of a ziggurat
121084 | Zig:12   | Got a twitching silver ring
121085 | Zig:12   | Identified the ring "Xareix" {+Fly rElec rF+ rC- Str+4 SInv} (You found it on level 12 of a ziggurat)
121093 | Zig:12   | Got a dazzling whip
121094 | Zig:12   | Identified the +1 whip of Kenuz {drain, rC+} (You found it on level 12 of a ziggurat)
121100 | Zig:12   | Got a twisted chain mail
121101 | Zig:12   | Identified the +6 chain mail of Courage {rC+ rN+ MR-} (You found it on level 12 of a ziggurat)
121106 | Zig:12   | Got a smoking rapier
121107 | Zig:12   | Identified the +4 rapier of Lor Xaf {pierce, +Inv MR++} (You found it on level 12 of a ziggurat)
121155 | Zig:13   | Entered Level 13 of a ziggurat
121163 | Zig:13   | Noticed Rigait the pandemonium lord
121166 | Zig:13   | Noticed Lobeluff the pandemonium lord
121171 | Zig:13   | Noticed Saantysu the pandemonium lord
121174 | Zig:13   | Killed Rigait the pandemonium lord
121188 | Zig:13   | Killed Saantysu the pandemonium lord
121199 | Zig:13   | Killed Lobeluff the pandemonium lord
121236 | Zig:13   | Got a crude mace
121237 | Zig:13   | Identified the cursed +1 mace of Liget {speed, rElec rF+} (You found it on level 13 of a ziggurat)
121273 | Zig:13   | Got a steaming plate armour
121274 | Zig:13   | Identified the cursed +0 plate armour of Ladders and Snakes {rPois} (You found it on level 13 of a ziggurat)
121325 | Zig:13   | Learned a level 5 spell: Lightning Bolt
121337 | Zig:13   | Learned a level 6 spell: Bolt of Fire
121343 | Zig:13   | Learned a level 5 spell: Bolt of Draining
121371 | Zig:14   | Entered Level 14 of a ziggurat
121469 | Zig:14   | Identified the Papyrus of Displacement and Bewitchment
121478 | Zig:14   | Got an ichor-stained whip
121482 | Zig:14   | Identified the +6 whip "Bicop" {freeze, rF+ Dex+4 Stlth-} (You found it on level 14 of a ziggurat)
121486 | Zig:14   | Got a scorched mace
121487 | Zig:14   | Identified the +4 mace "Verphokk" {speed, +Inv rF+ Dex-5} (You found it on level 14 of a ziggurat)
121502 | Zig:15   | Entered Level 15 of a ziggurat
121515 | Zig:15   | Noticed Fosueg the pandemonium lord
121515 | Zig:15   | Noticed Woysan the pandemonium lord
121515 | Zig:15   | Noticed Ydouklerch the pandemonium lord
121516 | Zig:15   | Noticed Mete the pandemonium lord
121517 | Zig:15   | Noticed Jost the pandemonium lord
121518 | Zig:15   | Noticed Waeklol the pandemonium lord
121522 | Zig:15   | Reached skill level 10 in Charms
121522 | Zig:15   | Killed Ydouklerch the pandemonium lord
121522 | Zig:15   | Killed Waeklol the pandemonium lord
121522 | Zig:15   | Killed Fosueg the pandemonium lord
121522 | Zig:15   | Killed Jost the pandemonium lord
121522 | Zig:15   | Killed Woysan the pandemonium lord
121543 | Zig:15   | Killed Mete the pandemonium lord
121543 | Zig:15   | Paralysed by you for 6 turns
121621 | Zig:15   | Gained mutation: You are frail (-10% HP). [mutagenic glow]
121647 | Zig:15   | Got an ancient morningstar
121648 | Zig:15   | Identified the +8 morningstar "Giugepn" {crush, rF+} (You found it on level 15 of a ziggurat)
121655 | Zig:15   | Got a translucent hand crossbow
121656 | Zig:15   | Identified the cursed +1 hand crossbow "Yphopits" {elec, rN+} (You found it on level 15 of a ziggurat)
121678 | Zig:16   | Entered Level 16 of a ziggurat
121767 | Zig:16   | Got a shimmering steel amulet
121770 | Zig:16   | Identified the amulet "Cail Tya" {+Rage rN+ MP-9 Str+4 Dex+2} (You found it on level 16 of a ziggurat)
121791 | Zig:16   | Got a dazzling battleaxe
121792 | Zig:16   | Identified the +6 battleaxe of Tefergh {drain, *Confuse Str+3 Int+3} (You found it on level 16 of a ziggurat)
121818 | Zig:16   | Learned a level 9 spell: Dragon's Call
121844 | Zig:17   | Entered Level 17 of a ziggurat
121928 | Zig:17   | Got a brightly glowing plate armour
121929 | Zig:17   | Identified the cursed +0 plate armour of Satisfaction {*Confuse rN+ Regen+ Dex+2} (You found it on level 17 of a ziggurat)
122204 | Zig:18   | Entered Level 18 of a ziggurat
122222 | Zig:18   | Noticed an ancient lich
122245 | Zig:18   | Killed an ancient lich
122257 | Zig:18   | Paralysed by accursed screaming for 1 turns
122271 | Zig:18   | Paralysed by accursed screaming for 2 turns
122276 | Zig:18   | Paralysed by accursed screaming for 1 turns
122514 | Zig:18   | Got a crude battleaxe
122515 | Zig:18   | Identified the +7 battleaxe of Accord {flame, rC+ rN++ Int-4} (You found it on level 18 of a ziggurat)
122518 | Zig:18   | Got a warped falchion
122519 | Zig:18   | Identified the cursed +1 falchion of Midnight {drain, *Drain rElec rN+ Int+2} (You found it on level 18 of a ziggurat)
122522 | Zig:18   | Identified the Almanac of Floating Attacks
122530 | Zig:18   | Learned a level 6 spell: Freezing Cloud
122564 | Zig:19   | Entered Level 19 of a ziggurat
122739 | Zig:19   | Got a warped broad axe
122932 | Zig:19   | Identified the +6 broad axe "Joeraj" {freeze, rPois rC++ Str+2} (You found it on level 19 of a ziggurat)
122964 | Zig:19   | Got a crude plate armour
122965 | Zig:19   | Identified the cursed +0 plate armour "Gerch" {Dex+5} (You found it on level 19 of a ziggurat)
122993 | Zig:20   | Entered Level 20 of a ziggurat
123137 | Zig:20   | Reached skill level 10 in Translocations
123147 | Zig:20   | Got a jewelled leather armour
123148 | Zig:20   | Identified the +3 leather armour of Vehumet's Displeasure {Int+7} (You found it on level 20 of a ziggurat)
123168 | Zig:20   | Got a slimy ring mail
123182 | Zig:20   | Identified the cursed +1 ring mail of Wasted Space {+Fly rC+ Str+3 Dex+3} (You found it on level 20 of a ziggurat)
123216 | Zig:20   | Got a pitted gold dragon armour
123220 | Zig:20   | Identified the cursed +0 gold dragon armour "Loregih" {rElec rPois rF+ rC+ Dex+3} (You found it on level 20 of a ziggurat)
123276 | Zig:21   | Entered Level 21 of a ziggurat
123316 | Zig:21   | Reached skill level 5 in Summonings
123444 | Zig:21   | Identified a +1 rod of destruction (12/12) (You found it on level 21 of a ziggurat)
123452 | Zig:21   | Identified the Incunabulum of Conjuration and Flames
123461 | Zig:21   | Got a brightly glowing brass amulet
123462 | Zig:21   | Identified the amulet of Zucsofoh {rMut +Fly Dex+4 SInv Stlth+} (You found it on level 21 of a ziggurat)
123478 | Zig:21   | Got a crude shortbow
123490 | Zig:21   | Identified the +3 shortbow "Venevewe" {velocity, rF+ Dex+3} (You found it on level 21 of a ziggurat)
123499 | Zig:21   | Got a fine chain mail
123510 | Zig:21   | Identified the +6 chain mail of Ungead {MP+9 Int+6} (You found it on level 21 of a ziggurat)
123534 | Zig:22   | Entered Level 22 of a ziggurat
123648 | Zig:22   | Identified the Grimoire of Necromancy and Cold
123658 | Zig:22   | Reached skill level 15 in Charms
123664 | Zig:22   | Got a pair of polished gloves
123675 | Zig:22   | Identified the +2 pair of gloves "Ubbora Qoej" {+Blink MP+9 Dex+3 Slay+2} (You found it on level 22 of a ziggurat)
123686 | Zig:22   | Got a distressingly furry leather armour
123697 | Zig:22   | Identified the +3 leather armour "Kathy" {rPois rN+++ Int+3 SInv} (You found it on level 22 of a ziggurat)
123709 | Zig:22   | Got a glittering marble ring
123711 | Zig:22   | Identified the ring "Axoweubb" {rC+ Int+6} (You found it on level 22 of a ziggurat)
123751 | Zig:22   | Identified the Catalogue of Poisonous Evil (You found it on level 22 of a ziggurat)
123756 | Zig:22   | Got a faintly glowing pewter amulet
123757 | Zig:22   | Identified the amulet "Wioshow" {+Rage rPois Str+4} (You found it on level 22 of a ziggurat)
123794 | Zig:23   | Entered Level 23 of a ziggurat
123835 | Zig:23   | Reached skill level 10 in Evocations
123877 | Zig:23   | Got a faintly glowing garnet amulet
123895 | Zig:23   | Got a faintly glowing ivory ring
124116 | Zig:23   | Gained mutation: You are resistant to electric shocks. [potion of beneficial mutation]
124120 | Zig:23   | Got a flickering platinum ring
124120 | Zig:23   | Got a smoking platinum ring
124125 | Zig:23   | Identified the ring of Temptation {+Inv rElec Str+3 Int+4} (You found it on level 23 of a ziggurat)
124129 | Zig:23   | Identified the cursed ring "Urow" {Dex-5 Stlth+} (You found it on level 23 of a ziggurat)
124135 | Zig:23   | Identified the ring "Demm" {*Contam rElec rF+ Int+6} (You found it on level 23 of a ziggurat)
124418 | Zig:23   | Identified the amulet of Daffodils {Stasis rPois Dex+2} (You found it on level 23 of a ziggurat)
124428 | Zig:23   | Got a brightly glowing battleaxe
124428 | Zig:23   | Got a polished arbalest
124429 | Zig:23   | Got a steaming shortbow
124429 | Zig:23   | Got a translucent great sword
124433 | Zig:23   | Identified the +6 battleaxe "Musteatbrain's Regret" {speed, rF++ Str-3 Dex+2} (You found it on level 23 of a ziggurat)
124434 | Zig:23   | Identified the +4 arbalest "Baffaec" {venom, MR+} (You found it on level 23 of a ziggurat)
124436 | Zig:23   | Identified the cursed +0 shortbow "Mamon" {speed, Int+9} (You found it on level 23 of a ziggurat)
124443 | Zig:23   | Identified the +7 great sword of Ysi Ibri {vamp, +Fly rF++ rC- Str+4} (You found it on level 23 of a ziggurat)
124473 | Zig:23   | Learned a level 4 spell: Control Undead
124528 | Zig:24   | Entered Level 24 of a ziggurat
124552 | Zig:24   | Reached skill level 1 in Stealth
124569 | Zig:24   | Reached skill level 5 in Stealth
124754 | Zig:24   | Got a transparent crystal amulet
124755 | Zig:24   | Identified the amulet "Dosuanal" {Ward +Fly rPois rN+} (You found it on level 24 of a ziggurat)
124774 | Zig:24   | Reached skill level 10 in Stealth
124783 | Zig:24   | Reached skill level 15 in Evocations
124787 | Zig:24   | Identified the Handbook of Lethal Bewitchment
124798 | Zig:24   | Learned a level 8 spell: Discord
124814 | Zig:24   | Got a warped longbow
124815 | Zig:24   | Identified the cursed +1 longbow "Newtbane" {freeze, rN++} (You found it on level 24 of a ziggurat)
124876 | Zig:25   | Entered Level 25 of a ziggurat
125040 | Zig:25   | Got an iridescent greatsling
125041 | Zig:25   | Identified the +8 greatsling of Banigekk {flame, rElec rC- rN+ MP+9} (You found it on level 25 of a ziggurat)
125060 | Zig:25   | Got a faintly glowing mace
125062 | Zig:25   | Got a faintly glowing scale mail
125066 | Zig:25   | Identified the Catalogue of the Supportive Glacier
125078 | Zig:25   | Identified Sif Muna's Compendium of Clay
125094 | Zig:25   | Got a wavering copper ring
125110 | Zig:25   | Got a pair of transparent gloves
125133 | Zig:25   | Identified the cursed +0 pair of gloves "Raffozxe" {+Inv MP+9 Dex-2 Slay-2} (You found it on level 25 of a ziggurat)
125153 | Zig:25   | Identified the +1 scale mail of Egiogump {rF+ rCorr Str-2} (You found it on level 25 of a ziggurat)
125205 | Zig:25   | Identified the cursed +2 mace "Fomoxt" {crush, Int+2} (You found it on level 25 of a ziggurat)
125230 | Zig:25   | Identified the ring of Abrohety {SustAt +Blink rElec rN+ MP+9} (You found it on level 25 of a ziggurat)
125335 | Zig:26   | Entered Level 26 of a ziggurat
125360 | Zig:26   | Reached skill level 10 in Crossbows
125609 | Zig:26   | Got a twisted quarterstaff
125610 | Zig:26   | Identified the cursed +1 quarterstaff "Teoclios" {venom, Str+2} (You found it on level 26 of a ziggurat)
125622 | Zig:26   | Got a smoking jade amulet
125624 | Zig:26   | Identified the amulet "Salaorir" {rCorr +Fly rN++ Dex+3 Stlth+} (You found it on level 26 of a ziggurat)
125632 | Zig:26   | Got a wavering bronze ring
125635 | Zig:26   | Identified the ring "Isu Esud" {+/*Tele rPois rC+ Str+6} (You found it on level 26 of a ziggurat)
125669 | Zig:26   | Identified the Compendium of Ignition
125683 | Zig:26   | Identified the Reference Book on Confrontation
125699 | Zig:26   | Got a crystal mace
125700 | Zig:26   | Identified the +9 mace of an ice cave {flame, rElec rF+} (You found it on level 26 of a ziggurat)
125706 | Zig:26   | Identified Jivaq's Disquisition on Poisoning and Attacks
125797 | Zig:27   | Entered Level 27 of a ziggurat
125826 | Zig:27   | Reached skill level 1 in Polearms
125844 | Zig:27   | Reached skill level 5 in Polearms
125844 | Zig:27   | Reached skill level 10 in Polearms
125988 | Zig:27   | Lost mutation: You are frail (-10% HP). [potion of cure mutation]
125988 | Zig:27   | Lost mutation: You are resistant to electric shocks. [potion of cure mutation]
126000 | Zig:27   | Got a thick robe
126011 | Zig:27   | Identified the cursed +0 robe of Servitude {*Corrode rN+ Str+4} (You found it on level 27 of a ziggurat)
126035 | Zig:27   | Got a warped whip
126036 | Zig:27   | Identified the +6 whip of Fear {pain, MP+9 Int-3 SInv} (You found it on level 27 of a ziggurat)
126047 | Zig:27   | Got a steaming chain mail
126058 | Zig:27   | Identified the +7 chain mail of the Ten of Pentacles {rC- MP+9 Dex+5} (You found it on level 27 of a ziggurat)
126522 | Pan      | Reached skill level 1 in Hexes
126618 | Pan      | Noticed Aroll the pandemonium lord
126644 | Pan      | Killed Aroll the pandemonium lord
126706 | Pan      | Found a gateway to a ziggurat.
126728 | Pan      | Found an exit through the horrors of the Abyss.
126777 | Pan      | Got a polished mace
126778 | Pan      | Identified the +3 mace of Ludew {pain, *Contam Int+3 Dex+10} (You found it in Pandemonium)
126792 | Pan      | Reached skill level 5 in Hexes
126801 | Pan      | Got a fine great mace {crush}
126802 | Pan      | Identified the +5 great mace of Kezadwem {crush, Int+8} (You took it off a gelid demonspawn in Pandemonium)
127180 | Zig:1    | Entered Level 1 of a ziggurat
127203 | Zig:2    | Entered Level 2 of a ziggurat
127226 | Zig:3    | Entered Level 3 of a ziggurat
127226 | Zig:3    | Noticed a juggernaut
127238 | Zig:3    | Killed a juggernaut
127292 | Zig:4    | Entered Level 4 of a ziggurat
127325 | Zig:4    | Identified the Disquisition on Virous Changing
127331 | Zig:5    | Entered Level 5 of a ziggurat
127404 | Zig:6    | Entered Level 6 of a ziggurat
127414 | Zig:6    | Reached skill level 10 in Hexes
127455 | Zig:6    | Got a shimmering hand axe
127460 | Zig:6    | Got a fine ring mail
127471 | Zig:6    | Identified the cursed +1 ring mail "Zuzxeh" {rPois MR+} (You found it on level 6 of a ziggurat)
127485 | Zig:6    | Identified the +6 hand axe of Mixkeqata {antimagic, *Contam +Rage rF+} (You found it on level 6 of a ziggurat)
127530 | Zig:6    | Gained mutation: You regenerate slowly when monsters are visible. [mutagenic glow]
127717 | Zig:7    | Entered Level 7 of a ziggurat
127754 | Zig:7    | Got a faintly glowing hand axe
127756 | Zig:7    | Got a scorched long sword
127757 | Zig:7    | Identified the +8 hand axe "Qoovoy" {venom, Int+2 Dex+2 SInv} (You found it on level 7 of a ziggurat)
127886 | Zig:7    | Identified the +10 long sword of Unte {venom, rC+ rN+ Str-3 Dex+4} (You found it on level 7 of a ziggurat)
127892 | Zig:7    | Identified the Handbook of Transmutation and Stones
127907 | Zig:7    | Got an ancient lead amulet
127915 | Zig:7    | Identified the amulet "Eresiuxt" {Regen+ Int+2} (You found it on level 7 of a ziggurat)
127932 | Zig:8    | Entered Level 8 of a ziggurat
128022 | Zig:9    | Entered Level 9 of a ziggurat
128031 | Zig:9    | Reached skill level 15 in Long Blades
128060 | Zig:9    | Got a faintly glowing ivory ring
128064 | Zig:9    | Got a vibrating glass ring
128066 | Zig:9    | Identified the ring "Xaoqimn" {Ice rPois MP+9} (You found it on level 9 of a ziggurat)
128070 | Zig:9    | Identified the ring "Forget-Me-Not" {MP-9 Str+2 Int+4} (You found it on level 9 of a ziggurat)
128084 | Zig:10   | Entered Level 10 of a ziggurat
128103 | Zig:10   | Reached skill level 15 in Hexes
128388 | Zig:10   | Got a brightly glowing leather armour
128392 | Zig:10   | Got a transparent shortbow
128395 | Zig:10   | Identified the +3 shortbow of Badi {speed, rPois Dex+2 Stlth+} (You found it on level 10 of a ziggurat)
128420 | Zig:10   | Identified the +2 leather armour "Jagoob" {rN+ rCorr MP+9 Int+4} (You found it on level 10 of a ziggurat)
128506 | Zig:11   | Entered Level 11 of a ziggurat
128516 | Zig:11   | Reached skill level 1 in Conjurations
128559 | Zig:11   | Reached skill level 5 in Conjurations
128568 | Zig:11   | Got a smoking battleaxe
128577 | Zig:11   | Got a steaming battleaxe
128590 | Zig:11   | Got a translucent war axe
128626 | Zig:11   | Identified the +6 battleaxe "Bousuxek" {drain, MR+} (You found it on level 11 of a ziggurat)
128629 | Zig:11   | Identified the +5 battleaxe of the Warrior {pain, Str+4} (You found it on level 11 of a ziggurat)
128632 | Zig:11   | Identified the +1 war axe of Fundamental Breach {elec, Str+2} (You found it on level 11 of a ziggurat)
128648 | Zig:12   | Entered Level 12 of a ziggurat
128729 | Zig:12   | Got a bound lapis lazuli ring
128732 | Zig:12   | Identified the ring of Wonder {Ice Stlth+} (You found it on level 12 of a ziggurat)
128759 | Zig:13   | Entered Level 13 of a ziggurat
128828 | Zig:13   | Got an ichor-stained hand axe
128837 | Zig:13   | Got a twitching jade amulet
128842 | Zig:13   | Got an ichor-stained war axe
128846 | Zig:13   | Got a slimy pearl dragon armour
128847 | Zig:13   | Identified the +1 hand axe of the Coward {freeze, Str+5} (You found it on level 13 of a ziggurat)
128862 | Zig:13   | Identified the +3 pearl dragon armour of Card Tricks {rC+ rN+ rCorr} (You found it on level 13 of a ziggurat)
128878 | Zig:13   | Identified the amulet of Ankif {Inacc rElec rF+ Stlth-} (You found it on level 13 of a ziggurat)
128887 | Zig:13   | Lost mutation: You regenerate slowly when monsters are visible. [potion of cure mutation]
128888 | Zig:13   | Gained mutation: Your flesh is heat resistant. [potion of beneficial mutation]
128960 | Zig:14   | Entered Level 14 of a ziggurat
128978 | Zig:14   | Reached skill level 15 in Crossbows
129003 | Zig:14   | Reached skill level 15 in Stealth
129087 | Zig:14   | Got a fine turquoise ring
129093 | Zig:14   | Got a twitching bone amulet
129099 | Zig:14   | Identified the amulet "Cuw Adeq" {Spirit Int+3} (You found it on level 14 of a ziggurat)
129102 | Zig:14   | Identified the ring "Siguck" {rF+ EV+6 Int+3} (You found it on level 14 of a ziggurat)
129178 | Zig:15   | Entered Level 15 of a ziggurat
129262 | Zig:15   | Identified the Volume of Freezing Enchantment
129264 | Zig:15   | Got a clouded amber ring
129269 | Zig:15   | Identified Sif Muna's Reference Book on Supportive Attacks
129271 | Zig:15   | Got a translucent chain mail
129282 | Zig:15   | Identified the +5 chain mail "Zicebbup" {+Inv Int+6 Dex-3} (You found it on level 15 of a ziggurat)
129327 | Zig:16   | Entered Level 16 of a ziggurat
129431 | Zig:16   | Identified Terrizug's Papyrus of Slavery and Bewitchment
129450 | Zig:16   | Got a shimmering spear
129462 | Zig:16   | Learned a level 1 spell: Summon Butterflies
129465 | Zig:16   | Got a ring of the Octopus King
129478 | Zig:16   | Identified the +6 spear "Quisielo" {elec, Str+6 Int+4} (You found it on level 16 of a ziggurat)
129491 | Zig:16   | Identified a +5 rod of destruction (12/12) (You found it on level 16 of a ziggurat)
129494 | Zig:16   | Identified a ring of the Octopus King {SustAt AC+1 EV+1 Str+1 Int+1 Dex+1} (You found it on level 16 of a ziggurat)
129521 | Zig:16   | Identified the ring of Suicidal Tendencies {*Contam rF+ rN+ MR+ SInv} (You found it on level 15 of a ziggurat)
129550 | Zig:16   | Gained mutation: Your system is resistant to poisons. [mutagenic glow]
129755 | Zig:17   | Entered Level 17 of a ziggurat
129771 | Zig:17   | Noticed an ancient lich
129776 | Zig:17   | Killed an ancient lich
129796 | Zig:17   | Paralysed by accursed screaming for 1 turns
129804 | Zig:17   | Paralysed by accursed screaming for 2 turns
129871 | Zig:17   | Got a twisted broad axe
129884 | Zig:17   | Identified the +7 broad axe "Gewat" {antimagic, rC+ Str+3 Int-3 Dex+7} (You found it on level 17 of a ziggurat)
129903 | Zig:17   | Got a twisted scale mail
129927 | Zig:17   | Identified the +4 scale mail "Hero's Friend" {rElec Regen+ rCorr Dex+2} (You found it on level 17 of a ziggurat)
130062 | Zig:18   | Entered Level 18 of a ziggurat
130084 | Zig:18   | Reached skill level 15 in Polearms
130148 | Zig:18   | Got an encrusted halberd
130149 | Zig:18   | Identified the +8 halberd of Agony {speed, Int+2} (You found it on level 18 of a ziggurat)
130158 | Zig:18   | Got a heavily runed chain mail
130169 | Zig:18   | Identified the +0 chain mail of the Orb {rPois Str+5 Int+3} (You found it on level 18 of a ziggurat)
130193 | Zig:18   | Identified a +4 rod of destruction (12/12) (You found it on level 18 of a ziggurat)
130198 | Zig:18   | Got a fine glaive
130241 | Zig:18   | Got a fine mace
130242 | Zig:18   | Identified the +10 mace of Welfare {venom, +Inv rElec} (You found it on level 18 of a ziggurat)
130246 | Zig:18   | Got a bloodstained chain mail
130257 | Zig:18   | Identified the +1 chain mail of the Snail {*Confuse MP+9 Int+4 Dex-4} (You found it on level 18 of a ziggurat)
130305 | Zig:19   | Entered Level 19 of a ziggurat
130328 | Zig:19   | Reached skill level 1 in Poison Magic
130383 | Zig:19   | Reached skill level 5 in Poison Magic
130570 | Zig:19   | Got a shimmering scimitar
130571 | Zig:19   | Identified the +4 scimitar of Defiance {flame, Str+3} (You found it on level 19 of a ziggurat)
130577 | Zig:19   | Got a heavily runed brass ring
130579 | Zig:19   | Identified the ring "Fyfal" {rF+ SInv} (You found it on level 19 of a ziggurat)
130594 | Zig:19   | Got a shimmering trident
130595 | Zig:19   | Identified the +3 trident of Lebuit {venom, rElec rPois rF- SInv} (You found it on level 19 of a ziggurat)
130605 | Zig:19   | Got a serpentine amethyst amulet
130606 | Zig:19   | Identified the amulet of Trog's Castigation {Gourm rF+++ MP-9 Dex+4 Slay-5} (You found it on level 19 of a ziggurat)
130618 | Zig:19   | Got a polished short sword
130619 | Zig:19   | Identified the +9 short sword of the Median {pierce, rElec rC+ Int+3 SInv} (You found it on level 19 of a ziggurat)
130635 | Zig:20   | Entered Level 20 of a ziggurat
130964 | Zig:20   | Identified the Disquisition on Stolen Souls and the Escort
130972 | Zig:20   | Learned a level 5 spell: Aura of Abjuration
130978 | Zig:20   | Got a shimmering copper ring
130980 | Zig:20   | Identified the ring "Hicwit" {+Inv Dex+5} (You found it on level 20 of a ziggurat)
131118 | Zig:21   | Entered Level 21 of a ziggurat
131142 | Zig:21   | Reached skill level 10 in Poison Magic
131146 | Zig:21   | Paralysed by accursed screaming for 1 turns
131263 | Zig:21   | Got a slimy quick blade
131267 | Zig:21   | Identified the +10 quick blade "Xen Xon" {pierce, Dex+7} (You found it on level 21 of a ziggurat)
131286 | Zig:21   | Got a bound amber ring
131288 | Zig:21   | Identified the ring of the Pariah {SustAt +Fly MR++} (You found it on level 21 of a ziggurat)
131327 | Zig:21   | Identified the Handbook of Summoning and Sinister Rites
131348 | Zig:21   | Got a shadowed robe
131359 | Zig:21   | Identified the cursed +1 robe of the Valley {Str+2} (You found it on level 21 of a ziggurat)
131399 | Zig:22   | Entered Level 22 of a ziggurat
131450 | Zig:22   | Reached skill level 15 in Poison Magic
131508 | Zig:22   | Identified the Compendium of Helpful Flight
131515 | Zig:22   | Identified Olusk's Almanac of Weightlessness
131543 | Zig:22   | Identified a +2 rod of ignition (10/10) (You found it on level 22 of a ziggurat)
131570 | Zig:22   | Got a pitted long sword
131573 | Zig:22   | Identified the +6 long sword of Overwhelming Force {slice, +Rage Str+3} (You found it on level 22 of a ziggurat)
131584 | Zig:22   | Identified the Catalogue of Beguiling
131586 | Zig:22   | Identified Sif Muna's Handbook of the Destructive Arsonist
131630 | Zig:23   | Entered Level 23 of a ziggurat
131666 | Zig:23   | Reached skill level 1 in Throwing
131706 | Zig:23   | Reached skill level 10 in Conjurations
131753 | Zig:23   | Reached skill level 10 in Throwing
131756 | Zig:23   | Got a slimy plate armour
131767 | Zig:23   | Identified the +1 plate armour of Too Many Cooks {*Drain Int+2 Dex+4 Stlth+} (You found it on level 23 of a ziggurat)
131921 | Zig:24   | Entered Level 24 of a ziggurat
132100 | Zig:24   | Got an ancient great mace
132101 | Zig:24   | Identified the +10 great mace of Nightmares {crush, rN+ Stlth+} (You found it on level 24 of a ziggurat)
132142 | Zig:24   | Got a dazzling bardiche
132143 | Zig:24   | Identified the +3 bardiche "Daipsi" {chop, rElec MR- Dex+3} (You found it on level 24 of a ziggurat)
132169 | Zig:24   | Learned a level 3 spell: Summon Guardian Golem
132219 | Zig:25   | Entered Level 25 of a ziggurat
132279 | Zig:25   | Reached skill level 15 in Conjurations
132349 | Zig:25   | Reached skill level 15 in Throwing
132379 | Zig:25   | Got a coiled turquoise ring
132382 | Zig:25   | Identified the ring of Oginul {MR+ Str+4 Dex+2} (You found it on level 25 of a ziggurat)
132387 | Zig:25   | Got a heavily runed plate armour
132398 | Zig:25   | Identified the +8 plate armour "Lulik" {Str-4 Dex+11 SInv} (You found it on level 25 of a ziggurat)
132419 | Zig:26   | Entered Level 26 of a ziggurat
132433 | Zig:26   | Noticed Murao the pandemonium lord
132435 | Zig:26   | Noticed Umnyb the pandemonium lord
132436 | Zig:26   | Noticed Ihoawued the pandemonium lord
132436 | Zig:26   | Noticed Zeeder the pandemonium lord
132436 | Zig:26   | Noticed Qavecra the pandemonium lord
132438 | Zig:26   | Noticed Readed the pandemonium lord
132441 | Zig:26   | Noticed Apuoxekk the pandemonium lord
132441 | Zig:26   | Killed Umnyb the pandemonium lord
132441 | Zig:26   | Reached skill level 5 in Short Blades
132441 | Zig:26   | Killed Ihoawued the pandemonium lord
132441 | Zig:26   | Killed Readed the pandemonium lord
132441 | Zig:26   | Killed Zeeder the pandemonium lord
132442 | Zig:26   | Noticed Houf the pandemonium lord
132442 | Zig:26   | Killed Murao the pandemonium lord
132443 | Zig:26   | Killed Qavecra the pandemonium lord
132444 | Zig:26   | Noticed Exzyxosu the pandemonium lord
132448 | Zig:26   | Noticed Jaiddile the pandemonium lord
132448 | Zig:26   | Noticed Zolapidi the pandemonium lord
132449 | Zig:26   | Noticed Daet the pandemonium lord
132451 | Zig:26   | Noticed Gonuasiu the pandemonium lord
132452 | Zig:26   | Noticed Goynnauk the pandemonium lord
132453 | Zig:26   | Noticed Piwenuaj the pandemonium lord
132460 | Zig:26   | Noticed Qaenesk the pandemonium lord
132460 | Zig:26   | Killed Apuoxekk the pandemonium lord
132465 | Zig:26   | Killed Zolapidi the pandemonium lord
132465 | Zig:26   | Killed Daet the pandemonium lord
132465 | Zig:26   | Killed Exzyxosu the pandemonium lord
132467 | Zig:26   | Killed Jaiddile the pandemonium lord
132467 | Zig:26   | Reached skill level 10 in Short Blades
132472 | Zig:26   | Killed Gonuasiu the pandemonium lord
132475 | Zig:26   | Noticed Nitoz the pandemonium lord
132475 | Zig:26   | Noticed Sucuqo the pandemonium lord
132477 | Zig:26   | Noticed Eshadasa the pandemonium lord
132478 | Zig:26   | Killed Houf the pandemonium lord
132479 | Zig:26   | Noticed Baom the pandemonium lord
132480 | Zig:26   | Noticed Ettoivukk the pandemonium lord
132480 | Zig:26   | Noticed Foax the pandemonium lord
132480 | Zig:26   | Killed Goynnauk the pandemonium lord
132481 | Zig:26   | Killed Qaenesk the pandemonium lord
132484 | Zig:26   | Noticed Didio the pandemonium lord
132485 | Zig:26   | Noticed Zufem the pandemonium lord
132486 | Zig:26   | Killed Piwenuaj the pandemonium lord
132486 | Zig:26   | Killed Foax the pandemonium lord
132486 | Zig:26   | Killed Baom the pandemonium lord
132486 | Zig:26   | Killed Ettoivukk the pandemonium lord
132488 | Zig:26   | Killed Eshadasa the pandemonium lord
132489 | Zig:26   | Noticed Hawut the pandemonium lord
132489 | Zig:26   | Noticed Sepaor the pandemonium lord
132490 | Zig:26   | Killed Nitoz the pandemonium lord
132491 | Zig:26   | Noticed Peom the pandemonium lord
132491 | Zig:26   | Killed Didio the pandemonium lord
132491 | Zig:26   | Killed Zufem the pandemonium lord
132491 | Zig:26   | Killed Hawut the pandemonium lord
132491 | Zig:26   | Killed Sepaor the pandemonium lord
132495 | Zig:26   | Killed Sucuqo the pandemonium lord
132504 | Zig:26   | Noticed Cecs the pandemonium lord
132507 | Zig:26   | Noticed Hinif the pandemonium lord
132523 | Zig:26   | Killed Peom the pandemonium lord
132525 | Zig:26   | Killed Cecs the pandemonium lord
132530 | Zig:26   | Killed Hinif the pandemonium lord
132731 | Zig:26   | Identified the Catalogue of the Escort
132743 | Zig:26   | Got a heavily runed cloak
132761 | Zig:26   | Identified the +2 cloak of the Catfish {rElec} (You found it on level 26 of a ziggurat)
132782 | Zig:26   | Got a wavering bone ring
132783 | Zig:26   | Identified the ring of Accord {rN+ Stlth-} (You found it on level 26 of a ziggurat)
132794 | Zig:26   | Got a distressingly furry scale mail
132805 | Zig:26   | Identified the +5 scale mail of Free Expression {Str+4 Slay+2 Stlth+} (You found it on level 26 of a ziggurat)
132832 | Zig:26   | Got a pitted quarterstaff
132833 | Zig:26   | Identified the +7 quarterstaff "Meduwyav" {freeze, Stlth+} (You found it on level 26 of a ziggurat)
132870 | Zig:27   | Entered Level 27 of a ziggurat
132926 | Zig:27   | Noticed Tufucuell the pandemonium lord
132976 | Zig:27   | Killed Tufucuell the pandemonium lord
133251 | Zig:27   | Got a jewelled eveningstar
133253 | Zig:27   | Identified the +9 eveningstar "Zuaseo Paacw" {drain, rF+} (You found it on level 27 of a ziggurat)
133287 | Zig:27   | Identified the Collected Works on the Arsonist
133289 | Zig:27   | Identified the Tome of Execration
133305 | Zig:27   | Got a dazzling long sword
133311 | Zig:27   | Got a warped scale mail
133313 | Zig:27   | Got a ripped robe
133321 | Zig:27   | Got a warped battleaxe
133322 | Zig:27   | Identified the +2 long sword of Innocence {freeze, Str+5} (You found it on level 27 of a ziggurat)
133327 | Zig:27   | Identified the +11 battleaxe "Embalmer" {antimagic, Str+6 Dex+4} (You found it on level 27 of a ziggurat)
133338 | Zig:27   | Identified the +5 scale mail of Yphafis {rC+ MR+ Int+3 Dex+3} (You found it on level 27 of a ziggurat)
133349 | Zig:27   | Identified the +2 robe of Hedge Wizardry {Str+5 Dex-3} (You found it on level 27 of a ziggurat)
133372 | Zig:27   | Got an ichor-stained mottled dragon armour
133383 | Zig:27   | Identified the +2 mottled dragon armour of Exclusion {rElec rPois} (You found it on level 27 of a ziggurat)
133723 | Pan      | Learned a level 6 spell: Iron Shot
134012 | Pan      | Found a gateway to a ziggurat.
134113 | Zig:1    | Entered Level 1 of a ziggurat
134134 | Zig:2    | Entered Level 2 of a ziggurat
134168 | Zig:3    | Entered Level 3 of a ziggurat
134211 | Zig:4    | Entered Level 4 of a ziggurat
134246 | Zig:4    | Identified Huok's Guide on Transmigration and the Rocks
134250 | Zig:4    | Got a crystal short sword
134262 | Zig:5    | Entered Level 5 of a ziggurat
134311 | Zig:5    | Got a pair of translucent gloves
134322 | Zig:5    | Identified the +1 pair of gloves of the Untouchables {-Tele *Corrode rN+ SInv} (You found it on level 5 of a ziggurat)
134351 | Zig:6    | Entered Level 6 of a ziggurat
134416 | Zig:6    | Got a transparent chain mail
134418 | Zig:6    | Identified Mireum's Papyrus of Feathery Confrontation
134441 | Zig:6    | Identified the +7 chain mail of a ziggurat {rC- rCorr Str+3 Dex+3} (You found it on level 6 of a ziggurat)
134460 | Zig:7    | Entered Level 7 of a ziggurat
134567 | Zig:8    | Entered Level 8 of a ziggurat
134609 | Zig:8    | Reached skill level 10 in Shields
134652 | Zig:8    | Identified the Tome of Companions
134677 | Zig:9    | Entered Level 9 of a ziggurat
134894 | Zig:10   | Entered Level 10 of a ziggurat
135026 | Zig:10   | Got a dazzling trident
135027 | Zig:10   | Identified the +9 trident "Puirenaj" {venom, rElec rF+ Str+4} (You found it on level 10 of a ziggurat)
135103 | Zig:11   | Entered Level 11 of a ziggurat
135123 | Zig:11   | Reached skill level 27 in Spellcasting
135180 | Zig:11   | Got a heavily runed bronze ring
135189 | Zig:11   | Identified the ring "Tugga" {Wiz rC+ MR- Slay+5 SInv} (You found it on level 11 of a ziggurat)
135205 | Zig:11   | Got a jewelled mace
135206 | Zig:11   | Identified the +8 mace of the Sun {drain, +Blink rF+ Int+3 Dex+4} (You found it on level 11 of a ziggurat)
135221 | Zig:12   | Entered Level 12 of a ziggurat
135232 | Zig:12   | Noticed an ancient lich
135233 | Zig:12   | Noticed an ancient lich
135240 | Zig:12   | Reached skill level 15 in Shields
135240 | Zig:12   | Killed an ancient lich
135240 | Zig:12   | Killed an ancient lich
135245 | Zig:12   | Noticed an ancient lich
135251 | Zig:12   | Noticed an ancient lich
135269 | Zig:12   | Killed an ancient lich
135281 | Zig:12   | Killed an ancient lich
135314 | Zig:12   | Got a vibrating marble ring
135316 | Zig:12   | Identified the Catalogue of Twisted Conjuration
135319 | Zig:12   | Identified the Guide on Hexes
135347 | Zig:12   | Identified the ring "Tuuny" {*Confuse rElec rPois Dex+2} (You found it on level 12 of a ziggurat)
135374 | Zig:13   | Entered Level 13 of a ziggurat
135384 | Zig:13   | Reached skill level 10 in Fire Magic
135462 | Zig:13   | Got a twisted robe
135473 | Zig:13   | Identified the +1 robe "Fepsai" {rC++ MR+ Str-5} (You found it on level 13 of a ziggurat)
135489 | Zig:13   | Got a steaming rapier
135493 | Zig:13   | Got a pitted dire flail
135494 | Zig:13   | Identified the +9 dire flail of the Forsaken Hells {freeze, *Rage rElec Str+5 Int+4} (You found it on level 13 of a ziggurat)
135496 | Zig:13   | Identified the +8 rapier of Entrepreneurial Spirit {elec, rPois MR- Int-3 Stlth+} (You found it on level 13 of a ziggurat)
135611 | Zig:13   | Identified a +8 rod of ignition (14/14) (You found it on level 13 of a ziggurat)
135616 | Zig:13   | Got a fine cloak
135617 | Zig:13   | Identified the +2 cloak of the Present {Str-5 Int+7 Dex+3 Slay-4} (You acquired it on level 13 of a ziggurat)
135632 | Zig:14   | Entered Level 14 of a ziggurat
135728 | Zig:14   | Got a shimmering mace
135729 | Zig:14   | Identified the +7 mace of the Revolution {elec, rF+ MR+ Dex-2} (You found it on level 14 of a ziggurat)
135734 | Zig:14   | Got a sparkling lead ring
135748 | Zig:14   | Got a translucent whip
135749 | Zig:14   | Identified the +8 whip "Yfaeduo" {slash, -Tele rPois rN++ MP+9} (You found it on level 14 of a ziggurat)
135752 | Zig:14   | Got a slimy turquoise ring
135754 | Zig:14   | Got a fine silver ring
135805 | Zig:14   | Identified the ring "Gadi" {+Inv EV+1 Dex+3 Stlth-} (You found it on level 14 of a ziggurat)
135808 | Zig:14   | Identified the ring of the Solstice {rElec rF+ Stlth+} (You found it on level 14 of a ziggurat)
135811 | Zig:14   | Identified the ring of Yhod {Ice +Inv +Fly MR- Int+2} (You found it on level 14 of a ziggurat)
135842 | Zig:15   | Entered Level 15 of a ziggurat
135849 | Zig:15   | Noticed a juggernaut
135849 | Zig:15   | Noticed a juggernaut
135850 | Zig:15   | Noticed a juggernaut
135851 | Zig:15   | Noticed a juggernaut
135851 | Zig:15   | Noticed a juggernaut
135852 | Zig:15   | Noticed a juggernaut
135853 | Zig:15   | Noticed a juggernaut
135854 | Zig:15   | Noticed a juggernaut
135854 | Zig:15   | Noticed a juggernaut
135854 | Zig:15   | Noticed a juggernaut
135855 | Zig:15   | Noticed a juggernaut
135857 | Zig:15   | Noticed a juggernaut
135858 | Zig:15   | Killed a juggernaut
135858 | Zig:15   | Killed a juggernaut
135858 | Zig:15   | Killed a juggernaut
135858 | Zig:15   | Killed a juggernaut
135858 | Zig:15   | Killed a juggernaut
135858 | Zig:15   | Killed a juggernaut
135858 | Zig:15   | Killed a juggernaut
135859 | Zig:15   | Killed a juggernaut
135861 | Zig:15   | Killed a juggernaut
135862 | Zig:15   | Killed a juggernaut
135862 | Zig:15   | Reached skill level 27 in Transmutations
135862 | Zig:15   | Killed a juggernaut
135865 | Zig:15   | Killed a juggernaut
135866 | Zig:15   | Noticed a juggernaut
135866 | Zig:15   | Noticed a juggernaut
135866 | Zig:15   | Noticed a juggernaut
135873 | Zig:15   | Killed a juggernaut
135884 | Zig:15   | Killed a juggernaut
135891 | Zig:15   | Killed a juggernaut
135953 | Zig:15   | Got a flickering glass ring
135959 | Zig:15   | Got a faintly glowing plate armour
135970 | Zig:15   | Identified the +5 plate armour of Sunlight {MP+9 Str+4 Int-3} (You found it on level 15 of a ziggurat)
135997 | Zig:15   | Got an iridescent rapier
136001 | Zig:15   | Identified the cursed +1 rapier of Plog {venom, rC++ Str-2 Dex+5} (You found it on level 15 of a ziggurat)
136015 | Zig:15   | Got an ichor-stained flail
136016 | Zig:15   | Identified the +10 flail of Vezext {crush, Dex+3} (You found it on level 15 of a ziggurat)
136025 | Zig:15   | Identified the ring "Hef Dich" {Int+6 Slay+3 Stlth+} (You found it on level 15 of a ziggurat)
136051 | Zig:16   | Entered Level 16 of a ziggurat
136072 | Zig:16   | Reached skill level 1 in Unarmed Combat
136086 | Zig:16   | Reached skill level 5 in Unarmed Combat
136120 | Zig:16   | Reached skill level 10 in Unarmed Combat
136175 | Zig:16   | Identified the Grimoire of Stones
136181 | Zig:16   | Identified a +6 rod of clouds (10/10) (You found it on level 16 of a ziggurat)
136190 | Zig:16   | Got a brightly glowing ring mail
136201 | Zig:16   | Identified the +3 ring mail of Complete Protection {rF+ rC- MR+ Stlth+} (You found it on level 16 of a ziggurat)
136216 | Zig:16   | Got a brightly glowing war axe
136217 | Zig:16   | Identified the +3 war axe of Ashenzari's Supremacy {distort, Stlth+} (You found it on level 16 of a ziggurat)
136228 | Zig:16   | Got a transparent leather armour
136230 | Zig:16   | Identified the cursed +1 leather armour "Ikaki" {+Blink Str+6 Int-2} (You found it on level 16 of a ziggurat)
136593 | Zig:17   | Entered Level 17 of a ziggurat
136746 | Zig:17   | Gained mutation: You expend magic power (3 MP) to strengthen your wands. [mutagenic glow]
136748 | Zig:17   | Lost mutation: Your flesh is heat resistant. [potion of cure mutation]
136748 | Zig:17   | Lost mutation: Your system is resistant to poisons. [potion of cure mutation]
136749 | Zig:17   | Lost mutation: You expend magic power (3 MP) to strengthen your wands. [potion of cure mutation]
137098 | Zig:17   | Got a flickering brass ring
137099 | Zig:17   | Identified the ring "Cariux" {rF+ Int-4 Dex+7} (You found it on level 17 of a ziggurat)
137115 | Zig:17   | Got an ancient plate armour
137127 | Zig:17   | Identified the +4 plate armour "Torenk Aqine" {Int+5} (You found it on level 17 of a ziggurat)
137160 | Zig:17   | Got an ebony rapier
137161 | Zig:17   | Identified the +6 rapier "Naoloneum" {flame, +Rage rF+} (You found it on level 17 of a ziggurat)
137169 | Zig:17   | Identified Qeibiny's Grimoire of Malediction
137184 | Zig:18   | Entered Level 18 of a ziggurat
137219 | Zig:18   | Reached skill level 10 in Summonings
137381 | Zig:18   | Got an ichor-stained broad axe
137382 | Zig:18   | Identified the +0 broad axe "Tinludok" {chop, rF- MP+9 Str+8} (You found it on level 18 of a ziggurat)
137387 | Zig:18   | Got a twisted rapier
137391 | Zig:18   | Got a twitching glass ring
137392 | Zig:18   | Identified the ring "Eholej" {Int+2 Stlth-} (You found it on level 18 of a ziggurat)
137413 | Zig:18   | Got a slimy dagger
137414 | Zig:18   | Identified the +10 dagger of Kozxuim {venom, +Rage rElec rF+ Dex-4} (You found it on level 18 of a ziggurat)
137426 | Zig:19   | Entered Level 19 of a ziggurat
137726 | Zig:19   | Identified the Handbook of Flying Confrontation
137742 | Zig:19   | Got an encrusted quarterstaff
137743 | Zig:19   | Identified the +10 quarterstaff of the Other Side {crush, +Blink rPois MR+ Stlth-} (You found it on level 19 of a ziggurat)
137765 | Zig:20   | Entered Level 20 of a ziggurat
137799 | Zig:20   | Reached skill level 15 in Summonings
137933 | Zig:20   | Got a steaming iron amulet
137934 | Zig:20   | Identified the amulet "Zuan" {rMut MR- Dex+9 Slay+2 Stlth+} (You found it on level 20 of a ziggurat)
137939 | Zig:20   | Got a transparent plate armour
137958 | Zig:20   | Identified the +7 plate armour of Osaigg {MR- Str+5 Int+4} (You found it on level 20 of a ziggurat)
137973 | Zig:20   | Got a brightly glowing iron ring
137977 | Zig:20   | Identified the ring of Olugenumpo {+Fly rElec MP+9 Int-3 Stlth-} (You found it on level 20 of a ziggurat)
137988 | Zig:20   | Got a scorched scale mail
137999 | Zig:20   | Identified the +5 scale mail of Death Resistance {rC- rN+ Int+3} (You found it on level 20 of a ziggurat)
138056 | Zig:21   | Entered Level 21 of a ziggurat
138222 | Zig:21   | Identified the Volume of Black Arts
138230 | Zig:21   | Got a clouded pewter amulet
138231 | Zig:21   | Identified the amulet "Vofec" {rMut rElec rC+ MR+} (You found it on level 21 of a ziggurat)
138248 | Zig:21   | Got a coiled glass ring
138252 | Zig:21   | Identified the ring "Ezeshro" {Ice rPois Dex-3 Slay+2} (You found it on level 21 of a ziggurat)
138321 | Zig:22   | Entered Level 22 of a ziggurat
138378 | Zig:22   | Reached skill level 27 in Shields
138434 | Zig:22   | Identified Ogic Lei's Advanced Steps in Wizardry
138460 | Zig:22   | Got a bronze plate armour
138480 | Zig:22   | Identified the cursed +0 plate armour of Lethargy {Regen+} (You found it on level 22 of a ziggurat)
138510 | Zig:23   | Entered Level 23 of a ziggurat
138648 | Zig:23   | Identified Gewue's Disquisition on Attacks
138653 | Zig:23   | Got a brightly glowing spear
138654 | Zig:23   | Identified the cursed +1 spear of No Interval {flame, Int+5 Dex+4} (You found it on level 23 of a ziggurat)
138699 | Zig:23   | Got a dazzling quarterstaff
138700 | Zig:23   | Identified the cursed +3 quarterstaff of the Dead {crush, MR+ Stlth+} (You found it on level 23 of a ziggurat)
138711 | Zig:24   | Entered Level 24 of a ziggurat
138724 | Zig:24   | Noticed an ancient lich
138730 | Zig:24   | Noticed an ancient lich
138731 | Zig:24   | Noticed an ancient lich
138734 | Zig:24   | Noticed an ancient lich
138735 | Zig:24   | Noticed an ancient lich
138742 | Zig:24   | Killed an ancient lich
138742 | Zig:24   | Killed an ancient lich
138742 | Zig:24   | Killed an ancient lich
138743 | Zig:24   | Noticed an ancient lich
138743 | Zig:24   | Noticed an ancient lich
138745 | Zig:24   | Killed an ancient lich
138750 | Zig:24   | Noticed an ancient lich
138750 | Zig:24   | Killed an ancient lich
138753 | Zig:24   | Killed an ancient lich
138757 | Zig:24   | Killed an ancient lich
138760 | Zig:24   | Noticed an ancient lich
138766 | Zig:24   | Noticed an ancient lich
138770 | Zig:24   | Killed an ancient lich
138772 | Zig:24   | Killed an ancient lich
138773 | Zig:24   | Noticed an ancient lich
138790 | Zig:24   | Killed an ancient lich
138798 | Zig:24   | Killed an ancient lich
138802 | Zig:24   | Reached skill level 27 in Throwing
138852 | Zig:24   | Identified the Collected Works on Malediction
138856 | Zig:24   | Identified Sif Muna's Tome of the Supportive Frostbite
138867 | Zig:24   | Identified the Grimoire of the Entourage and Air
138886 | Zig:24   | Got a faintly glowing amber ring
138888 | Zig:24   | Identified the ring "Noblurug" {rF+ Str+4} (You found it on level 24 of a ziggurat)
138902 | Zig:24   | Got a bound ivory amulet
138903 | Zig:24   | Identified the amulet "Nuri Tatt" {rMut Str-3 Int+5} (You found it on level 24 of a ziggurat)
138906 | Zig:24   | Got an iridescent short sword
138933 | Zig:24   | Got a scorched mace
138964 | Zig:25   | Entered Level 25 of a ziggurat
138977 | Zig:25   | Noticed an ancient lich
138978 | Zig:25   | Noticed an ancient lich
138979 | Zig:25   | Noticed an ancient lich
138979 | Zig:25   | Noticed an ancient lich
138982 | Zig:25   | Noticed an ancient lich
138983 | Zig:25   | Noticed an ancient lich
138985 | Zig:25   | Noticed an ancient lich
138985 | Zig:25   | Noticed an ancient lich
138988 | Zig:25   | Killed an ancient lich
138988 | Zig:25   | Killed an ancient lich
138988 | Zig:25   | Killed an ancient lich
138988 | Zig:25   | Killed an ancient lich
138988 | Zig:25   | Killed an ancient lich
138988 | Zig:25   | Killed an ancient lich
138989 | Zig:25   | Noticed an ancient lich
138989 | Zig:25   | Noticed an ancient lich
138991 | Zig:25   | Noticed an ancient lich
138996 | Zig:25   | Killed an ancient lich
138996 | Zig:25   | Killed an ancient lich
138996 | Zig:25   | Reached skill level 15 in Translocations
138996 | Zig:25   | Killed an ancient lich
138996 | Zig:25   | Killed an ancient lich
138996 | Zig:25   | Killed an ancient lich
138999 | Zig:25   | Noticed an ancient lich
139000 | Zig:25   | Noticed an ancient lich
139001 | Zig:25   | Noticed an ancient lich
139002 | Zig:25   | Noticed an ancient lich
139002 | Zig:25   | Noticed an ancient lich
139003 | Zig:25   | Noticed an ancient lich
139010 | Zig:25   | Killed an ancient lich
139016 | Zig:25   | Killed an ancient lich
139016 | Zig:25   | Killed an ancient lich
139016 | Zig:25   | Killed an ancient lich
139016 | Zig:25   | Killed an ancient lich
139021 | Zig:25   | Killed an ancient lich
139059 | Zig:25   | Got a spiked cloak
139070 | Zig:25   | Identified the +0 cloak "Benuguj" {rF- Int+4} (You found it on level 25 of a ziggurat)
139092 | Zig:25   | Identified Sif Muna's Guide on Nocuous Moulding
139106 | Zig:25   | Identified Ajiqep's Volume of Beguiling
139135 | Zig:25   | Got a scorched pewter amulet
139136 | Zig:25   | Identified the amulet of Bempaon {rMut rElec Int+2 Stlth+} (You found it on level 25 of a ziggurat)
139139 | Zig:25   | Identified a +4 rod of clouds (12/12) (You found it on level 25 of a ziggurat)
139146 | Zig:25   | Got a heavily runed granite ring
139149 | Zig:25   | Identified the ring "Vacoinke" {Int+2 Dex+4} (You found it on level 25 of a ziggurat)
139155 | Zig:25   | Identified the Papyrus of Confrontation
139159 | Zig:25   | Got an ancient marble ring
139161 | Zig:25   | Identified the ring "Orim" {rC- rN+ Dex+3 Slay+4} (You found it on level 25 of a ziggurat)
139166 | Zig:25   | Got a bound bone amulet
139167 | Zig:25   | Identified the amulet of the Middle {Regen+ Int-4 Dex+2 Slay+2 SInv} (You found it on level 25 of a ziggurat)
139201 | Zig:26   | Entered Level 26 of a ziggurat
139360 | Zig:26   | Got a transparent plate armour
139371 | Zig:26   | Identified the +4 plate armour "Rooxaita" {rF+++ rC+ Int-2 Dex-5} (You found it on level 26 of a ziggurat)
139385 | Zig:26   | Got a faintly glowing dagger
139388 | Zig:26   | Got a turquoise-encrusted crystal plate armour
139399 | Zig:26   | Identified the +15 crystal plate armour of the Eternal Fruit {rN+++ MR+ rCorr Str-2} (You found it on level 26 of a ziggurat)
139406 | Zig:26   | Identified the +10 dagger "Ittit" {flame, rPois MR+} (You found it on level 26 of a ziggurat)
139452 | Zig:27   | Entered Level 27 of a ziggurat
139478 | Zig:27   | Reached skill level 1 in Earth Magic
139484 | Zig:27   | Reached skill level 5 in Earth Magic
139523 | Zig:27   | Noticed an ancient lich
139533 | Zig:27   | Killed an ancient lich
139551 | Zig:27   | Reached skill level 10 in Earth Magic
139686 | Zig:27   | Got a translucent golden ring
139688 | Zig:27   | Identified the ring "Vaxunn" {Dex+2 Stlth-} (You found it on level 27 of a ziggurat)
139738 | Zig:27   | Got a polished chain mail
139749 | Zig:27   | Identified the +5 chain mail of Valiance {rF+} (You found it on level 27 of a ziggurat)
139778 | Zig:27   | Got a jewelled mace
139779 | Zig:27   | Identified the cursed +0 mace of Arbitration {crush, Dex+5} (You found it on level 27 of a ziggurat)
139785 | Zig:27   | Got a faintly glowing scale mail
139798 | Zig:27   | Identified the +6 scale mail of the Morning {SInv} (You found it on level 27 of a ziggurat)
140206 | Pan      | Noticed Keraastri the pandemonium lord
140225 | Pan      | Killed Keraastri the pandemonium lord
140277 | Pan      | Got a glittering platinum ring
140280 | Pan      | Identified the ring "Heoxol" {SustAt +Blink rPois rN+ Dex-2} (You found it in Pandemonium)
140301 | Depths:3 | Escaped Pandemonium
140479 | Depths:3 | Gained mutation: You possess an exceptional clarity of mind. [potion of beneficial mutation]
140522 | Pan      | Entered Pandemonium
140541 | Pan      | Found an exit through the horrors of the Abyss.
140623 | Pan      | Noticed Beoxzeb the pandemonium lord
140643 | Pan      | Killed Beoxzeb the pandemonium lord
140643 | Pan      | Reached skill level 1 in Air Magic
140924 | Pan      | Got an ichor-stained arbalest
140925 | Pan      | Identified the cursed +0 arbalest of Nemelex Xobeh's Envy {freeze, rC++} (You found it in Pandemonium)
141419 | Pan      | Noticed Xoemul the pandemonium lord
141432 | Pan      | Killed Xoemul the pandemonium lord
141523 | Pan      | Got a pitted marble ring
141659 | Pan      | Reached skill level 5 in Air Magic
141824 | Pan      | Found an exit through the horrors of the Abyss.
141918 | Pan      | Found a runed door.
141929 | Pan      | Noticed Laryif the pandemonium lord
141929 | Pan      | Found a runed door.
141944 | Pan      | Killed Laryif the pandemonium lord
141945 | Pan      | Found a runed door.
142093 | Pan      | Found an exit through the horrors of the Abyss.
142289 | Pan      | Found a runed door.
142536 | Pan      | Noticed Tytri the pandemonium lord
142552 | Pan      | Killed Tytri the pandemonium lord
143345 | Pan      | Found an exit through the horrors of the Abyss.
143762 | Pan      | Found an exit through the horrors of the Abyss.
143861 | Pan      | Noticed Qixti the pandemonium lord
143870 | Pan      | Killed Qixti the pandemonium lord
144411 | Pan      | Found a gateway to a ziggurat.
144432 | Pan      | Got a pitted large shield
144444 | Pan      | Identified the +8 large shield of the Boiling Point {rN++ rCorr Slay-3 Stlth+} (You took it off a daeva in Pandemonium)
144455 | Pan      | Identified the ring of Quciniu {SustAt rC++} (You found it in Pandemonium)
144466 | Zig:1    | Entered Level 1 of a ziggurat
144499 | Zig:2    | Entered Level 2 of a ziggurat
144551 | Zig:3    | Entered Level 3 of a ziggurat
144554 | Zig:3    | Reached skill level 10 in Air Magic
144593 | Zig:4    | Entered Level 4 of a ziggurat
144596 | Zig:4    | Reached skill level 15 in Earth Magic
144630 | Zig:5    | Entered Level 5 of a ziggurat
144677 | Zig:6    | Entered Level 6 of a ziggurat
144726 | Zig:6    | Got a flickering steel ring
144728 | Zig:6    | Identified the ring of Kioseg {MR+ EV+4} (You found it on level 6 of a ziggurat)
144748 | Zig:7    | Entered Level 7 of a ziggurat
144785 | Zig:7    | Identified a +2 rod of destruction (10/10) (You found it on level 7 of a ziggurat)
144831 | Zig:8    | Entered Level 8 of a ziggurat
144954 | Zig:9    | Entered Level 9 of a ziggurat
144980 | Zig:9    | Reached skill level 15 in Air Magic
145079 | Zig:10   | Entered Level 10 of a ziggurat
145176 | Zig:10   | Identified the Incunabulum of Dislocated Unholy Rites
145183 | Zig:10   | Got a fine plate armour
145184 | Zig:10   | Identified the +8 plate armour of the Blind Marksman {rCorr MP+9 Int+3} (You found it on level 10 of a ziggurat)
145206 | Zig:11   | Entered Level 11 of a ziggurat
145276 | Zig:11   | Got a dazzling spear
145279 | Zig:11   | Got an iridescent long sword
145281 | Zig:11   | Identified the +4 long sword of Fatigue {venom, rF+ rN+ Str-5 Int+2} (You found it on level 11 of a ziggurat)
145284 | Zig:11   | Identified the Handbook of the Escort
145288 | Zig:11   | Identified the Reference Book on Arcane Weapons and the Snowflakes
145295 | Zig:11   | Identified Ypydifus's Volume of Aerial Attacks
145301 | Zig:11   | Got a smelly quicksilver dragon armour
145312 | Zig:11   | Identified the quicksilver dragon armour of Miak {*Contam rPois MR+ Regen+ Int+3} (You found it on level 11 of a ziggurat)
145553 | Zig:12   | Entered Level 12 of a ziggurat
145570 | Zig:12   | Noticed Echasieq the pandemonium lord
145579 | Zig:12   | Paralysed by a giant eyeball for 2 turns
145586 | Zig:12   | Paralysed by a giant eyeball for 2 turns
145599 | Zig:12   | Killed Echasieq the pandemonium lord
145618 | Zig:12   | Got a pair of spiked gloves
145629 | Zig:12   | Identified the +0 pair of gloves "Puywuoso" {rF- Dex+5 SInv} (You found it on level 12 of a ziggurat)
145651 | Zig:12   | Got a pitted emerald amulet
145652 | Zig:12   | Identified the amulet of Ejaz {Spirit rF+ MR+} (You found it on level 12 of a ziggurat)
145686 | Zig:13   | Entered Level 13 of a ziggurat
145790 | Zig:13   | Got a warped amber ring
145792 | Zig:13   | Identified the ring of Dyczischemn {Ice Str+3 SInv} (You acquired it on level 13 of a ziggurat)
145800 | Zig:13   | Got an ancient copper ring
145801 | Zig:13   | Identified the ring of Puimim {*Drain +Fly rPois rC+ Dex+7} (You found it on level 13 of a ziggurat)
145808 | Zig:13   | Got a translucent great mace
145809 | Zig:13   | Identified the +3 great mace "Nenluy" {crush, rPois Dex+2} (You found it on level 13 of a ziggurat)
145823 | Zig:13   | Identified Foymig Ogob's Spellcraft, Part Four
145853 | Zig:14   | Entered Level 14 of a ziggurat
146259 | Zig:15   | Entered Level 15 of a ziggurat
146266 | Zig:15   | Noticed an ancient lich
146269 | Zig:15   | Noticed an ancient lich
146270 | Zig:15   | Noticed an ancient lich
146270 | Zig:15   | Noticed an ancient lich
146270 | Zig:15   | Killed an ancient lich
146271 | Zig:15   | Noticed an ancient lich
146273 | Zig:15   | Noticed an ancient lich
146277 | Zig:15   | Killed an ancient lich
146277 | Zig:15   | Killed an ancient lich
146281 | Zig:15   | Killed an ancient lich
146283 | Zig:15   | Killed an ancient lich
146296 | Zig:15   | Killed an ancient lich
146339 | Zig:15   | Identified the Handbook of Displacement
146350 | Zig:15   | Got a brightly glowing lead ring
146351 | Zig:15   | Identified the ring "Looxt" {+Fly rElec rF++ Str+3 Dex-2} (You found it on level 15 of a ziggurat)
146362 | Zig:16   | Entered Level 16 of a ziggurat
146367 | Zig:16   | Noticed an ancient lich
146373 | Zig:16   | Killed an ancient lich
146378 | Zig:16   | Noticed an ancient lich
146379 | Zig:16   | Killed an ancient lich
146381 | Zig:16   | Noticed an ancient lich
146383 | Zig:16   | Noticed an ancient lich
146384 | Zig:16   | Noticed an ancient lich
146386 | Zig:16   | Noticed an ancient lich
146386 | Zig:16   | Killed an ancient lich
146386 | Zig:16   | Killed an ancient lich
146402 | Zig:16   | Killed an ancient lich
146402 | Zig:16   | Reached skill level 27 in Stealth
146431 | Zig:16   | Killed an ancient lich
146463 | Zig:16   | Identified Pawuelle's Volume of Calling
146475 | Zig:16   | Identified the Almanac of Malediction
146478 | Zig:16   | Identified Cigotuvi's Compendium of Shifting Necromancy
146485 | Zig:16   | Got a slimy ivory ring
146487 | Zig:16   | Identified the ring "Iroc" {Wiz Str+4 Int+4} (You found it on level 16 of a ziggurat)
146501 | Zig:16   | Identified the Compendium of Companions
146512 | Zig:17   | Entered Level 17 of a ziggurat
146527 | Zig:17   | Noticed an ancient lich
146544 | Zig:17   | Killed an ancient lich
146544 | Zig:17   | Reached skill level 27 in Evocations
146548 | Zig:17   | Noticed an ancient lich
146584 | Zig:17   | Killed an ancient lich
146643 | Zig:17   | Identified the Guide on Congealing Beguiling
146693 | Zig:18   | Entered Level 18 of a ziggurat
146702 | Zig:18   | Reached skill level 27 in Charms
146921 | Zig:18   | Got a spiked cloak
146932 | Zig:18   | Identified the +0 cloak of Day {rF- rC+ rCorr} (You found it on level 18 of a ziggurat)
146964 | Zig:18   | Got a polished great mace
146965 | Zig:18   | Identified the +12 great mace "Iciaf" {antimagic, rPois} (You found it on level 18 of a ziggurat)
146975 | Zig:18   | Identified the Compendium of Battle Magic and Contamination
146978 | Zig:18   | Identified the Papyrus of Hurtful Hexes
146993 | Zig:18   | Got a ring of the Octopus King
146995 | Zig:18   | Identified a ring of the Octopus King {rF+ AC+1 EV+1 Str+1 Int+1 Dex+1} (You found it on level 18 of a ziggurat)
147181 | Zig:19   | Entered Level 19 of a ziggurat
147205 | Zig:19   | Reached skill level 15 in Fire Magic
147211 | Zig:19   | Reached skill level 15 in Maces & Flails
147324 | Zig:19   | Identified Vehumet's Volume of Attacks
147358 | Zig:19   | Got a steaming granite ring
147359 | Zig:19   | Identified the ring of the Nine Ghosts {Wiz rPois rF+ rC- Dex+2} (You found it on level 19 of a ziggurat)
147397 | Zig:20   | Entered Level 20 of a ziggurat
147522 | Zig:20   | Got a scintillating platinum ring
147524 | Zig:20   | Identified the ring "Dibes" {rPois rF- MP+9 Stlth-} (You found it on level 20 of a ziggurat)
147540 | Zig:20   | Identified Woegij's Reference Book on Blows and Bruises
147550 | Zig:20   | Identified Sistrag's Tome of the Excruciating Frostbite
147577 | Zig:20   | Identified a +2 rod of inaccuracy (12/12) (You found it on level 20 of a ziggurat)
147582 | Zig:20   | Identified Saleyq's Compendium of Conjuration and the Arsonist
147597 | Zig:21   | Entered Level 21 of a ziggurat
147849 | Zig:21   | Got a pair of smoking gloves
147860 | Zig:21   | Identified the cursed +0 pair of gloves of the Leaf {rPois rN+} (You found it on level 21 of a ziggurat)
147874 | Zig:21   | Got a fine battleaxe
147875 | Zig:21   | Identified the cursed +2 battleaxe "Wepnul" {flame, rElec rF- Dex+7 Stlth+} (You found it on level 21 of a ziggurat)
147909 | Zig:22   | Entered Level 22 of a ziggurat
147937 | Zig:22   | Reached skill level 15 in Unarmed Combat
147939 | Zig:22   | Paralysed by accursed screaming for 1 turns
147946 | Zig:22   | Paralysed by accursed screaming for 2 turns
147953 | Zig:22   | Paralysed by accursed screaming for 1 turns
147963 | Zig:22   | Noticed an ancient lich
147971 | Zig:22   | Paralysed by accursed screaming for 1 turns
147978 | Zig:22   | Killed an ancient lich
148005 | Zig:22   | Paralysed by accursed screaming for 1 turns
148059 | Zig:22   | Got a pair of dazzling gloves
148070 | Zig:22   | Identified the +1 pair of gloves of the Great Game {MR+ Int+9 Slay-5} (You found it on level 22 of a ziggurat)
148111 | Zig:22   | Identified the Volume of Lightness
148128 | Zig:23   | Entered Level 23 of a ziggurat
148264 | Zig:23   | Gained mutation: You tend to lose your temper in combat. [mutagenic glow]
148266 | Zig:23   | Lost mutation: You possess an exceptional clarity of mind. [potion of cure mutation]
148266 | Zig:23   | Lost mutation: You tend to lose your temper in combat. [potion of cure mutation]
148308 | Zig:23   | Gained mutation: You tend to lose your temper in combat. [mutagenic glow]
148332 | Zig:23   | Gained mutation: Scrolls take you a little longer to read. [mutagenic glow]
148368 | Zig:23   | Lost mutation: Scrolls take you a little longer to read. [potion of cure mutation]
148368 | Zig:23   | Lost mutation: You tend to lose your temper in combat. [potion of cure mutation]
148402 | Zig:23   | Got a bloodstained troll leather armour
148403 | Zig:23   | Identified the +1 troll leather armour of the Worm {Regen+ Dex+2} (You found it on level 23 of a ziggurat)
148417 | Zig:23   | Got an encrusted falchion
148419 | Zig:23   | Identified the +9 falchion "Gram" {venom, Str+2 Dex+6} (You found it on level 23 of a ziggurat)
148428 | Zig:23   | Got a dazzling rapier
148429 | Zig:23   | Identified the cursed +1 rapier of Immorality {venom, *Noise Str+4 Dex+2} (You found it on level 23 of a ziggurat)
148438 | Zig:23   | Gained mutation: Your spells are a little harder to cast, but a little more powerful. [mutagenic meat]
148439 | Zig:23   | Lost mutation: Your spells are a little harder to cast, but a little more powerful. [potion of cure mutation]
148620 | Zig:24   | Entered Level 24 of a ziggurat
148648 | Zig:24   | Reached skill level 27 in Unarmed Combat
148685 | Zig:24   | Reached skill level 27 in Summonings
148753 | Zig:24   | Got a steaming silver amulet
148755 | Zig:24   | Identified the amulet "Ruxoikor" {Clar Int+3} (You found it on level 24 of a ziggurat)
148771 | Zig:24   | Got a scorched long sword
148772 | Zig:24   | Identified the cursed +1 long sword of the Onslaught {slice, +Blink rElec rPois rF-} (You found it on level 24 of a ziggurat)
148784 | Zig:24   | Got a bone mace
148785 | Zig:24   | Identified the +6 mace "Padghe Dele" {antimagic, Str+7 Int+7} (You found it on level 24 of a ziggurat)
148796 | Zig:24   | Got a scorched bronze ring
148797 | Zig:24   | Identified the ring of Venu {rElec rF+ rN++} (You found it on level 24 of a ziggurat)
148813 | Zig:24   | Got a warped flail
148814 | Zig:24   | Identified the cursed +1 flail "Xim Ciuh" {venom, MR- Int+3 Dex+2 SInv} (You found it on level 24 of a ziggurat)
148830 | Zig:24   | Got a steaming hand crossbow
148831 | Zig:24   | Identified the +8 hand crossbow "Dragonslayer" {speed, SInv} (You found it on level 24 of a ziggurat)
148906 | Zig:25   | Entered Level 25 of a ziggurat
148936 | Zig:25   | Reached skill level 5 in Bows
148954 | Zig:25   | Reached skill level 10 in Bows
149035 | Zig:25   | Got a crystal dagger
149037 | Zig:25   | Got an ichor-stained war axe
149038 | Zig:25   | Identified the +3 dagger of Egomania {venom, rPois rF++} (You found it on level 25 of a ziggurat)
149043 | Zig:25   | Identified the cursed +1 war axe "Gesuz" {venom, *Contam rN+ Str+3 SInv} (You found it on level 25 of a ziggurat)
149340 | Zig:25   | Identified Iqiuj's Tome of the Glacier and Summoning
149354 | Zig:25   | Got a pitted amber ring
149355 | Zig:25   | Identified the ring of Riorha {rElec rC+ Slay-4 Stlth-} (You found it on level 25 of a ziggurat)
149375 | Zig:26   | Entered Level 26 of a ziggurat
149395 | Zig:26   | Noticed an ancient lich
149400 | Zig:26   | Noticed an ancient lich
149401 | Zig:26   | Noticed an ancient lich
149403 | Zig:26   | Noticed an ancient lich
149403 | Zig:26   | Noticed an ancient lich
149403 | Zig:26   | Noticed an ancient lich
149403 | Zig:26   | Noticed an ancient lich
149403 | Zig:26   | Noticed an ancient lich
149403 | Zig:26   | Noticed an ancient lich
149404 | Zig:26   | Reached skill level 27 in Earth Magic
149409 | Zig:26   | Killed an ancient lich
149409 | Zig:26   | Killed an ancient lich
149412 | Zig:26   | Killed an ancient lich
149412 | Zig:26   | Killed an ancient lich
149413 | Zig:26   | Noticed an ancient lich
149418 | Zig:26   | Noticed an ancient lich
149419 | Zig:26   | Noticed an ancient lich
149423 | Zig:26   | Noticed an ancient lich
149427 | Zig:26   | Killed an ancient lich
149427 | Zig:26   | Killed an ancient lich
149427 | Zig:26   | Killed an ancient lich
149427 | Zig:26   | Killed an ancient lich
149428 | Zig:26   | Noticed an ancient lich
149429 | Zig:26   | Noticed an ancient lich
149434 | Zig:26   | Killed an ancient lich
149436 | Zig:26   | Noticed an ancient lich
149436 | Zig:26   | Killed an ancient lich
149440 | Zig:26   | Noticed an ancient lich
149441 | Zig:26   | Killed an ancient lich
149445 | Zig:26   | Killed an ancient lich
149446 | Zig:26   | Reached skill level 27 in Conjurations
149450 | Zig:26   | Reached skill level 27 in Translocations
149450 | Zig:26   | Killed an ancient lich
149450 | Zig:26   | Killed an ancient lich
149450 | Zig:26   | Killed an ancient lich
149452 | Zig:26   | Killed an ancient lich
149466 | Zig:26   | Killed an ancient lich
149524 | Zig:26   | Identified a +4 rod of shadows (10/10) (You found it on level 26 of a ziggurat)
149541 | Zig:26   | Got an ebony rapier
149542 | Zig:26   | Identified the +8 rapier of Analysis {flame, rElec rF+ Int+4} (You found it on level 26 of a ziggurat)
149566 | Zig:26   | Identified Bicippyl's Guide on Weightlessness and Conjuration
149574 | Zig:26   | Got a warped granite ring
149575 | Zig:26   | Identified the cursed ring "Nousuw" {rC+ Str-3} (You found it on level 26 of a ziggurat)
149582 | Zig:26   | Identified Lee's Incunabulum of Attacks
149599 | Zig:27   | Entered Level 27 of a ziggurat
149611 | Zig:27   | Noticed a juggernaut
149613 | Zig:27   | Noticed a juggernaut
149615 | Zig:27   | Noticed a juggernaut
149618 | Zig:27   | Noticed a juggernaut
149619 | Zig:27   | Killed a juggernaut
149620 | Zig:27   | Noticed a juggernaut
149620 | Zig:27   | Noticed a juggernaut
149621 | Zig:27   | Noticed a juggernaut
149621 | Zig:27   | Killed a juggernaut
149622 | Zig:27   | Noticed a juggernaut
149623 | Zig:27   | Noticed a juggernaut
149626 | Zig:27   | Noticed a juggernaut
149626 | Zig:27   | Killed a juggernaut
149627 | Zig:27   | Killed a juggernaut
149632 | Zig:27   | Killed a juggernaut
149632 | Zig:27   | Reached skill level 27 in Maces & Flails
149632 | Zig:27   | Killed a juggernaut
149632 | Zig:27   | Killed a juggernaut
149632 | Zig:27   | Killed a juggernaut
149633 | Zig:27   | Noticed a juggernaut
149633 | Zig:27   | Noticed a juggernaut
149633 | Zig:27   | Noticed a juggernaut
149634 | Zig:27   | Killed a juggernaut
149634 | Zig:27   | Killed a juggernaut
149635 | Zig:27   | Noticed a juggernaut
149635 | Zig:27   | Noticed a juggernaut
149635 | Zig:27   | Noticed a juggernaut
149636 | Zig:27   | Noticed a juggernaut
149636 | Zig:27   | Killed a juggernaut
149636 | Zig:27   | Killed a juggernaut
149636 | Zig:27   | Killed a juggernaut
149637 | Zig:27   | Noticed a juggernaut
149637 | Zig:27   | Noticed a juggernaut
149638 | Zig:27   | Killed a juggernaut
149639 | Zig:27   | Killed a juggernaut
149639 | Zig:27   | Killed a juggernaut
149639 | Zig:27   | Killed a juggernaut
149640 | Zig:27   | Noticed a juggernaut
149643 | Zig:27   | Killed a juggernaut
149643 | Zig:27   | Killed a juggernaut
149643 | Zig:27   | Killed a juggernaut
149646 | Zig:27   | Noticed a juggernaut
149651 | Zig:27   | Noticed a juggernaut
149653 | Zig:27   | Killed a juggernaut
149653 | Zig:27   | Killed a juggernaut
149985 | Zig:27   | Got a glittering bronze ring
149988 | Zig:27   | Identified the cursed ring of Hyjiwo {rC+ Slay-2} (You found it on level 27 of a ziggurat)
150026 | Zig:27   | Identified Cigotuvi's Handbook of Shape Shifting
150034 | Zig:27   | Got an ancient battleaxe
150039 | Zig:27   | Got a crude great sword
150046 | Zig:27   | Identified the cursed +3 great sword of Jargh {slice, *Rage Str+5 Int+5} (You found it on level 27 of a ziggurat)
150049 | Zig:27   | Identified the cursed +0 battleaxe "Daxir" {freeze, *Noise rElec MP+9} (You found it on level 27 of a ziggurat)
150136 | Pan      | Reached skill level 27 in Crossbows
150273 | Pan      | Found a huge runed gate.
150350 | Pan      | Noticed Imodeod the pandemonium lord
150387 | Pan      | Killed Imodeod the pandemonium lord
150416 | Depths:3 | Escaped Pandemonium
150597 | Depths:3 | Gained mutation: You can spit weak poison. [mutagenic meat]
150598 | Depths:3 | Gained mutation: You are weak. (Str -2) [mutagenic meat]
150599 | Depths:3 | Lost mutation: You are weak. (Str -2) [potion of cure mutation]
150599 | Depths:3 | Lost mutation: You can spit weak poison. [potion of cure mutation]
150600 | Depths:3 | Gained mutation: You are resistant to hostile enchantments. [mutagenic meat]
150601 | Depths:3 | Lost mutation: You are resistant to hostile enchantments. [potion of cure mutation]
150602 | Depths:3 | Gained mutation: You have sharp toenails. [mutagenic meat]
150603 | Depths:3 | Gained mutation: Your system is resistant to poisons. [mutagenic meat]
150604 | Depths:3 | Gained mutation: You can spit weak poison. [mutagenic meat]
150605 | Depths:3 | Gained mutation: You are covered in fur (AC +1). [mutagenic meat]
150606 | Depths:3 | Gained mutation: Your body sometimes deteriorates upon taking damage. [mutagenic meat]
150607 | Depths:3 | Gained mutation: Your flesh is cold resistant. [mutagenic meat]
150608 | Depths:3 | Lost mutation: Your body sometimes deteriorates upon taking damage. [potion of cure mutation]
150608 | Depths:3 | Lost mutation: You have sharp toenails. [potion of cure mutation]
150608 | Depths:3 | Lost mutation: You can spit weak poison. [potion of cure mutation]
150608 | Depths:3 | Lost mutation: Your flesh is cold resistant. [potion of cure mutation]
150608 | Depths:3 | Lost mutation: Your system is resistant to poisons. [potion of cure mutation]
150608 | Depths:3 | Lost mutation: You are covered in fur (AC +1). [potion of cure mutation]
150998 | Pan      | Entered Pandemonium
151018 | Pan      | Noticed Gofum the pandemonium lord
151021 | Pan      | Found an exit through the horrors of the Abyss.
151032 | Pan      | Killed Gofum the pandemonium lord
151032 | Pan      | Reached skill level 27 in Air Magic
151622 | Pan      | Noticed Canitz the pandemonium lord
151636 | Pan      | Killed Canitz the pandemonium lord
151808 | Pan      | Found an exit through the horrors of the Abyss.
152501 | Pan      | Noticed Cibrit the pandemonium lord
152515 | Pan      | Killed Cibrit the pandemonium lord
152592 | Pan      | Found an exit through the horrors of the Abyss.
153414 | Pan      | Noticed Ropy the pandemonium lord
153427 | Pan      | Killed Ropy the pandemonium lord
153560 | Pan      | Found an exit through the horrors of the Abyss.
154134 | Pan      | Got an ancient silver ring
154135 | Pan      | Identified the ring "Qic Kop" {+/*Tele rC+ MP+9 Stlth+} (You found it in Pandemonium)
154214 | Pan      | Gained mutation: You have large cloven feet. [potion of mutation]
154214 | Pan      | Gained mutation: Your flesh is cold resistant. [potion of mutation]
154215 | Pan      | Gained mutation: You can translocate small distances at will. [potion of beneficial mutation]
154233 | Pan      | Noticed Buhohon the pandemonium lord
154245 | Pan      | Killed Buhohon the pandemonium lord
154569 | Pan      | Found an exit through the horrors of the Abyss.
154983 | Pan      | Found a huge runed gate.
154987 | Pan      | Gained mutation: Your magical capacity is low (-10% MP). [a cacodemon]
155046 | Pan      | Lost mutation: You can translocate small distances at will. [potion of cure mutation]
155046 | Pan      | Lost mutation: Your magical capacity is low (-10% MP). [potion of cure mutation]
155046 | Pan      | Lost mutation: You have large cloven feet. [potion of cure mutation]
155046 | Pan      | Lost mutation: Your flesh is cold resistant. [potion of cure mutation]
155058 | Pan      | Noticed Hegofoela the pandemonium lord
155074 | Pan      | Killed Hegofoela the pandemonium lord
155104 | Pan      | Found an exit through the horrors of the Abyss.
155725 | Pan      | Noticed Huoskeac the pandemonium lord
155738 | Pan      | Killed Huoskeac the pandemonium lord
156218 | Pan      | Found an exit through the horrors of the Abyss.
156329 | Pan      | Noticed Doeq the pandemonium lord
156344 | Pan      | Killed Doeq the pandemonium lord
156627 | Pan      | Found an exit through the horrors of the Abyss.
157004 | Pan      | Noticed Himuosm the pandemonium lord
157012 | Pan      | Killed Himuosm the pandemonium lord
157123 | Pan      | Found an exit through the horrors of the Abyss.
157350 | Pan      | Got a bloodstained long sword
157351 | Pan      | Identified the +3 long sword of Imbalance {elec, Int+5} (You acquired it in Pandemonium)
157777 | Pan      | Noticed Zaocugeq the pandemonium lord
157791 | Pan      | Killed Zaocugeq the pandemonium lord
157846 | Pan      | Found an exit through the horrors of the Abyss.
158646 | Pan      | Noticed an ancient lich
158646 | Pan      | Noticed an ancient lich
158647 | Pan      | Found a gateway to a ziggurat.
158677 | Pan      | Found an exit through the horrors of the Abyss.
158681 | Pan      | Got a pair of brightly glowing gloves
158682 | Pan      | Identified the +1 pair of gloves "Routz" {Str+2} (You found it in Pandemonium)
158729 | Pan      | Killed an ancient lich
158760 | Pan      | Killed an ancient lich
158817 | Zig:1    | Entered Level 1 of a ziggurat
158851 | Zig:2    | Entered Level 2 of a ziggurat
158906 | Zig:3    | Entered Level 3 of a ziggurat
158950 | Zig:3    | Got a heavily runed copper ring
158967 | Zig:3    | Identified the ring of Couckaif {+Blink rF+ MP+9 SInv} (You found it on level 3 of a ziggurat)
158987 | Zig:4    | Entered Level 4 of a ziggurat
159012 | Zig:4    | Identified the Tome of Companions
159027 | Zig:5    | Entered Level 5 of a ziggurat
159062 | Zig:6    | Entered Level 6 of a ziggurat
159133 | Zig:6    | Got a scorched war axe
159134 | Zig:6    | Identified the +7 war axe "Zeonef" {flame, *Rage rPois MP+9} (You found it on level 6 of a ziggurat)
159158 | Zig:6    | Got a translucent hand crossbow
159159 | Zig:6    | Identified the +5 hand crossbow "Guylez" {penet, +Inv rPois rF+ Str-3} (You found it on level 6 of a ziggurat)
159169 | Zig:7    | Entered Level 7 of a ziggurat
159233 | Zig:7    | Identified the Catalogue of Malediction
159253 | Zig:8    | Entered Level 8 of a ziggurat
159253 | Zig:8    | Noticed Lushrot Xona the pandemonium lord
159256 | Zig:8    | Noticed Noschit the pandemonium lord
159257 | Zig:8    | Noticed Foqeom the pandemonium lord
159258 | Zig:8    | Noticed Iphog the pandemonium lord
159258 | Zig:8    | Noticed Hibb the pandemonium lord
159263 | Zig:8    | Noticed Gaifeuc the pandemonium lord
159266 | Zig:8    | Killed Lushrot Xona the pandemonium lord
159269 | Zig:8    | Killed Foqeom the pandemonium lord
159269 | Zig:8    | Killed Iphog the pandemonium lord
159269 | Zig:8    | Killed Hibb the pandemonium lord
159271 | Zig:8    | Killed Gaifeuc the pandemonium lord
159271 | Zig:8    | Killed Noschit the pandemonium lord
159452 | Zig:8    | Gained mutation: Your muscles are strong. (Str +2) [mutagenic meat]
159453 | Zig:8    | Gained mutation: You have supernaturally acute eyesight. [mutagenic meat]
159454 | Zig:8    | Gained mutation: You have large cloven feet. [mutagenic meat]
159455 | Zig:8    | Gained mutation: You are frail (-10% HP). [mutagenic meat]
159456 | Zig:8    | Lost mutation: Your muscles are strong. (Str +2) [mutagenic meat]
159457 | Zig:8    | Lost mutation: You are frail (-10% HP). [mutagenic meat]
159458 | Zig:8    | Gained mutation: Your muscles are strong. (Str +2) [mutagenic meat]
159459 | Zig:8    | Gained mutation: You are robust (+10% HP). [mutagenic meat]
159461 | Zig:8    | Gained mutation: Your mind is acute. (Int +2) [mutagenic meat]
159462 | Zig:8    | Gained mutation: Armour fits poorly on your strangely shaped body. [mutagenic meat]
159463 | Zig:8    | Gained mutation: You can spit weak poison. [mutagenic meat]
159464 | Zig:8    | Gained mutation: Your magical capacity is low (-10% MP). [mutagenic meat]
159466 | Zig:8    | Lost mutation: You have supernaturally acute eyesight. [mutagenic meat]
159467 | Zig:8    | Gained mutation: You are agile. (Dex +2) [mutagenic meat]
159468 | Zig:8    | Gained mutation: You expend magic power (3 MP) to strengthen your wands. [mutagenic meat]
159470 | Zig:8    | Lost mutation: You are agile. (Dex +2) [mutagenic meat]
159471 | Zig:8    | Gained mutation: You are resistant to hostile enchantments. [mutagenic meat]
159472 | Zig:8    | Lost mutation: You expend magic power (3 MP) to strengthen your wands. [mutagenic meat]
159473 | Zig:8    | Lost mutation: You are resistant to hostile enchantments. [mutagenic meat]
159474 | Zig:8    | Gained mutation: You have hoof-like feet. [mutagenic meat]
159475 | Zig:8    | Lost mutation: Your muscles are strong. (Str +2) [potion of cure mutation]
159475 | Zig:8    | Lost mutation: You can spit weak poison. [potion of cure mutation]
159475 | Zig:8    | Lost mutation: Your mind is acute. (Int +2) [potion of cure mutation]
159475 | Zig:8    | Lost mutation: Your magical capacity is low (-10% MP). [potion of cure mutation]
159476 | Zig:8    | Lost mutation: You have hoof-like feet. [mutagenic meat]
159478 | Zig:8    | Gained mutation: You have hoof-like feet. [mutagenic meat]
159479 | Zig:8    | Gained mutation: You can spit weak poison. [mutagenic meat]
159480 | Zig:8    | Gained mutation: Your magical capacity is low (-10% MP). [mutagenic meat]
159481 | Zig:8    | Lost mutation: You are robust (+10% HP). [potion of cure mutation]
159481 | Zig:8    | Lost mutation: You can spit weak poison. [potion of cure mutation]
159481 | Zig:8    | Lost mutation: You have hoof-like feet. [potion of cure mutation]
159481 | Zig:8    | Lost mutation: You have large cloven feet. [potion of cure mutation]
159482 | Zig:8    | Lost mutation: Armour fits poorly on your strangely shaped body. [potion of cure mutation]
159482 | Zig:8    | Lost mutation: Your magical capacity is low (-10% MP). [potion of cure mutation]
159483 | Zig:8    | Gained mutation: You are somewhat resistant to further mutation. [mutagenic meat]
159485 | Zig:8    | Gained mutation: You have large cloven feet. [mutagenic meat]
159487 | Zig:8    | Lost mutation: You have large cloven feet. [potion of cure mutation]
159487 | Zig:8    | Lost mutation: You are somewhat resistant to further mutation. [potion of cure mutation]
159488 | Zig:8    | Gained mutation: Your spells are a little easier to cast, but a little less powerful. [mutagenic meat]
159489 | Zig:8    | Gained mutation: Your flesh is heat resistant. [mutagenic meat]
159490 | Zig:8    | Gained mutation: Your body sometimes deteriorates upon taking damage. [mutagenic meat]
159491 | Zig:8    | Lost mutation: Your flesh is heat resistant. [potion of cure mutation]
159491 | Zig:8    | Lost mutation: Your body sometimes deteriorates upon taking damage. [potion of cure mutation]
159491 | Zig:8    | Lost mutation: Your spells are a little easier to cast, but a little less powerful. [potion of cure mutation]
159492 | Zig:8    | Gained mutation: Scrolls take you a little longer to read. [mutagenic meat]
159493 | Zig:8    | Lost mutation: Scrolls take you a little longer to read. [potion of cure mutation]
159494 | Zig:8    | Gained mutation: Your flesh is heat resistant. [mutagenic meat]
159495 | Zig:8    | Gained mutation: Your muscles are strong. (Str +2) [mutagenic meat]
159496 | Zig:8    | Gained mutation: You have sharp fingernails. [mutagenic meat]
159497 | Zig:8    | Gained mutation: You have sharp toenails. [mutagenic meat]
159498 | Zig:8    | Lost mutation: You have sharp toenails. [mutagenic meat]
159499 | Zig:8    | Gained mutation: Armour fits poorly on your strangely shaped body. [mutagenic meat]
159500 | Zig:8    | Gained mutation: You have large cloven feet. [mutagenic meat]
159501 | Zig:8    | Lost mutation: You have large cloven feet. [mutagenic meat]
159502 | Zig:8    | Lost mutation: Your muscles are strong. (Str +2) [potion of cure mutation]
159502 | Zig:8    | Lost mutation: Armour fits poorly on your strangely shaped body. [potion of cure mutation]
159502 | Zig:8    | Lost mutation: Your flesh is heat resistant. [potion of cure mutation]
159502 | Zig:8    | Lost mutation: You have sharp fingernails. [potion of cure mutation]
159503 | Zig:8    | Gained mutation: Your muscles are strong. (Str +2) [mutagenic meat]
159504 | Zig:8    | Gained mutation: You can breathe flames. [mutagenic meat]
159505 | Zig:8    | Gained mutation: You have sharp fingernails. [mutagenic meat]
159506 | Zig:8    | Gained mutation: You have an increased reservoir of magic (+10% MP). [mutagenic meat]
159508 | Zig:8    | Gained mutation: You are frail (-10% HP). [mutagenic meat]
159509 | Zig:8    | Lost mutation: Your muscles are strong. (Str +2) [potion of cure mutation]
159509 | Zig:8    | Lost mutation: You are frail (-10% HP). [potion of cure mutation]
159509 | Zig:8    | Lost mutation: You can breathe flames. [potion of cure mutation]
159536 | Zig:8    | Got a steaming mace
159537 | Zig:8    | Identified the +9 mace of Day {crush, rF+ Dex+3} (You found it on level 8 of a ziggurat)
159546 | Zig:9    | Entered Level 9 of a ziggurat
159754 | Zig:9    | Cast into the Abyss (reaper)
159804 | Zig:9    | Escaped the Abyss
159859 | Zig:9    | Got an iridescent long sword
159868 | Zig:9    | Identified the +9 long sword "Hiutoic" {drain, Int+2} (You found it on level 9 of a ziggurat)
159875 | Zig:10   | Entered Level 10 of a ziggurat
160007 | Zig:11   | Entered Level 11 of a ziggurat
160011 | Zig:11   | Noticed an ancient lich
160012 | Zig:11   | Noticed an ancient lich
160017 | Zig:11   | Killed an ancient lich
160079 | Zig:11   | Killed an ancient lich
160121 | Zig:11   | Identified Rites and Rhymes, Part One
160141 | Zig:11   | Identified the Grimoire of Changing
160154 | Zig:12   | Entered Level 12 of a ziggurat
160373 | Zig:13   | Entered Level 13 of a ziggurat
160384 | Zig:13   | Reached skill level 27 in Long Blades
160500 | Zig:14   | Entered Level 14 of a ziggurat
160881 | Zig:14   | Identified Fooguaph's Papyrus of Icy Arcane Weapons
160910 | Zig:15   | Entered Level 15 of a ziggurat
160924 | Zig:15   | Reached skill level 15 in Bows
160927 | Zig:15   | Reached skill level 1 in Staves
160938 | Zig:15   | Reached skill level 5 in Staves
160955 | Zig:15   | Reached skill level 10 in Staves
161007 | Zig:15   | Identified Kestot's Incunabulum of Blows and Bruises
161023 | Zig:15   | Gained mutation: Your system is resistant to poisons. [potion of beneficial mutation]
161040 | Zig:15   | Got a glittering glass ring
161041 | Zig:15   | Identified the ring of Absolutism {Ice rN+ Int+3 Slay+2} (You found it on level 15 of a ziggurat)
161048 | Zig:16   | Entered Level 16 of a ziggurat
161053 | Zig:16   | Reached skill level 15 in Staves
161079 | Zig:16   | Noticed an ancient lich
161080 | Zig:16   | Killed an ancient lich
161089 | Zig:16   | Cast into the Abyss (reaper)
161179 | Zig:16   | Escaped the Abyss
161297 | Zig:16   | Got a transparent silver ring
161311 | Zig:16   | Identified the ring "Pisism" {+Fly rPois MR+ Int+4} (You found it on level 16 of a ziggurat)
161313 | Zig:16   | Identified a +2 rod of inaccuracy (13/13) (You found it on level 16 of a ziggurat)
161342 | Zig:17   | Entered Level 17 of a ziggurat
161477 | Zig:17   | Got a faintly glowing silver ring
161478 | Zig:17   | Identified the ring "Megoopef" {rF- MR+ Str+2 Dex+4} (You found it on level 17 of a ziggurat)
161515 | Zig:18   | Entered Level 18 of a ziggurat
161535 | Zig:18   | Reached skill level 27 in Staves
161631 | Zig:18   | Identified a +4 rod of ignition (13/13) (You found it on level 17 of a ziggurat)
161636 | Zig:18   | Got an ichor-stained double sword
161637 | Zig:18   | Identified the +7 double sword "Goblinslayer" {pain, rF+ Str+3} (You found it on level 18 of a ziggurat)
161659 | Zig:18   | Got an encrusted flail
161660 | Zig:18   | Identified the +9 flail "Zajik" {crush, rF+ rC+} (You found it on level 18 of a ziggurat)
161680 | Zig:18   | Got a crude cloak
161681 | Zig:18   | Identified the +2 cloak of the Zebra {rC+} (You found it on level 18 of a ziggurat)
161691 | Zig:18   | Identified the Papyrus of Attacks and Orientation
161737 | Zig:19   | Entered Level 19 of a ziggurat
161742 | Zig:19   | Noticed a juggernaut
161744 | Zig:19   | Noticed a juggernaut
161744 | Zig:19   | Noticed a juggernaut
161745 | Zig:19   | Noticed a juggernaut
161745 | Zig:19   | Noticed a juggernaut
161745 | Zig:19   | Noticed a juggernaut
161746 | Zig:19   | Noticed a juggernaut
161746 | Zig:19   | Noticed a juggernaut
161748 | Zig:19   | Noticed a juggernaut
161750 | Zig:19   | Noticed a juggernaut
161751 | Zig:19   | Noticed a juggernaut
161751 | Zig:19   | Noticed a juggernaut
161751 | Zig:19   | Noticed a juggernaut
161754 | Zig:19   | Noticed a juggernaut
161754 | Zig:19   | Killed a juggernaut
161755 | Zig:19   | Noticed a juggernaut
161755 | Zig:19   | Noticed a juggernaut
161755 | Zig:19   | Noticed a juggernaut
161755 | Zig:19   | Killed a juggernaut
161755 | Zig:19   | Killed a juggernaut
161756 | Zig:19   | Noticed a juggernaut
161757 | Zig:19   | Killed a juggernaut
161758 | Zig:19   | Noticed a juggernaut
161760 | Zig:19   | Noticed a juggernaut
161760 | Zig:19   | Noticed a juggernaut
161760 | Zig:19   | Killed a juggernaut
161760 | Zig:19   | Killed a juggernaut
161760 | Zig:19   | Killed a juggernaut
161760 | Zig:19   | Killed a juggernaut
161760 | Zig:19   | Killed a juggernaut
161760 | Zig:19   | Killed a juggernaut
161760 | Zig:19   | Killed a juggernaut
161760 | Zig:19   | Killed a juggernaut
161760 | Zig:19   | Killed a juggernaut
161761 | Zig:19   | Noticed a juggernaut
161761 | Zig:19   | Noticed a juggernaut
161761 | Zig:19   | Noticed a juggernaut
161764 | Zig:19   | Noticed a juggernaut
161766 | Zig:19   | Noticed a juggernaut
161766 | Zig:19   | Killed a juggernaut
161767 | Zig:19   | Noticed a juggernaut
161767 | Zig:19   | Noticed a juggernaut
161769 | Zig:19   | Noticed a juggernaut
161769 | Zig:19   | Noticed a juggernaut
161770 | Zig:19   | Killed a juggernaut
161772 | Zig:19   | Killed a juggernaut
161772 | Zig:19   | Killed a juggernaut
161772 | Zig:19   | Killed a juggernaut
161772 | Zig:19   | Killed a juggernaut
161773 | Zig:19   | Noticed a juggernaut
161773 | Zig:19   | Noticed a juggernaut
161773 | Zig:19   | Noticed a juggernaut
161773 | Zig:19   | Killed a juggernaut
161774 | Zig:19   | Killed a juggernaut
161777 | Zig:19   | Killed a juggernaut
161779 | Zig:19   | Killed a juggernaut
161780 | Zig:19   | Killed a juggernaut
161784 | Zig:19   | Killed a juggernaut
161786 | Zig:19   | Killed a juggernaut
161792 | Zig:19   | Killed a juggernaut
161792 | Zig:19   | Killed a juggernaut
161792 | Zig:19   | Killed a juggernaut
161792 | Zig:19   | Killed a juggernaut
161794 | Zig:19   | Killed a juggernaut
161796 | Zig:19   | Killed a juggernaut
161819 | Zig:19   | Killed a juggernaut
161877 | Zig:19   | Got a warped diamond amulet
161878 | Zig:19   | Identified the amulet "Gamo" {Stasis rF+ SInv} (You found it on level 19 of a ziggurat)
161894 | Zig:19   | Learned a level 1 spell: Freeze
161899 | Zig:19   | Identified Pualihuh's Guide on Clay
161913 | Zig:19   | Identified Lehudib's Incunabulum of Earth
161924 | Zig:19   | Learned a level 9 spell: Shatter
161947 | Zig:19   | Gained mutation: Your natural rate of healing is unusually fast. [potion of beneficial mutation]
161956 | Zig:19   | Got a warped arbalest
161957 | Zig:19   | Identified the +0 arbalest of Perfectionism {penet, rN+} (You found it on level 19 of a ziggurat)
161973 | Zig:20   | Entered Level 20 of a ziggurat
161980 | Zig:20   | Noticed an ancient lich
161980 | Zig:20   | Noticed an ancient lich
161982 | Zig:20   | Noticed an ancient lich
161982 | Zig:20   | Noticed an ancient lich
161982 | Zig:20   | Noticed an ancient lich
161983 | Zig:20   | Noticed an ancient lich
161983 | Zig:20   | Reached skill level 5 in Ice Magic
161983 | Zig:20   | Killed an ancient lich
161983 | Zig:20   | Reached skill level 10 in Ice Magic
161983 | Zig:20   | Killed an ancient lich
161984 | Zig:20   | Noticed an ancient lich
161988 | Zig:20   | Noticed an ancient lich
161988 | Zig:20   | Noticed an ancient lich
161989 | Zig:20   | Noticed an ancient lich
161990 | Zig:20   | Noticed an ancient lich
161990 | Zig:20   | Noticed an ancient lich
161990 | Zig:20   | Noticed an ancient lich
161991 | Zig:20   | Noticed an ancient lich
161991 | Zig:20   | Noticed an ancient lich
161992 | Zig:20   | Noticed an ancient lich
161994 | Zig:20   | Noticed an ancient lich
161995 | Zig:20   | Noticed an ancient lich
161997 | Zig:20   | Killed an ancient lich
161997 | Zig:20   | Killed an ancient lich
161997 | Zig:20   | Reached skill level 15 in Ice Magic
161997 | Zig:20   | Killed an ancient lich
161997 | Zig:20   | Killed an ancient lich
161998 | Zig:20   | Killed an ancient lich
161999 | Zig:20   | Noticed an ancient lich
161999 | Zig:20   | Killed an ancient lich
161999 | Zig:20   | Killed an ancient lich
162000 | Zig:20   | Noticed an ancient lich
162000 | Zig:20   | Killed an ancient lich
162003 | Zig:20   | Noticed an ancient lich
162004 | Zig:20   | Killed an ancient lich
162004 | Zig:20   | Killed an ancient lich
162004 | Zig:20   | Killed an ancient lich
162004 | Zig:20   | Killed an ancient lich
162004 | Zig:20   | Killed an ancient lich
162004 | Zig:20   | Killed an ancient lich
162004 | Zig:20   | Killed an ancient lich
162004 | Zig:20   | Killed an ancient lich
162004 | Zig:20   | Killed an ancient lich
162004 | Zig:20   | Killed an ancient lich
162010 | Zig:20   | Killed an ancient lich
162061 | Zig:20   | Got a shimmering tin ring
162062 | Zig:20   | Identified the ring "Makil" {*Drain rF+++ Str+4 Int-5 Dex+4} (You found it on level 20 of a ziggurat)
162070 | Zig:20   | Got a smoking bone ring
162071 | Zig:20   | Identified the cursed ring of Arrival {rC+ Int-2} (You found it on level 20 of a ziggurat)
162080 | Zig:20   | Identified the Catalogue of Creative Malediction
162103 | Zig:20   | Identified the Volume of Damaging Hexes (You found it on level 20 of a ziggurat)
162109 | Zig:20   | Got a smoking chain mail
162110 | Zig:20   | Identified the +6 chain mail of the Harvest {rF+ Dex+8} (You found it on level 20 of a ziggurat)
162114 | Zig:20   | Identified the Volume of Transformation and Envenoming
162123 | Zig:20   | Gained mutation: Your muscles are strong. (Str +2) [potion of beneficial mutation]
162127 | Zig:20   | Identified the Incunabulum of Toxins
162133 | Zig:20   | Got a sparkling wooden ring
162134 | Zig:20   | Identified the ring of Egioqostra {rC+ Int+4 Stlth-} (You found it on level 20 of a ziggurat)
162148 | Zig:21   | Entered Level 21 of a ziggurat
162198 | Zig:21   | Reached skill level 27 in Ice Magic
162202 | Zig:21   | Noticed Orups the pandemonium lord
162206 | Zig:21   | Killed Orups the pandemonium lord
162310 | Zig:21   | Identified the Grimoire of Assistive Confrontation
162317 | Zig:21   | Identified the Guide on Scorching Attacks
162332 | Zig:21   | Got a pitted bone ring
162333 | Zig:21   | Identified the ring "Fyefuag" {rPois rC+} (You found it on level 21 of a ziggurat)
162357 | Zig:21   | Identified a +5 rod of inaccuracy (13/13) (You found it on level 21 of a ziggurat)
162364 | Zig:21   | Got a fine long sword
162365 | Zig:21   | Identified the cursed +1 long sword "Lifebane" {pain, rPois Str+7} (You found it on level 21 of a ziggurat)
162381 | Zig:21   | Got a transparent copper ring
162382 | Zig:21   | Identified the ring of Kuih {rN++ AC+3 Dex-2 Slay+5 SInv} (You found it on level 21 of a ziggurat)
162399 | Zig:21   | Got a distressingly furry scale mail
162400 | Zig:21   | Identified the +4 scale mail "Jubryhergh" {Str+7 Dex-2 Slay+2} (You found it on level 21 of a ziggurat)
162414 | Zig:22   | Entered Level 22 of a ziggurat
162864 | Zig:22   | Got an ichor-stained falchion
162865 | Zig:22   | Identified the +7 falchion of Ihahes {drain, rPois MP+9 Str+4 Int-3} (You found it on level 22 of a ziggurat)
162869 | Zig:22   | Got a smoking scimitar
162870 | Zig:22   | Identified the cursed +1 scimitar "Cemuesor" {venom, rElec MP-9 Dex+8} (You found it on level 22 of a ziggurat)
162881 | Zig:22   | Got a ring of the Octopus King
162882 | Zig:22   | Identified a ring of the Octopus King {AC+1 EV+1 Str+1 Int+1 Dex+1 SInv} (You found it on level 22 of a ziggurat)
162899 | Zig:22   | Identified a +8 rod of the swarm (9/9) (You found it on level 22 of a ziggurat)
162901 | Zig:22   | Identified The Arcane Secrets of Theurgy
162909 | Zig:22   | Identified the Catalogue of Doomed Enhancements
162933 | Zig:22   | Identified Vehumet's Catalogue of Scorching Combat Magic
162940 | Zig:22   | Learned a level 5 spell: Bolt of Magma
162967 | Zig:23   | Entered Level 23 of a ziggurat
163030 | Zig:23   | Noticed Secoin the pandemonium lord
163038 | Zig:23   | Killed Secoin the pandemonium lord
163254 | Zig:23   | Got a shimmering gold dragon armour
163255 | Zig:23   | Identified the cursed +0 gold dragon armour of the Elephant {rPois rF+ rC+ MR+ Slay-5 SInv} (You found it on level 23 of a ziggurat)
163265 | Zig:23   | Identified the Catalogue of Evil
163275 | Zig:23   | Got a crude bronze ring
163276 | Zig:23   | Identified the ring "Dubif" {rF+ rN+} (You found it on level 23 of a ziggurat)
163281 | Zig:23   | Identified the Tome of the Hurtful Snowflakes
163298 | Zig:23   | Gained mutation: You are somewhat resistant to further mutation. [potion of beneficial mutation]
163303 | Zig:24   | Entered Level 24 of a ziggurat
163333 | Zig:24   | Reached skill level 27 in Fire Magic
163445 | Zig:24   | Identified Olgreb's Disquisition on Toxins
163460 | Zig:24   | Got an ichor-stained bardiche
163461 | Zig:24   | Identified the cursed +0 bardiche of Experimentation {chop, +Fly rElec MR+ Stlth+} (You found it on level 24 of a ziggurat)
163486 | Zig:24   | Got a jewelled mace
163487 | Zig:24   | Identified the cursed +1 mace of the End {crush, rElec rPois rN+} (You found it on level 24 of a ziggurat)
163490 | Zig:24   | Identified a +4 rod of clouds (10/10) (You found it on level 24 of a ziggurat)
163503 | Zig:25   | Entered Level 25 of a ziggurat
163533 | Zig:25   | Paralysed by accursed screaming for 2 turns
163546 | Zig:25   | Paralysed by accursed screaming for 2 turns
163552 | Zig:25   | Paralysed by accursed screaming for 2 turns
163566 | Zig:25   | Paralysed by accursed screaming for 2 turns
163614 | Zig:25   | Paralysed by accursed screaming for 2 turns
163620 | Zig:25   | Paralysed by accursed screaming for 2 turns
163630 | Zig:25   | Paralysed by accursed screaming for 2 turns
163635 | Zig:25   | Paralysed by accursed screaming for 2 turns
163640 | Zig:25   | Paralysed by accursed screaming for 2 turns
163644 | Zig:25   | Noticed an ancient lich
163646 | Zig:25   | Killed an ancient lich
163661 | Zig:25   | Paralysed by accursed screaming for 1 turns
163667 | Zig:25   | Paralysed by accursed screaming for 2 turns
163679 | Zig:25   | Paralysed by accursed screaming for 2 turns
163702 | Zig:25   | Paralysed by accursed screaming for 2 turns
163734 | Zig:25   | Got a spiked large shield
163735 | Zig:25   | Identified the +4 large shield "Cil Zune" {rElec} (You took it off a daeva on level 25 of a ziggurat)
163961 | Zig:25   | Identified a +4 rod of clouds (13/13) (You found it on level 25 of a ziggurat)
164021 | Zig:26   | Entered Level 26 of a ziggurat
164042 | Zig:26   | Paralysed by you for 4 turns
164085 | Zig:26   | Paralysed by accursed screaming for 2 turns
164089 | Zig:26   | Paralysed by accursed screaming for 2 turns
164108 | Zig:26   | Paralysed by accursed screaming for 2 turns
164111 | Zig:26   | Killed an ancient lich
164138 | Zig:26   | Paralysed by accursed screaming for 2 turns
164178 | Zig:26   | Paralysed by accursed screaming for 2 turns
164239 | Zig:26   | Paralysed by accursed screaming for 2 turns
164240 | Zig:26   | Cast into the Abyss (spatial maelstrom)
164240 | Abyss:1  | Found a corrupted altar of Lugonu.
164534 | Zig:26   | Escaped the Abyss
164550 | Zig:26   | Paralysed by accursed screaming for 2 turns
164705 | Zig:26   | Identified the Disquisition on Twisted Calling
164744 | Zig:26   | Got a steaming long sword
164745 | Zig:26   | Identified the +3 long sword "Sapesuod" {venom, rPois MR- MP+9} (You found it on level 26 of a ziggurat)
164753 | Zig:26   | Got a fine hand crossbow
164754 | Zig:26   | Identified the +8 hand crossbow "Lod Vausch" {velocity, Dex+6} (You found it on level 26 of a ziggurat)
164757 | Zig:26   | Got a bloodstained plate armour
164758 | Zig:26   | Identified the +3 plate armour of Qazlal's Reproof {MR- Int+2 Slay+2 Stlth+} (You found it on level 26 of a ziggurat)
164769 | Zig:27   | Entered Level 27 of a ziggurat
164778 | Zig:27   | Noticed an ancient lich
164806 | Zig:27   | Killed an ancient lich
165146 | Zig:27   | Slain by a reaper

Action                   |  1- 3 |  4- 6 |  7- 9 | 10-12 | 13-15 | 16-18 | 19-21 | 22-24 | 25-27 || total
-------------------------+-------+-------+-------+-------+-------+-------+-------+-------+-------++-------
Melee: War axe           |    35 |    18 |       |       |       |       |       |       |       ||    53
       Mace              |       |    57 |    73 |       |       |       |       |       |       ||   130
       Trident           |       |       |   157 |       |       |       |       |       |       ||   157
       Whip              |       |       |    33 |   125 |    14 |       |       |       |       ||   172
       Battleaxe         |       |       |       |   281 |   865 |   747 |  1066 |  1591 | 20457 || 25007
       Scimitar          |       |       |       |       |    89 |   337 |       |       |    35 ||   461
       Great sword       |       |       |       |       |       |       |       |       |   539 ||   539
       Executioner's axe |       |       |       |       |       |       |       |       |   191 ||   191
       Staff             |       |       |       |       |       |       |       |       |    69 ||    69
       Unarmed           |       |       |       |       |       |       |       |       |     2 ||     2
 Cast: Necromutation     |       |       |       |       |       |       |       |       |   497 ||   497
       Song of Slaying   |       |       |       |       |       |       |       |       |   108 ||   108
       Aura of Abjuratio |       |       |       |       |       |       |       |       |    26 ||    26
       Regeneration      |       |       |       |       |       |       |       |       |    25 ||    25
       Blink             |       |       |       |       |       |       |       |       |    11 ||    11
       Summon Guardian G |       |       |       |       |       |       |       |       |     4 ||     4
       Swiftness         |       |       |       |       |       |       |       |       |     2 ||     2
Invok: Disaster Area     |       |       |       |       |       |     1 |     1 |     4 |   273 ||   279
       Upheaval          |       |       |       |       |       |       |       |       |    76 ||    76
       Elemental Force   |       |       |       |       |       |       |       |       |     2 ||     2
 Abil: Blink             |       |       |       |       |       |       |       |     1 |     1 ||     2
       Evoke Blink       |       |       |       |       |       |       |       |       |     8 ||     8
       End Transformatio |       |       |       |       |       |       |       |       |     7 ||     7
       Evoke Flight      |       |       |       |       |       |       |       |       |     5 ||     5
       Evoke Invisibilit |       |       |       |       |       |       |       |       |     1 ||     1
Evoke: Wand              |       |       |       |     2 |     2 |     2 |     1 |     1 |   186 ||   194
       Box of beasts     |       |       |       |       |     1 |       |       |       |       ||     1
       Rod               |       |       |       |       |       |       |       |       |    27 ||    27
       Stone of tremors  |       |       |       |       |       |       |       |       |     5 ||     5
  Use: Scroll            |       |     1 |     1 |    15 |    25 |    14 |     4 |     5 |   356 ||   421
       Potion            |       |       |     1 |       |     1 |     1 |     6 |     4 |   204 ||   217
 Stab: Distracted        |       |       |       |       |     1 |       |       |       |    10 ||    11
       Petrifying        |       |       |       |       |       |       |       |       |    35 ||    35
       Invisible         |       |       |       |       |       |       |       |       |    25 ||    25
       Confused          |       |       |       |       |       |       |       |       |    20 ||    20
       Petrified         |       |       |       |       |       |       |       |       |    19 ||    19
       Paralysed         |       |       |       |       |       |       |       |       |     6 ||     6
       Fleeing           |       |       |       |       |       |       |       |       |     1 ||     1
       Held in net/web   |       |       |       |       |       |       |       |       |     1 ||     1
  Eat: Chunk             |       |     6 |    10 |    18 |    27 |     9 |    14 |    13 |   251 ||   348
       Bread ration      |       |       |       |       |     3 |       |       |     2 |    23 ||    28
       Fruit             |       |       |       |       |     5 |     5 |     1 |     2 |    86 ||    99
       Pizza             |       |       |       |       |     1 |     3 |       |       |    29 ||    33
       Beef jerky        |       |       |       |       |       |     2 |     2 |     2 |    20 ||    26
       Meat ration       |       |       |       |       |       |     2 |       |       |    13 ||    15
       Royal jelly       |       |       |       |       |       |     1 |     1 |     1 |     7 ||    10
